Workbook

Sheet Смета 12 гр. по ФЕР
A1: =Source!B1 -> Smeta.RU (495) 974-1589
I2: Приложение 1 к форме 7
B4: =CONCATENATE( "ЛОКАЛЬНАЯ СМЕТА ",IF(Source!F20<>"Новая локальная смета", Source!F20, "")) -> ЛОКАЛЬНАЯ СМЕТА
B6: =IF(Source!G12<>"Новый объект", Source!G12, "") -> На капитальный ремонт помещений № 1а, №17 - № 19, № 22 -№ 26 первого этажа и помещений № 22 - № 25 второго этажа для центра компетенций WorldSkills в здании НИЯУ МИФИ по адресу: г. Москва, Каширское шоссе, д. 64 | AD6: =IF(Source!G12<>"Новый объект", Source!G12, "") -> На капитальный ремонт помещений № 1а, №17 - № 19, № 22 -№ 26 первого этажа и помещений № 22 - № 25 второго этажа для центра компетенций WorldSkills в здании НИЯУ МИФИ по адресу: г. Москва, Каширское шоссе, д. 64
B7: (наименование работ и затрат, наименование объекта)
G9: базовая цена | I9: текущая цена
C10: Сметная стоимость | G10: =SUM(O20:O1159)/1000 -> 627.25126 | I10: =(Source!P811/1000) -> 4905.4513 | K10: тыс. руб.
C11: Строительные работы | G11: =SUM(W20:W1159)/1000 -> 470.73094 | I11: =(Source!P798)/1000 -> 3075.4839 | K11: тыс. руб.
C12: Монтажные работы | G12: =SUM(X20:X1159)/1000 -> 151.68259 | I12: =(Source!P799)/1000 -> 990.48728 | K12: тыс. руб.
C13: Прочие работы | G13: =SUM(Z20:Z1159)/1000 -> 4.83773 | I13: =(Source!P800+Source!P801)/1000 -> 91.19098 | K13: тыс. руб.
C14: Нормативная трудоемкость | G14: =I14 -> 7308.1581 | I14: =(Source!P803+Source!P804) -> 7308.1581 | K14: чел. -ч.
C15: Средства на оплату труда | G15: =SUM(R20:R1159)/1000 -> 65.6053 | I15: =((Source!P796 + Source!P795)/1000) -> 457.47631 | K15: тыс. руб.
A17: Составлена в ценах IV квартал 2017 года
A18: № п/п | B18: Шифр расценки и коды ресурсов | C18: Наименование работ и затрат | D18: Ед. изм. | E18: Кол-во единиц | F18: Цена на ед. изм. | G18: Попра-вочные коэфф. | H18: Стоимость в ценах 2001г. | I18: Пункт коэфф. пересчета | J18: Коэфф. пересчета | K18: Стоимость в текущих ценах | L18: ЗТР всего чел.-час
A19: 1 | B19: 2 | C19: 3 | D19: 4 | E19: 5 | F19: 6 | G19: 7 | H19: 8 | I19: 9 | J19: 10 | K19: 11 | L19: 12
A21: =CONCATENATE("Раздел: ",IF(Source!G24<>"Новый раздел", Source!G24, "")) -> Раздел: Первый этаж
A23: =CONCATENATE("Подраздел: ",IF(Source!G28<>"Новый подраздел", Source!G28, "")) -> Подраздел: Общестроительные работы
A24: =Source!E33 -> 1 | B24: =Source!F33 -> 46-04-012-01 | C24: =Source!G33 -> Разборка деревянных заполнений проемов оконных с подоконными досками | D24: =Source!H33 -> 100 м2 | E24: =Source!I33 -> 1.08042 | F24: =Source!AL33+Source!AM33+Source!AO33 -> 1767.24 | I24: =Source!BO33 | S24: =ROUND((Source!FX33/100)*((ROUND(Source!AF33*Source!I33, 2)+ROUND(Source!AE33*Source!I33, 2))), 2) -> 1743.23 | T24: =Source!X33 -> 11383.35 | U24: =ROUND((Source!FY33/100)*((ROUND(Source!AF33*Source!I33, 2)+ROUND(Source!AE33*Source!I33, 2))), 2) -> 1047.7 | V24: =Source!Y33 -> 6899
C25: ="Объем: "&Source!I33&"=(9,592+"&"47,96+"&"47,96+"&"2,53)/"&"100" -> Объем: 1,08042=(9,592+47,96+47,96+2,53)/100
C26: Зарплата | F26: =Source!AO33 -> 1525.29 | G26: =Source!DG33 | H26: =ROUND(Source!AF33*Source!I33, 2) -> 1647.95 | J26: =IF(Source!BA33<> 0, Source!BA33, 1) -> 6.53 | K26: =Source!S33 -> 10761.14 | R26: =H26 -> 1647.95
C27: Эксплуатация машин | F27: =Source!AM33 -> 241.95 | G27: =Source!DE33 | H27: =ROUND(Source!AD33*Source!I33, 2) -> 261.41 | J27: =IF(Source!BB33<> 0, Source!BB33, 1) -> 6.53 | K27: =Source!Q33 -> 1706.99
C28: в т.ч. зарплата машинистов | F28: =Source!AN33 -> 104.49 | G28: =Source!DF33 | H28: =ROUND(Source!AE33*Source!I33, 2) -> 112.89 | J28: =IF(Source!BS33<> 0, Source!BS33, 1) -> 6.53 | K28: =Source!R33 -> 737.19 | R28: =H28 -> 112.89
C29: НР от ФОТ | D29: % | E29: =Source!BZ33 -> 110 | F29: =CONCATENATE(" )", Source!DL33, Source!FT33, "=", Source!FX33) -> )*0,9=99 | H29: =SUM(S24:S31) -> 1743.23 | J29: =Source!AT33 -> 99 | K29: =SUM(T24:T31) -> 11383.35
C30: СП от ФОТ | D30: % | E30: =Source!CA33 -> 70 | F30: =CONCATENATE(" )", Source!DM33, Source!FU33, "=", Source!FY33) -> )*0,85=59,5 | H30: =SUM(U24:U31) -> 1047.7 | J30: =Source!AU33 -> 60 | K30: =SUM(V24:V31) -> 6899
C31: Затраты труда | D31: чел-ч | E31: =Source!AQ33 -> 188.54 | G31: =Source!DI33 | L31: =Source!U33 -> 203.70239
G32: =H26+H27+H29+H30 -> 4700.29 | J32: =K26+K27+K29+K30 -> 30750.48 | L32: =Source!U33 -> 203.70239 | O32: =G32 -> 4700.29 | P32: =J32 -> 30750.48 | Q32: =L32 -> 203.70239 | W32: =IF(Source!BI33<=1,H26+H27+H29+H30, 0) -> 4700.29 | X32: =IF(Source!BI33=2,H26+H27+H29+H30, 0) -> 0 | Y32: =IF(Source!BI33=3,H26+H27+H29+H30, 0) -> 0 | Z32: =IF(Source!BI33=4,H26+H27+H29+H30, 0) -> 0
A33: =Source!E35 -> 2 | B33: =Source!F35 -> 56-2-2 | C33: =Source!G35 -> Снятие оконных переплетов остекленных | D33: =Source!H35 -> 100 м2 | E33: =Source!I35 -> 0.0225 | F33: =Source!AL35+Source!AM35+Source!AO35 -> 398.87 | I33: =Source!BO35 | S33: =ROUND((Source!FX35/100)*((ROUND(Source!AF35*Source!I35, 2)+ROUND(Source!AE35*Source!I35, 2))), 2) -> 7.05 | T33: =Source!X35 -> 46.07 | U33: =ROUND((Source!FY35/100)*((ROUND(Source!AF35*Source!I35, 2)+ROUND(Source!AE35*Source!I35, 2))), 2) -> 5.33 | V33: =Source!Y35 -> 34.83
C34: ="Объем: "&Source!I35&"=2,25/"&"100" -> Объем: 0,0225=2,25/100
C35: Зарплата | F35: =Source!AO35 -> 369.8 | G35: =Source!DG35 | H35: =ROUND(Source!AF35*Source!I35, 2) -> 8.32 | J35: =IF(Source!BA35<> 0, Source!BA35, 1) -> 6.53 | K35: =Source!S35 -> 54.33 | R35: =H35 -> 8.32
C36: Эксплуатация машин | F36: =Source!AM35 -> 29.07 | G36: =Source!DE35 | H36: =ROUND(Source!AD35*Source!I35, 2) -> 0.65 | J36: =IF(Source!BB35<> 0, Source!BB35, 1) -> 6.53 | K36: =Source!Q35 -> 4.27
C37: в т.ч. зарплата машинистов | F37: =Source!AN35 -> 12.56 | G37: =Source!DF35 | H37: =ROUND(Source!AE35*Source!I35, 2) -> 0.28 | J37: =IF(Source!BS35<> 0, Source!BS35, 1) -> 6.53 | K37: =Source!R35 -> 1.85 | R37: =H37 -> 0.28
C38: НР от ФОТ | D38: % | E38: =Source!BZ35 -> 82 | H38: =SUM(S33:S41) -> 7.05 | J38: =Source!AT35 -> 82 | K38: =SUM(T33:T41) -> 46.07
C39: СП от ФОТ | D39: % | E39: =Source!CA35 -> 62 | H39: =SUM(U33:U41) -> 5.33 | J39: =Source!AU35 -> 62 | K39: =SUM(V33:V41) -> 34.83
C40: Затраты труда | D40: чел-ч | E40: =Source!AQ35 -> 46.11 | G40: =Source!DI35 | L40: =Source!U35 -> 1.037475
A41: =Source!E37 -> 2,1 | B41: =Source!F37 -> 01.7.07.07 | C41: =Source!G37 -> Строительный мусор | D41: =Source!H37 -> т | E41: =Source!I37 -> 0.07695 | F41: =Source!AL37+Source!AM37+Source!AO37 -> 0 | H41: =ROUND(Source!AC37*Source!I37, 2)+ROUND(Source!AD37*Source!I37, 2)+ROUND(Source!AF37*Source!I37, 2) -> 0 | J41: =IF(Source!BC37<> 0, Source!BC37, 1) -> 6.53 | K41: =Source!O37 -> 0 | S41: =ROUND((Source!FX37/100)*((ROUND(Source!AF37*Source!I37, 2)+ROUND(Source!AE37*Source!I37, 2))), 2) -> 0 | T41: =Source!X37 -> 0 | U41: =ROUND((Source!FY37/100)*((ROUND(Source!AF37*Source!I37, 2)+ROUND(Source!AE37*Source!I37, 2))), 2) -> 0 | V41: =Source!Y37 -> 0 | W41: =IF(Source!BI37<=1,H41, 0) -> 0 | X41: =IF(Source!BI37=2,H41, 0) -> 0 | Y41: =IF(Source!BI37=3,H41, 0) -> 0 | Z41: =IF(Source!BI37=4,H41, 0) -> 0
G42: =H35+H36+H38+H39+SUM(H41:H41) -> 21.35 | J42: =K35+K36+K38+K39+SUM(K41:K41) -> 139.5 | L42: =Source!U35 -> 1.037475 | O42: =G42 -> 21.35 | P42: =J42 -> 139.5 | Q42: =L42 -> 1.037475 | W42: =IF(Source!BI35<=1,H35+H36+H38+H39, 0) -> 21.35 | X42: =IF(Source!BI35=2,H35+H36+H38+H39, 0) -> 0 | Y42: =IF(Source!BI35=3,H35+H36+H38+H39, 0) -> 0 | Z42: =IF(Source!BI35=4,H35+H36+H38+H39, 0) -> 0
A43: =Source!E39 -> 3 | B43: =Source!F39 -> 58-3-1 | C43: =Source!G39 -> Разборка мелких покрытий и обделок из листовой стали поясков, сандриков, желобов, отливов, свесов и т.п. | D43: =Source!H39 -> 100 м | E43: =Source!I39 -> 0.495 | F43: =Source!AL39+Source!AM39+Source!AO39 -> 71.18 | I43: =Source!BO39 | S43: =ROUND((Source!FX39/100)*((ROUND(Source!AF39*Source!I39, 2)+ROUND(Source!AE39*Source!I39, 2))), 2) -> 29.17 | T43: =Source!X39 -> 190.43 | U43: =ROUND((Source!FY39/100)*((ROUND(Source!AF39*Source!I39, 2)+ROUND(Source!AE39*Source!I39, 2))), 2) -> 22.84 | V43: =Source!Y39 -> 149.13
C44: ="Объем: "&Source!I39&"=(4,4+"&"22+"&"22+"&"1,1)/"&"100" -> Объем: 0,495=(4,4+22+22+1,1)/100
C45: Зарплата | F45: =Source!AO39 -> 70.98 | G45: =Source!DG39 | H45: =ROUND(Source!AF39*Source!I39, 2) -> 35.14 | J45: =IF(Source!BA39<> 0, Source!BA39, 1) -> 6.53 | K45: =Source!S39 -> 229.43 | R45: =H45 -> 35.14
C46: Эксплуатация машин | F46: =Source!AM39 -> 0.2 | G46: =Source!DE39 | H46: =ROUND(Source!AD39*Source!I39, 2) -> 0.1 | J46: =IF(Source!BB39<> 0, Source!BB39, 1) -> 6.53 | K46: =Source!Q39 -> 0.65
C47: НР от ФОТ | D47: % | E47: =Source!BZ39 -> 83 | H47: =SUM(S43:S50) -> 29.17 | J47: =Source!AT39 -> 83 | K47: =SUM(T43:T50) -> 190.43
C48: СП от ФОТ | D48: % | E48: =Source!CA39 -> 65 | H48: =SUM(U43:U50) -> 22.84 | J48: =Source!AU39 -> 65 | K48: =SUM(V43:V50) -> 149.13
C49: Затраты труда | D49: чел-ч | E49: =Source!AQ39 -> 9.1 | G49: =Source!DI39 | L49: =Source!U39 -> 4.5045
A50: =Source!E41 -> 3,1 | B50: =Source!F41 -> 01.7.07.07 | C50: =Source!G41 -> Строительный мусор | D50: =Source!H41 -> т | E50: =Source!I41 -> 0.0594 | F50: =Source!AL41+Source!AM41+Source!AO41 -> 0 | H50: =ROUND(Source!AC41*Source!I41, 2)+ROUND(Source!AD41*Source!I41, 2)+ROUND(Source!AF41*Source!I41, 2) -> 0 | J50: =IF(Source!BC41<> 0, Source!BC41, 1) -> 6.53 | K50: =Source!O41 -> 0 | S50: =ROUND((Source!FX41/100)*((ROUND(Source!AF41*Source!I41, 2)+ROUND(Source!AE41*Source!I41, 2))), 2) -> 0 | T50: =Source!X41 -> 0 | U50: =ROUND((Source!FY41/100)*((ROUND(Source!AF41*Source!I41, 2)+ROUND(Source!AE41*Source!I41, 2))), 2) -> 0 | V50: =Source!Y41 -> 0 | W50: =IF(Source!BI41<=1,H50, 0) -> 0 | X50: =IF(Source!BI41=2,H50, 0) -> 0 | Y50: =IF(Source!BI41=3,H50, 0) -> 0 | Z50: =IF(Source!BI41=4,H50, 0) -> 0
G51: =H45+H46+H47+H48+SUM(H50:H50) -> 87.25 | J51: =K45+K46+K47+K48+SUM(K50:K50) -> 569.64 | L51: =Source!U39 -> 4.5045 | O51: =G51 -> 87.25 | P51: =J51 -> 569.64 | Q51: =L51 -> 4.5045 | W51: =IF(Source!BI39<=1,H45+H46+H47+H48, 0) -> 87.25 | X51: =IF(Source!BI39=2,H45+H46+H47+H48, 0) -> 0 | Y51: =IF(Source!BI39=3,H45+H46+H47+H48, 0) -> 0 | Z51: =IF(Source!BI39=4,H45+H46+H47+H48, 0) -> 0
A52: =Source!E43 -> 4 | B52: =Source!F43 -> 46-04-012-03 | C52: =Source!G43 -> Разборка деревянных заполнений проемов дверных и воротных | D52: =Source!H43 -> 100 м2 | E52: =Source!I43 -> 0.1652 | F52: =Source!AL43+Source!AM43+Source!AO43 -> 1082.58 | I52: =Source!BO43 | S52: =ROUND((Source!FX43/100)*((ROUND(Source!AF43*Source!I43, 2)+ROUND(Source!AE43*Source!I43, 2))), 2) -> 154.57 | T52: =Source!X43 -> 1009.35 | U52: =ROUND((Source!FY43/100)*((ROUND(Source!AF43*Source!I43, 2)+ROUND(Source!AE43*Source!I43, 2))), 2) -> 92.9 | V52: =Source!Y43 -> 611.73
C53: ="Объем: "&Source!I43&"=(3,08+"&"1,89+"&"3,78+"&"2,1+"&"5,67)/"&"100" -> Объем: 0,1652=(3,08+1,89+3,78+2,1+5,67)/100
C54: Зарплата | F54: =Source!AO43 -> 840.63 | G54: =Source!DG43 | H54: =ROUND(Source!AF43*Source!I43, 2) -> 138.87 | J54: =IF(Source!BA43<> 0, Source!BA43, 1) -> 6.53 | K54: =Source!S43 -> 906.83 | R54: =H54 -> 138.87
C55: Эксплуатация машин | F55: =Source!AM43 -> 241.95 | G55: =Source!DE43 | H55: =ROUND(Source!AD43*Source!I43, 2) -> 39.97 | J55: =IF(Source!BB43<> 0, Source!BB43, 1) -> 6.53 | K55: =Source!Q43 -> 261.01
C56: в т.ч. зарплата машинистов | F56: =Source!AN43 -> 104.49 | G56: =Source!DF43 | H56: =ROUND(Source!AE43*Source!I43, 2) -> 17.26 | J56: =IF(Source!BS43<> 0, Source!BS43, 1) -> 6.53 | K56: =Source!R43 -> 112.72 | R56: =H56 -> 17.26
C57: НР от ФОТ | D57: % | E57: =Source!BZ43 -> 110 | F57: =CONCATENATE(" )", Source!DL43, Source!FT43, "=", Source!FX43) -> )*0,9=99 | H57: =SUM(S52:S59) -> 154.57 | J57: =Source!AT43 -> 99 | K57: =SUM(T52:T59) -> 1009.35
C58: СП от ФОТ | D58: % | E58: =Source!CA43 -> 70 | F58: =CONCATENATE(" )", Source!DM43, Source!FU43, "=", Source!FY43) -> )*0,85=59,5 | H58: =SUM(U52:U59) -> 92.9 | J58: =Source!AU43 -> 60 | K58: =SUM(V52:V59) -> 611.73
C59: Затраты труда | D59: чел-ч | E59: =Source!AQ43 -> 103.91 | G59: =Source!DI43 | L59: =Source!U43 -> 17.165932
G60: =H54+H55+H57+H58 -> 426.31 | J60: =K54+K55+K57+K58 -> 2788.92 | L60: =Source!U43 -> 17.165932 | O60: =G60 -> 426.31 | P60: =J60 -> 2788.92 | Q60: =L60 -> 17.165932 | W60: =IF(Source!BI43<=1,H54+H55+H57+H58, 0) -> 426.31 | X60: =IF(Source!BI43=2,H54+H55+H57+H58, 0) -> 0 | Y60: =IF(Source!BI43=3,H54+H55+H57+H58, 0) -> 0 | Z60: =IF(Source!BI43=4,H54+H55+H57+H58, 0) -> 0
A61: =Source!E45 -> 5 | B61: =Source!F45 -> 09-04-012-01 | C61: =Source!G45 -> Демонтаж металлических дверных блоков в готовые проемы | D61: =Source!H45 -> м2 | E61: =Source!I45 -> 22.5 | F61: =Source!AL45+Source!AM45+Source!AO45 -> 63.94 | I61: =Source!BO45 | S61: =ROUND((Source!FX45/100)*((ROUND(Source!AF45*Source!I45, 2)+ROUND(Source!AE45*Source!I45, 2))), 2) -> 328.97 | T61: =Source!X45 -> 2148.12 | U61: =ROUND((Source!FY45/100)*((ROUND(Source!AF45*Source!I45, 2)+ROUND(Source!AE45*Source!I45, 2))), 2) -> 293.43 | V61: =Source!Y45 -> 1909.44
C62: ="Объем: "&Source!I45&"=(4,56*"&"3)+"&"6,72+"&"2,1" -> Объем: 22,5=(4,56*3)+6,72+2,1
C63: Зарплата | F63: =Source!AO45 -> 23.81 | G63: =Source!DG45 -> )*0,7 | H63: =ROUND(Source!AF45*Source!I45, 2) -> 375.08 | J63: =IF(Source!BA45<> 0, Source!BA45, 1) -> 6.53 | K63: =Source!S45 -> 2449.24 | R63: =H63 -> 375.08
C64: Эксплуатация машин | F64: =Source!AM45 -> 14.41 | G64: =Source!DE45 -> )*0,7 | H64: =ROUND(Source!AD45*Source!I45, 2) -> 227.03 | J64: =IF(Source!BB45<> 0, Source!BB45, 1) -> 6.53 | K64: =Source!Q45 -> 1482.47
C65: в т.ч. зарплата машинистов | F65: =Source!AN45 -> 1.97 | G65: =Source!DF45 -> )*0,7 | H65: =ROUND(Source!AE45*Source!I45, 2) -> 31.05 | J65: =IF(Source!BS45<> 0, Source!BS45, 1) -> 6.53 | K65: =Source!R45 -> 202.76 | R65: =H65 -> 31.05
C66: НР от ФОТ | D66: % | E66: =Source!BZ45 -> 90 | F66: =CONCATENATE(" )", Source!DL45, Source!FT45, "=", Source!FX45) -> )*0,9=81 | H66: =SUM(S61:S68) -> 328.97 | J66: =Source!AT45 -> 81 | K66: =SUM(T61:T68) -> 2148.12
C67: СП от ФОТ | D67: % | E67: =Source!CA45 -> 85 | F67: =CONCATENATE(" )", Source!DM45, Source!FU45, "=", Source!FY45) -> )*0,85=72,25 | H67: =SUM(U61:U68) -> 293.43 | J67: =Source!AU45 -> 72 | K67: =SUM(V61:V68) -> 1909.44
C68: Затраты труда | D68: чел-ч | E68: =Source!AQ45 -> 2.4 | G68: =Source!DI45 -> )*0,7 | L68: =Source!U45 -> 37.8
G69: =H63+H64+H66+H67 -> 1224.51 | J69: =K63+K64+K66+K67 -> 7989.27 | L69: =Source!U45 -> 37.8 | O69: =G69 -> 1224.51 | P69: =J69 -> 7989.27 | Q69: =L69 -> 37.8 | W69: =IF(Source!BI45<=1,H63+H64+H66+H67, 0) -> 1224.51 | X69: =IF(Source!BI45=2,H63+H64+H66+H67, 0) -> 0 | Y69: =IF(Source!BI45=3,H63+H64+H66+H67, 0) -> 0 | Z69: =IF(Source!BI45=4,H63+H64+H66+H67, 0) -> 0
A70: =Source!E47 -> 6 | B70: =Source!F47 -> 63-7-5 | C70: =Source!G47 -> Разборка облицовки стен из керамических глазурованных плиток | D70: =Source!H47 -> 100 м2 | E70: =Source!I47 -> 0.108 | F70: =Source!AL47+Source!AM47+Source!AO47 -> 654 | I70: =Source!BO47 | S70: =ROUND((Source!FX47/100)*((ROUND(Source!AF47*Source!I47, 2)+ROUND(Source!AE47*Source!I47, 2))), 2) -> 49.02 | T70: =Source!X47 -> 320.1 | U70: =ROUND((Source!FY47/100)*((ROUND(Source!AF47*Source!I47, 2)+ROUND(Source!AE47*Source!I47, 2))), 2) -> 31.83 | V70: =Source!Y47 -> 207.86
C71: ="Объем: "&Source!I47&"=10,8/"&"100" -> Объем: 0,108=10,8/100
C72: Зарплата | F72: =Source!AO47 -> 584.74 | G72: =Source!DG47 | H72: =ROUND(Source!AF47*Source!I47, 2) -> 63.15 | J72: =IF(Source!BA47<> 0, Source!BA47, 1) -> 6.53 | K72: =Source!S47 -> 412.38 | R72: =H72 -> 63.15
C73: Эксплуатация машин | F73: =Source!AM47 -> 69.26 | G73: =Source!DE47 | H73: =ROUND(Source!AD47*Source!I47, 2) -> 7.48 | J73: =IF(Source!BB47<> 0, Source!BB47, 1) -> 6.53 | K73: =Source!Q47 -> 48.84
C74: в т.ч. зарплата машинистов | F74: =Source!AN47 -> 4.73 | G74: =Source!DF47 | H74: =ROUND(Source!AE47*Source!I47, 2) -> 0.51 | J74: =IF(Source!BS47<> 0, Source!BS47, 1) -> 6.53 | K74: =Source!R47 -> 3.34 | R74: =H74 -> 0.51
C75: НР от ФОТ | D75: % | E75: =Source!BZ47 -> 77 | H75: =SUM(S70:S77) -> 49.02 | J75: =Source!AT47 -> 77 | K75: =SUM(T70:T77) -> 320.1
C76: СП от ФОТ | D76: % | E76: =Source!CA47 -> 50 | H76: =SUM(U70:U77) -> 31.83 | J76: =Source!AU47 -> 50 | K76: =SUM(V70:V77) -> 207.86
C77: Затраты труда | D77: чел-ч | E77: =Source!AQ47 -> 74.3 | G77: =Source!DI47 | L77: =Source!U47 -> 8.0244
G78: =H72+H73+H75+H76 -> 151.48 | J78: =K72+K73+K75+K76 -> 989.18 | L78: =Source!U47 -> 8.0244 | O78: =G78 -> 151.48 | P78: =J78 -> 989.18 | Q78: =L78 -> 8.0244 | W78: =IF(Source!BI47<=1,H72+H73+H75+H76, 0) -> 151.48 | X78: =IF(Source!BI47=2,H72+H73+H75+H76, 0) -> 0 | Y78: =IF(Source!BI47=3,H72+H73+H75+H76, 0) -> 0 | Z78: =IF(Source!BI47=4,H72+H73+H75+H76, 0) -> 0
A79: =Source!E49 -> 7 | B79: =Source!F49 -> 65-30-7 | C79: =Source!G49 -> Разборка воздуховодов из листовой стали толщиной 1-2 мм диаметром/периметром до 320 мм /1000 мм | D79: =Source!H49 -> 100 м2 | E79: =Source!I49 -> 0.0848 | F79: =Source!AL49+Source!AM49+Source!AO49 -> 433.74 | I79: =Source!BO49 | S79: =ROUND((Source!FX49/100)*((ROUND(Source!AF49*Source!I49, 2)+ROUND(Source!AE49*Source!I49, 2))), 2) -> 26.38 | T79: =Source!X49 -> 172.28 | U79: =ROUND((Source!FY49/100)*((ROUND(Source!AF49*Source!I49, 2)+ROUND(Source!AE49*Source!I49, 2))), 2) -> 17.83 | V79: =Source!Y49 -> 116.41
C80: ="Объем: "&Source!I49&"=8,48/"&"100" -> Объем: 0,0848=8,48/100
C81: Зарплата | F81: =Source!AO49 -> 410.29 | G81: =Source!DG49 | H81: =ROUND(Source!AF49*Source!I49, 2) -> 34.79 | J81: =IF(Source!BA49<> 0, Source!BA49, 1) -> 6.53 | K81: =Source!S49 -> 227.2 | R81: =H81 -> 34.79
C82: Эксплуатация машин | F82: =Source!AM49 -> 23.45 | G82: =Source!DE49 | H82: =ROUND(Source!AD49*Source!I49, 2) -> 1.99 | J82: =IF(Source!BB49<> 0, Source!BB49, 1) -> 6.53 | K82: =Source!Q49 -> 12.99
C83: в т.ч. зарплата машинистов | F83: =Source!AN49 -> 10.13 | G83: =Source!DF49 | H83: =ROUND(Source!AE49*Source!I49, 2) -> 0.86 | J83: =IF(Source!BS49<> 0, Source!BS49, 1) -> 6.53 | K83: =Source!R49 -> 5.61 | R83: =H83 -> 0.86
C84: НР от ФОТ | D84: % | E84: =Source!BZ49 -> 74 | H84: =SUM(S79:S86) -> 26.38 | J84: =Source!AT49 -> 74 | K84: =SUM(T79:T86) -> 172.28
C85: СП от ФОТ | D85: % | E85: =Source!CA49 -> 50 | H85: =SUM(U79:U86) -> 17.83 | J85: =Source!AU49 -> 50 | K85: =SUM(V79:V86) -> 116.41
C86: Затраты труда | D86: чел-ч | E86: =Source!AQ49 -> 48.1 | G86: =Source!DI49 | L86: =Source!U49 -> 4.07888
G87: =H81+H82+H84+H85 -> 80.99 | J87: =K81+K82+K84+K85 -> 528.88 | L87: =Source!U49 -> 4.07888 | O87: =G87 -> 80.99 | P87: =J87 -> 528.88 | Q87: =L87 -> 4.07888 | W87: =IF(Source!BI49<=1,H81+H82+H84+H85, 0) -> 80.99 | X87: =IF(Source!BI49=2,H81+H82+H84+H85, 0) -> 0 | Y87: =IF(Source!BI49=3,H81+H82+H84+H85, 0) -> 0 | Z87: =IF(Source!BI49=4,H81+H82+H84+H85, 0) -> 0
A88: =Source!E51 -> 8 | B88: =Source!F51 -> 57-3-1 | C88: =Source!G51 -> Разборка плинтусов деревянных и из пластмассовых материалов | D88: =Source!H51 -> 100 м | E88: =Source!I51 -> 0.225 | F88: =Source!AL51+Source!AM51+Source!AO51 -> 29.41 | I88: =Source!BO51 | S88: =ROUND((Source!FX51/100)*((ROUND(Source!AF51*Source!I51, 2)+ROUND(Source!AE51*Source!I51, 2))), 2) -> 5.3 | T88: =Source!X51 -> 34.57 | U88: =ROUND((Source!FY51/100)*((ROUND(Source!AF51*Source!I51, 2)+ROUND(Source!AE51*Source!I51, 2))), 2) -> 4.5 | V88: =Source!Y51 -> 29.38
C89: ="Объем: "&Source!I51&"=22,5/"&"100" -> Объем: 0,225=22,5/100
C90: Зарплата | F90: =Source!AO51 -> 29.41 | G90: =Source!DG51 | H90: =ROUND(Source!AF51*Source!I51, 2) -> 6.62 | J90: =IF(Source!BA51<> 0, Source!BA51, 1) -> 6.53 | K90: =Source!S51 -> 43.21 | R90: =H90 -> 6.62
C91: НР от ФОТ | D91: % | E91: =Source!BZ51 -> 80 | H91: =SUM(S88:S94) -> 5.3 | J91: =Source!AT51 -> 80 | K91: =SUM(T88:T94) -> 34.57
C92: СП от ФОТ | D92: % | E92: =Source!CA51 -> 68 | H92: =SUM(U88:U94) -> 4.5 | J92: =Source!AU51 -> 68 | K92: =SUM(V88:V94) -> 29.38
C93: Затраты труда | D93: чел-ч | E93: =Source!AQ51 -> 3.77 | G93: =Source!DI51 | L93: =Source!U51 -> 0.84825
A94: =Source!E53 -> 8,1 | B94: =Source!F53 -> 01.7.07.07 | C94: =Source!G53 -> Строительный мусор | D94: =Source!H53 -> т | E94: =Source!I53 -> 0.02475 | F94: =Source!AL53+Source!AM53+Source!AO53 -> 0 | H94: =ROUND(Source!AC53*Source!I53, 2)+ROUND(Source!AD53*Source!I53, 2)+ROUND(Source!AF53*Source!I53, 2) -> 0 | J94: =IF(Source!BC53<> 0, Source!BC53, 1) -> 6.53 | K94: =Source!O53 -> 0 | S94: =ROUND((Source!FX53/100)*((ROUND(Source!AF53*Source!I53, 2)+ROUND(Source!AE53*Source!I53, 2))), 2) -> 0 | T94: =Source!X53 -> 0 | U94: =ROUND((Source!FY53/100)*((ROUND(Source!AF53*Source!I53, 2)+ROUND(Source!AE53*Source!I53, 2))), 2) -> 0 | V94: =Source!Y53 -> 0 | W94: =IF(Source!BI53<=1,H94, 0) -> 0 | X94: =IF(Source!BI53=2,H94, 0) -> 0 | Y94: =IF(Source!BI53=3,H94, 0) -> 0 | Z94: =IF(Source!BI53=4,H94, 0) -> 0
G95: =H90+H91+H92+SUM(H94:H94) -> 16.42 | J95: =K90+K91+K92+SUM(K94:K94) -> 107.16 | L95: =Source!U51 -> 0.84825 | O95: =G95 -> 16.42 | P95: =J95 -> 107.16 | Q95: =L95 -> 0.84825 | W95: =IF(Source!BI51<=1,H90+H91+H92, 0) -> 16.42 | X95: =IF(Source!BI51=2,H90+H91+H92, 0) -> 0 | Y95: =IF(Source!BI51=3,H90+H91+H92, 0) -> 0 | Z95: =IF(Source!BI51=4,H90+H91+H92, 0) -> 0
A96: =Source!E55 -> 9 | B96: =Source!F55 -> 57-2-1 | C96: =Source!G55 -> Разборка покрытий полов из линолеума и релина | D96: =Source!H55 -> 100 м2 | E96: =Source!I55 -> 0.557 | F96: =Source!AL55+Source!AM55+Source!AO55 -> 92.9 | I96: =Source!BO55 | S96: =ROUND((Source!FX55/100)*((ROUND(Source!AF55*Source!I55, 2)+ROUND(Source!AE55*Source!I55, 2))), 2) -> 40.37 | T96: =Source!X55 -> 263.62 | U96: =ROUND((Source!FY55/100)*((ROUND(Source!AF55*Source!I55, 2)+ROUND(Source!AE55*Source!I55, 2))), 2) -> 34.31 | V96: =Source!Y55 -> 224.08
C97: ="Объем: "&Source!I55&"=55,7/"&"100" -> Объем: 0,557=55,7/100
C98: Зарплата | F98: =Source!AO55 -> 88.84 | G98: =Source!DG55 | H98: =ROUND(Source!AF55*Source!I55, 2) -> 49.48 | J98: =IF(Source!BA55<> 0, Source!BA55, 1) -> 6.53 | K98: =Source!S55 -> 323.13 | R98: =H98 -> 49.48
C99: Эксплуатация машин | F99: =Source!AM55 -> 4.06 | G99: =Source!DE55 | H99: =ROUND(Source!AD55*Source!I55, 2) -> 2.26 | J99: =IF(Source!BB55<> 0, Source!BB55, 1) -> 6.53 | K99: =Source!Q55 -> 14.77
C100: в т.ч. зарплата машинистов | F100: =Source!AN55 -> 1.76 | G100: =Source!DF55 | H100: =ROUND(Source!AE55*Source!I55, 2) -> 0.98 | J100: =IF(Source!BS55<> 0, Source!BS55, 1) -> 6.53 | K100: =Source!R55 -> 6.4 | R100: =H100 -> 0.98
C101: НР от ФОТ | D101: % | E101: =Source!BZ55 -> 80 | H101: =SUM(S96:S104) -> 40.37 | J101: =Source!AT55 -> 80 | K101: =SUM(T96:T104) -> 263.62
C102: СП от ФОТ | D102: % | E102: =Source!CA55 -> 68 | H102: =SUM(U96:U104) -> 34.31 | J102: =Source!AU55 -> 68 | K102: =SUM(V96:V104) -> 224.08
C103: Затраты труда | D103: чел-ч | E103: =Source!AQ55 -> 11.39 | G103: =Source!DI55 | L103: =Source!U55 -> 6.34423
A104: =Source!E57 -> 9,1 | B104: =Source!F57 -> 01.7.07.07 | C104: =Source!G57 -> Строительный мусор | D104: =Source!H57 -> т | E104: =Source!I57 -> 0.26179 | F104: =Source!AL57+Source!AM57+Source!AO57 -> 0 | H104: =ROUND(Source!AC57*Source!I57, 2)+ROUND(Source!AD57*Source!I57, 2)+ROUND(Source!AF57*Source!I57, 2) -> 0 | J104: =IF(Source!BC57<> 0, Source!BC57, 1) -> 6.53 | K104: =Source!O57 -> 0 | S104: =ROUND((Source!FX57/100)*((ROUND(Source!AF57*Source!I57, 2)+ROUND(Source!AE57*Source!I57, 2))), 2) -> 0 | T104: =Source!X57 -> 0 | U104: =ROUND((Source!FY57/100)*((ROUND(Source!AF57*Source!I57, 2)+ROUND(Source!AE57*Source!I57, 2))), 2) -> 0 | V104: =Source!Y57 -> 0 | W104: =IF(Source!BI57<=1,H104, 0) -> 0 | X104: =IF(Source!BI57=2,H104, 0) -> 0 | Y104: =IF(Source!BI57=3,H104, 0) -> 0 | Z104: =IF(Source!BI57=4,H104, 0) -> 0
G105: =H98+H99+H101+H102+SUM(H104:H104) -> 126.42 | J105: =K98+K99+K101+K102+SUM(K104:K104) -> 825.6 | L105: =Source!U55 -> 6.34423 | O105: =G105 -> 126.42 | P105: =J105 -> 825.6 | Q105: =L105 -> 6.34423 | W105: =IF(Source!BI55<=1,H98+H99+H101+H102, 0) -> 126.42 | X105: =IF(Source!BI55=2,H98+H99+H101+H102, 0) -> 0 | Y105: =IF(Source!BI55=3,H98+H99+H101+H102, 0) -> 0 | Z105: =IF(Source!BI55=4,H98+H99+H101+H102, 0) -> 0
A106: =Source!E59 -> 10 | B106: =Source!F59 -> 63-5-1 | C106: =Source!G59 -> Снятие обоев простых и улучшенных | D106: =Source!H59 -> 100 м2 | E106: =Source!I59 -> 0.65 | F106: =Source!AL59+Source!AM59+Source!AO59 -> 81.12 | I106: =Source!BO59 | S106: =ROUND((Source!FX59/100)*((ROUND(Source!AF59*Source!I59, 2)+ROUND(Source!AE59*Source!I59, 2))), 2) -> 40.6 | T106: =Source!X59 -> 265.12 | U106: =ROUND((Source!FY59/100)*((ROUND(Source!AF59*Source!I59, 2)+ROUND(Source!AE59*Source!I59, 2))), 2) -> 26.37 | V106: =Source!Y59 -> 172.16
...

Sheet Source
A1: 0 | B1: Smeta.RU (495) 974-1589 | D1: _PS_ | F1: 0 | G1: 0 | H1: 0 | I1: Smeta.RU | J1: НИЯУ МИФИ Доп. раб. место MCCS-0016187 | K1: 0 | L1: 16187 | M1: 10
A12: 1 | B12: 874 | C12: 0 | D12: =ROW(A813) -> 813 | E12: 0 | F12: Объедененная | G12: На капитальный ремонт помещений № 1а, №17 - № 19, № 22 -№ 26 первого этажа и помещений № 22 - № 25 второго этажа для центра компетенций WorldSkills в здании НИЯУ МИФИ по адресу: г. Москва, Каширское шоссе, д. 64 | I12: 0 | K12: 0 | O12: 0 | P12: 0 | Q12: 0 | R12: 0 | S12: 0 | V12: 0 | BH12: Сметные нормы списания | BI12: Коды ценников | BJ12: 1 | BK12: 1 | BL12: 0 | BM12: 0 | BN12: 1 | BO12: 0 | BP12: 2 | BQ12: 2 | BR12: 1 | BS12: 1 | BT12: 0 | BU12: 0 | BV12: 1 | BW12: 0 | BX12: 0 | BY12: ФЕР-2017 | BZ12: ТР для Версии 10: Центральные регионы (с учетом п-ма 2536-ИП/12/ГС от 22.03.2017 г | CA12: ФЕР-2017 | CB12: ФЕР-2017 | CC12: ФЕР-2017 | CD12: ФЕР-2017 | CE12: Поправки для ГСН 2017 от 31.03.2017 г | CF12: 0 | CG12: 0 | CH12: 524288 | CK12: 4 | EC12: 0
A15: 15 | B15: 1
A18: 52 | B18: =B813 -> 874 | C18: =C813 -> 1 | D18: =D813 -> 12 | E18: =E813 -> 0 | F18: =F813 -> Объедененная | G18: =G813 -> На капитальный ремонт помещений № 1а, №17 - № 19, № 22 -№ 26 первого этажа и помещений № 22 - № 25 второго этажа для центра компетенций WorldSkills в здании НИЯУ МИФИ по адресу: г. Москва, Каширское шоссе, д. 64 | O18: =O813 -> 527256.88 | P18: =P813 -> 450456.7 | Q18: =Q813 -> 13081.32 | R18: =R813 -> 1886.44 | S18: =S813 -> 63718.86 | T18: =T813 -> 0 | U18: =U813 -> 7144.5232 | V18: =V813 -> 163.63495 | ... GX18: =GX813 -> 0
A20: 3 | B20: 1 | D20: =ROW(A781) -> 781 | F20: Новая локальная смета | G20: Новая локальная смета | I20: 0 | K20: 0 | V20: 0 | BX20: 0 | CF20: 0 | CG20: 0
A22: 52 | B22: =B781 -> 1 | C22: =C781 -> 3 | D22: =D781 -> 20 | E22: =E781 -> 0 | F22: =F781 -> Новая локальная смета | G22: =G781 -> Новая локальная смета | O22: =O781 -> 527256.88 | P22: =P781 -> 450456.7 | Q22: =Q781 -> 13081.32 | R22: =R781 -> 1886.44 | S22: =S781 -> 63718.86 | T22: =T781 -> 0 | U22: =U781 -> 7144.5232 | V22: =V781 -> 163.63495 | ... GX22: =GX781 -> 0
A24: 4 | B24: 1 | D24: =ROW(A286) -> 286 | F24: Новый раздел | G24: Первый этаж | I24: 0 | K24: 0 | V24: 0 | BX24: 0 | CJ24: 0
A26: 52 | B26: =B286 -> 1 | C26: =C286 -> 4 | D26: =D286 -> 24 | E26: =E286 -> 0 | F26: =F286 -> Новый раздел | G26: =G286 -> Первый этаж | O26: =O286 -> 283213.37 | P26: =P286 -> 237547.18 | Q26: =Q286 -> 4498.32 | R26: =R286 -> 854.06 | S26: =S286 -> 41167.87 | T26: =T286 -> 0 | U26: =U286 -> 4723.1473 | V26: =V286 -> 75.481878 | ... GX26: =GX286 -> 0
A28: 5 | B28: 1 | D28: =ROW(A257) -> 257 | F28: Новый подраздел | G28: Общестроительные работы | I28: 0 | K28: 0 | V28: 0 | BX28: 0 | CJ28: 0
A30: 52 | B30: =B257 -> 1 | C30: =C257 -> 5 | D30: =D257 -> 28 | E30: =E257 -> 0 | F30: =F257 -> Новый подраздел | G30: =G257 -> Общестроительные работы | O30: =O257 -> 283213.37 | P30: =P257 -> 237547.18 | Q30: =Q257 -> 4498.32 | R30: =R257 -> 854.06 | S30: =S257 -> 41167.87 | T30: =T257 -> 0 | U30: =U257 -> 4723.1473 | V30: =V257 -> 75.481878 | ... GX30: =GX257 -> 0
A32: 17 | B32: 1 | C32: =ROW(SmtRes!A3) -> 3 | D32: =ROW(EtalonRes!A3) -> 3 | E32: 1 | F32: 46-04-012-01 | G32: Разборка деревянных заполнений проемов оконных с подоконными досками | H32: 100 м2 | I32: =ROUND((9.592+47.96+47.96+2.53)/100,9) -> 1.08042 | J32: 0 | O32: =ROUND(CP32,2) -> 1909.36 | P32: =ROUND(CQ32*I32,2) -> 0 | Q32: =ROUND(CR32*I32,2) -> 261.41 | R32: =ROUND(CS32*I32,2) -> 112.89 | S32: =ROUND(CT32*I32,2) -> 1647.95 | T32: =ROUND(CU32*I32,2) -> 0 | U32: =CV32*I32 -> 203.70239 | V32: =CW32*I32 -> 8.3624508 | W32: =ROUND(CX32*I32,2) -> 0 | X32: =ROUND(CY32,2) -> 1743.23 | Y32: =ROUND(CZ32,2) -> 1056.5 | AA32: 27737227 | AB32: =ROUND((AC32+AD32+AF32),2) -> 1767.24 | AC32: =ROUND((ES32),2) -> 0 | AD32: =ROUND((((ET32)-(EU32))+AE32),2) -> 241.95 | AE32: =ROUND((EU32),2) -> 104.49 | AF32: =ROUND((EV32),2) -> 1525.29 | AG32: =ROUND((AP32),2) -> 0 | AH32: =(EW32) -> 188.54 | AI32: =(EX32) -> 7.74 | AJ32: =ROUND((AS32),2) -> 0 | AK32: 1767.24 | AL32: 0 | AM32: 241.95 | AN32: 104.49 | AO32: 1525.29 | AP32: 0 | AQ32: 188.54 | AR32: 7.74 | AS32: 0 | AT32: 99 | AU32: 60 | AV32: 1 | AW32: 1 | AZ32: 1 | BA32: 1 | BB32: 1 | BC32: 1 | BH32: 0 | BI32: 1 | BJ32: ФЕР-2001, 46-04-012-01, приказ Минстроя России №1039/пр от 30.12.2016г. | BM32: 46001 | BN32: 0 | BP32: 0 | BQ32: 2 | BR32: 0 | BS32: 1 | BT32: 1 | BU32: 1 | BV32: 1 | BW32: 1 | BX32: 1 | BZ32: 110 | CA32: 70 | CF32: 0 | CG32: 0 | CM32: 0 | CO32: 0 | CP32: =(P32+Q32+S32) -> 1909.36 | CQ32: =AC32*BC32 -> 0 | CR32: =AD32*BB32 -> 241.95 | CS32: =AE32*BS32 -> 104.49 | CT32: =AF32*BA32 -> 1525.29 | CU32: =AG32 -> 0 | CV32: =AH32 -> 188.54 | CW32: =AI32 -> 7.74 | CX32: =AJ32 -> 0 | CY32: =(((S32+R32)*AT32)/100) -> 1743.2316 | CZ32: =(((S32+R32)*AU32)/100) -> 1056.504 | DN32: 0 | DO32: 0 | DP32: 1 | DQ32: 1 | DU32: 1005 | DV32: 100 м2 | DW32: 100 м2 | DX32: 100 | EE32: 27029091 | EF32: 2 | EG32: Общестроительные работы | EH32: 0 | EJ32: 1 | EK32: 46001 | EL32: Реконструкция зданий и сооружений | EM32: ФЕР-46 | EQ32: 0 | ER32: 1767.24 | ES32: 0 | ET32: 241.95 | EU32: 104.49 | EV32: 1525.29 | EW32: 188.54 | EX32: 7.74 | EY32: 0 | FQ32: 0 | FR32: =ROUND(IF(AND(BH32=3,BI32=3),P32,0),2) -> 0 | FS32: 0 | FT32: *0,9 | FU32: *0,85 | FX32: 99 | FY32: 59.5 | GD32: 0 | GF32: 1630687704 | GG32: 2 | GH32: 1 | GI32: -2 | GJ32: 0 | GK32: =ROUND(R32*(R12)/100,2) -> 0 | GL32: =ROUND(IF(AND(BH32=3,BI32=3,FS32<>0),P32,0),2) -> 0 | GM32: =ROUND(O32+X32+Y32+GK32,2)+GX32 -> 4709.09 | GN32: =IF(OR(BI32=0,BI32=1),ROUND(O32+X32+Y32+GK32,2),0) -> 4709.09 | GO32: =IF(BI32=2,ROUND(O32+X32+Y32+GK32,2),0) -> 0 | GP32: =IF(BI32=4,ROUND(O32+X32+Y32+GK32,2)+GX32,0) -> 0 | GR32: 0 | GS32: 3 | GT32: 0 | GV32: =ROUND(GT32,2) -> 0 | GW32: 1 | GX32: =ROUND(GV32*GW32*I32,2) -> 0 | HA32: 0 | HB32: 0 | IK32: 0
A33: 17 | B33: 1 | C33: =ROW(SmtRes!A6) -> 6 | D33: =ROW(EtalonRes!A6) -> 6 | E33: 1 | F33: 46-04-012-01 | G33: Разборка деревянных заполнений проемов оконных с подоконными досками | H33: 100 м2 | I33: =ROUND((9.592+47.96+47.96+2.53)/100,9) -> 1.08042 | J33: 0 | O33: =ROUND(CP33,2) -> 12468.13 | P33: =ROUND(CQ33*I33,2) -> 0 | Q33: =ROUND(CR33*I33,2) -> 1706.99 | R33: =ROUND(CS33*I33,2) -> 737.19 | S33: =ROUND(CT33*I33,2) -> 10761.14 | T33: =ROUND(CU33*I33,2) -> 0 | U33: =CV33*I33 -> 203.70239 | V33: =CW33*I33 -> 8.3624508 | W33: =ROUND(CX33*I33,2) -> 0 | X33: =ROUND(CY33,2) -> 11383.35 | Y33: =ROUND(CZ33,2) -> 6899 | AA33: 27737228 | AB33: =ROUND((AC33+AD33+AF33),2) -> 1767.24 | AC33: =ROUND((ES33),2) -> 0 | AD33: =ROUND((((ET33)-(EU33))+AE33),2) -> 241.95 | AE33: =ROUND((EU33),2) -> 104.49 | AF33: =ROUND((EV33),2) -> 1525.29 | AG33: =ROUND((AP33),2) -> 0 | AH33: =(EW33) -> 188.54 | AI33: =(EX33) -> 7.74 | AJ33: =ROUND((AS33),2) -> 0 | AK33: 1767.24 | AL33: 0 | AM33: 241.95 | AN33: 104.49 | AO33: 1525.29 | AP33: 0 | AQ33: 188.54 | AR33: 7.74 | AS33: 0 | AT33: 99 | AU33: 60 | AV33: 1 | AW33: 1 | AZ33: 6.53 | BA33: 6.53 | BB33: 6.53 | BC33: 6.53 | BH33: 0 | BI33: 1 | BJ33: ФЕР-2001, 46-04-012-01, приказ Минстроя России №1039/пр от 30.12.2016г. | BM33: 46001 | BN33: 0 | BP33: 0 | BQ33: 2 | BR33: 0 | BS33: 6.53 | BT33: 1 | BU33: 1 | BV33: 1 | BW33: 1 | BX33: 1 | BZ33: 110 | CA33: 70 | CF33: 0 | CG33: 0 | CM33: 0 | CO33: 0 | CP33: =(P33+Q33+S33) -> 12468.13 | CQ33: =AC33*BC33 -> 0 | CR33: =AD33*BB33 -> 1579.9335 | CS33: =AE33*BS33 -> 682.3197 | CT33: =AF33*BA33 -> 9960.1437 | CU33: =AG33 -> 0 | CV33: =AH33 -> 188.54 | CW33: =AI33 -> 7.74 | CX33: =AJ33 -> 0 | CY33: =(((S33+R33)*AT33)/100) -> 11383.347 | CZ33: =(((S33+R33)*AU33)/100) -> 6898.998 | DN33: 0 | DO33: 0 | DP33: 1 | DQ33: 1 | DU33: 1005 | DV33: 100 м2 | DW33: 100 м2 | DX33: 100 | EE33: 27029091 | EF33: 2 | EG33: Общестроительные работы | EH33: 0 | EJ33: 1 | EK33: 46001 | EL33: Реконструкция зданий и сооружений | EM33: ФЕР-46 | EQ33: 0 | ER33: 1767.24 | ES33: 0 | ET33: 241.95 | EU33: 104.49 | EV33: 1525.29 | EW33: 188.54 | EX33: 7.74 | EY33: 0 | FQ33: 0 | FR33: =ROUND(IF(AND(BH33=3,BI33=3),P33,0),2) -> 0 | FS33: 0 | FT33: *0,9 | FU33: *0,85 | FX33: 99 | FY33: 59.5 | GD33: 0 | GF33: 1630687704 | GG33: 1 | GH33: 1 | GI33: 4 | GJ33: 0 | GK33: =ROUND(R33*(S12)/100,2) -> 0 | GL33: =ROUND(IF(AND(BH33=3,BI33=3,FS33<>0),P33,0),2) -> 0 | GM33: =ROUND(O33+X33+Y33+GK33,2)+GX33 -> 30750.48 | GN33: =IF(OR(BI33=0,BI33=1),ROUND(O33+X33+Y33+GK33,2),0) -> 30750.48 | GO33: =IF(BI33=2,ROUND(O33+X33+Y33+GK33,2),0) -> 0 | GP33: =IF(BI33=4,ROUND(O33+X33+Y33+GK33,2)+GX33,0) -> 0 | GR33: 0 | GS33: 3 | GT33: 0 | GV33: =ROUND(GT33,2) -> 0 | GW33: 1 | GX33: =ROUND(GV33*GW33*I33,2) -> 0 | HA33: 0 | HB33: 0 | IK33: 0
A34: 17 | B34: 1 | C34: =ROW(SmtRes!A10) -> 10 | D34: =ROW(EtalonRes!A10) -> 10 | E34: 2 | F34: 56-2-2 | G34: Снятие оконных переплетов остекленных | H34: 100 м2 | I34: =ROUND(2.25/100,9) -> 0.0225 | J34: 0 | O34: =ROUND(CP34,2) -> 8.97 | P34: =ROUND(CQ34*I34,2) -> 0 | Q34: =ROUND(CR34*I34,2) -> 0.65 | R34: =ROUND(CS34*I34,2) -> 0.28 | S34: =ROUND(CT34*I34,2) -> 8.32 | T34: =ROUND(CU34*I34,2) -> 0 | U34: =CV34*I34 -> 1.037475 | V34: =CW34*I34 -> 0.020925 | W34: =ROUND(CX34*I34,2) -> 0 | X34: =ROUND(CY34,2) -> 7.05 | Y34: =ROUND(CZ34,2) -> 5.33 | AA34: 27737227 | AB34: =ROUND((AC34+AD34+AF34),2) -> 398.87 | AC34: =ROUND((ES34),2) -> 0 | AD34: =ROUND((((ET34)-(EU34))+AE34),2) -> 29.07 | AE34: =ROUND((EU34),2) -> 12.56 | AF34: =ROUND((EV34),2) -> 369.8 | AG34: =ROUND((AP34),2) -> 0 | AH34: =(EW34) -> 46.11 | AI34: =(EX34) -> 0.93 | AJ34: =ROUND((AS34),2) -> 0 | AK34: 398.87 | AL34: 0 | AM34: 29.07 | AN34: 12.56 | AO34: 369.8 | AP34: 0 | AQ34: 46.11 | AR34: 0.93 | AS34: 0 | AT34: 82 | AU34: 62 | AV34: 1 | AW34: 1 | AZ34: 1 | BA34: 1 | BB34: 1 | BC34: 1 | BH34: 0 | BI34: 1 | BJ34: ФЕРр-2001, 56-2-2, приказ Минстроя России №1039/пр от 30.12.2016г. | BM34: 56001 | BN34: 0 | BP34: 0 | BQ34: 6 | BR34: 0 | BS34: 1 | BT34: 1 | BU34: 1 | BV34: 1 | BW34: 1 | BX34: 1 | BZ34: 82 | CA34: 62 | CF34: 0 | CG34: 0 | CM34: 0 | CO34: 0 | CP34: =(P34+Q34+S34) -> 8.97 | CQ34: =AC34*BC34 -> 0 | CR34: =AD34*BB34 -> 29.07 | CS34: =AE34*BS34 -> 12.56 | CT34: =AF34*BA34 -> 369.8 | CU34: =AG34 -> 0 | CV34: =AH34 -> 46.11 | CW34: =AI34 -> 0.93 | CX34: =AJ34 -> 0 | CY34: =(((S34+R34)*AT34)/100) -> 7.052 | CZ34: =(((S34+R34)*AU34)/100) -> 5.332 | DN34: 0 | DO34: 0 | DP34: 1 | DQ34: 1 | DU34: 1005 | DV34: 100 м2 | DW34: 100 м2 | DX34: 100 | EE34: 27029101 | EF34: 6 | EG34: Ремонтно-строительные работы | EH34: 0 | EJ34: 1 | EK34: 56001 | EL34: Проемы | EM34: рФЕР-56 | EQ34: 0 | ER34: 398.87 | ES34: 0 | ET34: 29.07 | EU34: 12.56 | EV34: 369.8 | EW34: 46.11 | EX34: 0.93 | EY34: 0 | FQ34: 0 | FR34: =ROUND(IF(AND(BH34=3,BI34=3),P34,0),2) -> 0 | FS34: 0 | FX34: 82 | FY34: 62 | GD34: 0 | GF34: -1226665771 | GG34: 2 | GH34: 1 | GI34: -2 | GJ34: 0 | GK34: =ROUND(R34*(R12)/100,2) -> 0 | GL34: =ROUND(IF(AND(BH34=3,BI34=3,FS34<>0),P34,0),2) -> 0 | GM34: =ROUND(O34+X34+Y34+GK34,2)+GX34 -> 21.35 | GN34: =IF(OR(BI34=0,BI34=1),ROUND(O34+X34+Y34+GK34,2),0) -> 21.35 | GO34: =IF(BI34=2,ROUND(O34+X34+Y34+GK34,2),0) -> 0 | GP34: =IF(BI34=4,ROUND(O34+X34+Y34+GK34,2)+GX34,0) -> 0 | GR34: 0 | GS34: 3 | GT34: 0 | GV34: =ROUND(GT34,2) -> 0 | GW34: 1 | GX34: =ROUND(GV34*GW34*I34,2) -> 0 | HA34: 0 | HB34: 0 | IK34: 0
A35: 17 | B35: 1 | C35: =ROW(SmtRes!A14) -> 14 | D35: =ROW(EtalonRes!A14) -> 14 | E35: 2 | F35: 56-2-2 | G35: Снятие оконных переплетов остекленных | H35: 100 м2 | I35: =ROUND(2.25/100,9) -> 0.0225 | J35: 0 | O35: =ROUND(CP35,2) -> 58.6 | P35: =ROUND(CQ35*I35,2) -> 0 | Q35: =ROUND(CR35*I35,2) -> 4.27 | R35: =ROUND(CS35*I35,2) -> 1.85 | S35: =ROUND(CT35*I35,2) -> 54.33 | T35: =ROUND(CU35*I35,2) -> 0 | U35: =CV35*I35 -> 1.037475 | V35: =CW35*I35 -> 0.020925 | W35: =ROUND(CX35*I35,2) -> 0 | X35: =ROUND(CY35,2) -> 46.07 | Y35: =ROUND(CZ35,2) -> 34.83 | AA35: 27737228 | AB35: =ROUND((AC35+AD35+AF35),2) -> 398.87 | AC35: =ROUND((ES35),2) -> 0 | AD35: =ROUND((((ET35)-(EU35))+AE35),2) -> 29.07 | AE35: =ROUND((EU35),2) -> 12.56 | AF35: =ROUND((EV35),2) -> 369.8 | AG35: =ROUND((AP35),2) -> 0 | AH35: =(EW35) -> 46.11 | AI35: =(EX35) -> 0.93 | AJ35: =ROUND((AS35),2) -> 0 | AK35: 398.87 | AL35: 0 | AM35: 29.07 | AN35: 12.56 | AO35: 369.8 | AP35: 0 | AQ35: 46.11 | AR35: 0.93 | AS35: 0 | AT35: 82 | AU35: 62 | AV35: 1 | AW35: 1 | AZ35: 6.53 | BA35: 6.53 | BB35: 6.53 | BC35: 6.53 | BH35: 0 | BI35: 1 | BJ35: ФЕРр-2001, 56-2-2, приказ Минстроя России №1039/пр от 30.12.2016г. | BM35: 56001 | BN35: 0 | BP35: 0 | BQ35: 6 | BR35: 0 | BS35: 6.53 | BT35: 1 | BU35: 1 | BV35: 1 | BW35: 1 | BX35: 1 | BZ35: 82 | CA35: 62 | CF35: 0 | CG35: 0 | CM35: 0 | CO35: 0 | CP35: =(P35+Q35+S35) -> 58.6 | CQ35: =AC35*BC35 -> 0 | CR35: =AD35*BB35 -> 189.8271 | CS35: =AE35*BS35 -> 82.0168 | CT35: =AF35*BA35 -> 2414.794 | CU35: =AG35 -> 0 | CV35: =AH35 -> 46.11 | CW35: =AI35 -> 0.93 | CX35: =AJ35 -> 0 | CY35: =(((S35+R35)*AT35)/100) -> 46.0676 | CZ35: =(((S35+R35)*AU35)/100) -> 34.8316 | DN35: 0 | DO35: 0 | DP35: 1 | DQ35: 1 | DU35: 1005 | DV35: 100 м2 | DW35: 100 м2 | DX35: 100 | EE35: 27029101 | EF35: 6 | EG35: Ремонтно-строительные работы | EH35: 0 | EJ35: 1 | EK35: 56001 | EL35: Проемы | EM35: рФЕР-56 | EQ35: 0 | ER35: 398.87 | ES35: 0 | ET35: 29.07 | EU35: 12.56 | EV35: 369.8 | EW35: 46.11 | EX35: 0.93 | EY35: 0 | FQ35: 0 | FR35: =ROUND(IF(AND(BH35=3,BI35=3),P35,0),2) -> 0 | FS35: 0 | FX35: 82 | FY35: 62 | GD35: 0 | GF35: -1226665771 | GG35: 1 | GH35: 1 | GI35: 4 | GJ35: 0 | GK35: =ROUND(R35*(S12)/100,2) -> 0 | GL35: =ROUND(IF(AND(BH35=3,BI35=3,FS35<>0),P35,0),2) -> 0 | GM35: =ROUND(O35+X35+Y35+GK35,2)+GX35 -> 139.5 | GN35: =IF(OR(BI35=0,BI35=1),ROUND(O35+X35+Y35+GK35,2),0) -> 139.5 | GO35: =IF(BI35=2,ROUND(O35+X35+Y35+GK35,2),0) -> 0 | GP35: =IF(BI35=4,ROUND(O35+X35+Y35+GK35,2)+GX35,0) -> 0 | GR35: 0 | GS35: 3 | GT35: 0 | GV35: =ROUND(GT35,2) -> 0 | GW35: 1 | GX35: =ROUND(GV35*GW35*I35,2) -> 0 | HA35: 0 | HB35: 0 | IK35: 0
A36: 18 | B36: 1 | C36: 10 | E36: 2,1 | F36: 01.7.07.07 | G36: Строительный мусор | H36: т | I36: =I34*J36 -> 0.07695 | J36: 3.42 | O36: =ROUND(CP36,2) -> 0 | P36: =ROUND(CQ36*I36,2) -> 0 | Q36: =ROUND(CR36*I36,2) -> 0 | R36: =ROUND(CS36*I36,2) -> 0 | S36: =ROUND(CT36*I36,2) -> 0 | T36: =ROUND(CU36*I36,2) -> 0 | U36: =CV36*I36 -> 0 | V36: =CW36*I36 -> 0 | W36: =ROUND(CX36*I36,2) -> 0 | X36: =ROUND(CY36,2) -> 0 | Y36: =ROUND(CZ36,2) -> 0 | AA36: 27737227 | AB36: =ROUND((AC36+AD36+AF36),2) -> 0 | AC36: =ROUND((ES36),2) -> 0 | AD36: =ROUND((((ET36)-(EU36))+AE36),2) -> 0 | AE36: =ROUND((EU36),2) -> 0 | AF36: =ROUND((EV36),2) -> 0 | AG36: =ROUND((AP36),2) -> 0 | AH36: =(EW36) -> 0 | AI36: =(EX36) -> 0 | AJ36: =ROUND((AS36),2) -> 0 | AK36: 0 | AL36: 0 | AM36: 0 | AN36: 0 | AO36: 0 | AP36: 0 | AQ36: 0 | AR36: 0 | AS36: 0 | AT36: 82 | AU36: 62 | AV36: 1 | AW36: 1 | AZ36: 1 | BA36: 1 | BB36: 1 | BC36: 1 | BH36: 3 | BI36: 1 | BM36: 56001 | BN36: 0 | BP36: 0 | BQ36: 6 | BR36: 0 | BS36: 1 | BT36: 1 | BU36: 1 | BV36: 1 | BW36: 1 | BX36: 1 | BZ36: 82 | CA36: 62 | CF36: 0 | CG36: 0 | CM36: 0 | CO36: 0 | CP36: =(P36+Q36+S36) -> 0 | CQ36: =AC36*BC36 -> 0 | CR36: =AD36*BB36 -> 0 | CS36: =AE36*BS36 -> 0 | CT36: =AF36*BA36 -> 0 | CU36: =AG36 -> 0 | CV36: =AH36 -> 0 | CW36: =AI36 -> 0 | CX36: =AJ36 -> 0 | CY36: =(((S36+R36)*AT36)/100) -> 0 | CZ36: =(((S36+R36)*AU36)/100) -> 0 | DN36: 0 | DO36: 0 | DP36: 1 | DQ36: 1 | DU36: 1009 | DV36: т | DW36: т | DX36: 1000 | EE36: 27029101 | EF36: 6 | EG36: Ремонтно-строительные работы | EH36: 0 | EJ36: 1 | EK36: 56001 | EL36: Проемы | EM36: рФЕР-56 | EQ36: 0 | ER36: 0 | ES36: 0 | ET36: 0 | EU36: 0 | EV36: 0 | EW36: 0 | EX36: 0 | FQ36: 0 | FR36: =ROUND(IF(AND(BH36=3,BI36=3),P36,0),2) -> 0 | FS36: 0 | FX36: 82 | FY36: 62 | GD36: 0 | GF36: -179832266 | GG36: 2 | GH36: 1 | GI36: -2 | GJ36: 0 | GK36: =ROUND(R36*(R12)/100,2) -> 0 | GL36: =ROUND(IF(AND(BH36=3,BI36=3,FS36<>0),P36,0),2) -> 0 | GM36: =ROUND(O36+X36+Y36+GK36,2)+GX36 -> 0 | GN36: =IF(OR(BI36=0,BI36=1),ROUND(O36+X36+Y36+GK36,2),0) -> 0 | GO36: =IF(BI36=2,ROUND(O36+X36+Y36+GK36,2),0) -> 0 | GP36: =IF(BI36=4,ROUND(O36+X36+Y36+GK36,2)+GX36,0) -> 0 | GR36: 0 | GS36: 3 | GT36: 0 | GV36: =ROUND(GT36,2) -> 0 | GW36: 1 | GX36: =ROUND(GV36*GW36*I36,2) -> 0 | HA36: 0 | HB36: 0 | IK36: 0
A37: 18 | B37: 1 | C37: 14 | E37: 2,1 | F37: 01.7.07.07 | G37: Строительный мусор | H37: т | I37: =I35*J37 -> 0.07695 | J37: 3.42 | O37: =ROUND(CP37,2) -> 0 | P37: =ROUND(CQ37*I37,2) -> 0 | Q37: =ROUND(CR37*I37,2) -> 0 | R37: =ROUND(CS37*I37,2) -> 0 | S37: =ROUND(CT37*I37,2) -> 0 | T37: =ROUND(CU37*I37,2) -> 0 | U37: =CV37*I37 -> 0 | V37: =CW37*I37 -> 0 | W37: =ROUND(CX37*I37,2) -> 0 | X37: =ROUND(CY37,2) -> 0 | Y37: =ROUND(CZ37,2) -> 0 | AA37: 27737228 | AB37: =ROUND((AC37+AD37+AF37),2) -> 0 | AC37: =ROUND((ES37),2) -> 0 | AD37: =ROUND((((ET37)-(EU37))+AE37),2) -> 0 | AE37: =ROUND((EU37),2) -> 0 | AF37: =ROUND((EV37),2) -> 0 | AG37: =ROUND((AP37),2) -> 0 | AH37: =(EW37) -> 0 | AI37: =(EX37) -> 0 | AJ37: =ROUND((AS37),2) -> 0 | AK37: 0 | AL37: 0 | AM37: 0 | AN37: 0 | AO37: 0 | AP37: 0 | AQ37: 0 | AR37: 0 | AS37: 0 | AT37: 82 | AU37: 62 | AV37: 1 | AW37: 1 | AZ37: 6.53 | BA37: 1 | BB37: 1 | BC37: 6.53 | BH37: 3 | BI37: 1 | BM37: 56001 | BN37: 0 | BP37: 0 | BQ37: 6 | BR37: 0 | BS37: 1 | BT37: 1 | BU37: 1 | BV37: 1 | BW37: 1 | BX37: 1 | BZ37: 82 | CA37: 62 | CF37: 0 | CG37: 0 | CM37: 0 | CO37: 0 | CP37: =(P37+Q37+S37) -> 0 | CQ37: =AC37*BC37 -> 0 | CR37: =AD37*BB37 -> 0 | CS37: =AE37*BS37 -> 0 | CT37: =AF37*BA37 -> 0 | CU37: =AG37 -> 0 | CV37: =AH37 -> 0 | CW37: =AI37 -> 0 | CX37: =AJ37 -> 0 | CY37: =(((S37+R37)*AT37)/100) -> 0 | CZ37: =(((S37+R37)*AU37)/100) -> 0 | DN37: 0 | DO37: 0 | DP37: 1 | DQ37: 1 | DU37: 1009 | DV37: т | DW37: т | DX37: 1000 | EE37: 27029101 | EF37: 6 | EG37: Ремонтно-строительные работы | EH37: 0 | EJ37: 1 | EK37: 56001 | EL37: Проемы | EM37: рФЕР-56 | EQ37: 0 | ER37: 0 | ES37: 0 | ET37: 0 | EU37: 0 | EV37: 0 | EW37: 0 | EX37: 0 | FQ37: 0 | FR37: =ROUND(IF(AND(BH37=3,BI37=3),P37,0),2) -> 0 | FS37: 0 | FX37: 82 | FY37: 62 | GD37: 0 | GF37: -179832266 | GG37: 1 | GH37: 1 | GI37: 4 | GJ37: 0 | GK37: =ROUND(R37*(S12)/100,2) -> 0 | GL37: =ROUND(IF(AND(BH37=3,BI37=3,FS37<>0),P37,0),2) -> 0 | GM37: =ROUND(O37+X37+Y37+GK37,2)+GX37 -> 0 | GN37: =IF(OR(BI37=0,BI37=1),ROUND(O37+X37+Y37+GK37,2),0) -> 0 | GO37: =IF(BI37=2,ROUND(O37+X37+Y37+GK37,2),0) -> 0 | GP37: =IF(BI37=4,ROUND(O37+X37+Y37+GK37,2)+GX37,0) -> 0 | GR37: 0 | GS37: 3 | GT37: 0 | GV37: =ROUND(GT37,2) -> 0 | GW37: 1 | GX37: =ROUND(GV37*GW37*I37,2) -> 0 | HA37: 0 | HB37: 0 | IK37: 0
A38: 17 | B38: 1 | C38: =ROW(SmtRes!A17) -> 17 | D38: =ROW(EtalonRes!A17) -> 17 | E38: 3 | F38: 58-3-1 | G38: Разборка мелких покрытий и обделок из листовой стали поясков, сандриков, желобов, отливов, свесов и т.п. | H38: 100 м | I38: =ROUND((4.4+22+22+1.1)/100,9) -> 0.495 | J38: 0 | O38: =ROUND(CP38,2) -> 35.24 | P38: =ROUND(CQ38*I38,2) -> 0 | Q38: =ROUND(CR38*I38,2) -> 0.1 | R38: =ROUND(CS38*I38,2) -> 0 | S38: =ROUND(CT38*I38,2) -> 35.14 | T38: =ROUND(CU38*I38,2) -> 0 | U38: =CV38*I38 -> 4.5045 | V38: =CW38*I38 -> 0 | W38: =ROUND(CX38*I38,2) -> 0 | X38: =ROUND(CY38,2) -> 29.17 | Y38: =ROUND(CZ38,2) -> 22.84 | AA38: 27737227 | AB38: =ROUND((AC38+AD38+AF38),2) -> 71.18 | AC38: =ROUND((ES38),2) -> 0 | AD38: =ROUND((((ET38)-(EU38))+AE38),2) -> 0.2 | AE38: =ROUND((EU38),2) -> 0 | AF38: =ROUND((EV38),2) -> 70.98 | AG38: =ROUND((AP38),2) -> 0 | AH38: =(EW38) -> 9.1 | AI38: =(EX38) -> 0 | AJ38: =ROUND((AS38),2) -> 0 | AK38: 71.18 | AL38: 0 | AM38: 0.2 | AN38: 0 | AO38: 70.98 | AP38: 0 | AQ38: 9.1 | AR38: 0 | AS38: 0 | AT38: 83 | AU38: 65 | AV38: 1 | AW38: 1 | AZ38: 1 | BA38: 1 | BB38: 1 | BC38: 1 | BH38: 0 | BI38: 1 | BJ38: ФЕРр-2001, 58-3-1, приказ Минстроя России №1039/пр от 30.12.2016г. | BM38: 58001 | BN38: 0 | BP38: 0 | BQ38: 6 | BR38: 0 | BS38: 1 | BT38: 1 | BU38: 1 | BV38: 1 | BW38: 1 | BX38: 1 | BZ38: 83 | CA38: 65 | CF38: 0 | CG38: 0 | CM38: 0 | CO38: 0 | CP38: =(P38+Q38+S38) -> 35.24 | CQ38: =AC38*BC38 -> 0 | CR38: =AD38*BB38 -> 0.2 | CS38: =AE38*BS38 -> 0 | CT38: =AF38*BA38 -> 70.98 | CU38: =AG38 -> 0 | CV38: =AH38 -> 9.1 | CW38: =AI38 -> 0 | CX38: =AJ38 -> 0 | CY38: =(((S38+R38)*AT38)/100) -> 29.1662 | CZ38: =(((S38+R38)*AU38)/100) -> 22.841 | DN38: 0 | DO38: 0 | DP38: 1 | DQ38: 1 | DU38: 1003 | DV38: 100 м | DW38: 100 м | DX38: 100 | EE38: 27029103 | EF38: 6 | EG38: Ремонтно-строительные работы | EH38: 0 | EJ38: 1 | EK38: 58001 | EL38: Крыши, кровля | EM38: рФЕР-58 | EQ38: 0 | ER38: 71.18 | ES38: 0 | ET38: 0.2 | EU38: 0 | EV38: 70.98 | EW38: 9.1 | EX38: 0 | EY38: 0 | FQ38: 0 | FR38: =ROUND(IF(AND(BH38=3,BI38=3),P38,0),2) -> 0 | FS38: 0 | FX38: 83 | FY38: 65 | GD38: 0 | GF38: -902764851 | GG38: 2 | GH38: 1 | GI38: -2 | GJ38: 0 | GK38: =ROUND(R38*(R12)/100,2) -> 0 | GL38: =ROUND(IF(AND(BH38=3,BI38=3,FS38<>0),P38,0),2) -> 0 | GM38: =ROUND(O38+X38+Y38+GK38,2)+GX38 -> 87.25 | GN38: =IF(OR(BI38=0,BI38=1),ROUND(O38+X38+Y38+GK38,2),0) -> 87.25 | GO38: =IF(BI38=2,ROUND(O38+X38+Y38+GK38,2),0) -> 0 | GP38: =IF(BI38=4,ROUND(O38+X38+Y38+GK38,2)+GX38,0) -> 0 | GR38: 0 | GS38: 3 | GT38: 0 | GV38: =ROUND(GT38,2) -> 0 | GW38: 1 | GX38: =ROUND(GV38*GW38*I38,2) -> 0 | HA38: 0 | HB38: 0 | IK38: 0
A39: 17 | B39: 1 | C39: =ROW(SmtRes!A20) -> 20 | D39: =ROW(EtalonRes!A20) -> 20 | E39: 3 | F39: 58-3-1 | G39: Разборка мелких покрытий и обделок из листовой стали поясков, сандриков, желобов, отливов, свесов и т.п. | H39: 100 м | I39: =ROUND((4.4+22+22+1.1)/100,9) -> 0.495 | J39: 0 | O39: =ROUND(CP39,2) -> 230.08 | P39: =ROUND(CQ39*I39,2) -> 0 | Q39: =ROUND(CR39*I39,2) -> 0.65 | R39: =ROUND(CS39*I39,2) -> 0 | S39: =ROUND(CT39*I39,2) -> 229.43 | T39: =ROUND(CU39*I39,2) -> 0 | U39: =CV39*I39 -> 4.5045 | V39: =CW39*I39 -> 0 | W39: =ROUND(CX39*I39,2) -> 0 | X39: =ROUND(CY39,2) -> 190.43 | Y39: =ROUND(CZ39,2) -> 149.13 | AA39: 27737228 | AB39: =ROUND((AC39+AD39+AF39),2) -> 71.18 | AC39: =ROUND((ES39),2) -> 0 | AD39: =ROUND((((ET39)-(EU39))+AE39),2) -> 0.2 | AE39: =ROUND((EU39),2) -> 0 | AF39: =ROUND((EV39),2) -> 70.98 | AG39: =ROUND((AP39),2) -> 0 | AH39: =(EW39) -> 9.1 | AI39: =(EX39) -> 0 | AJ39: =ROUND((AS39),2) -> 0 | AK39: 71.18 | AL39: 0 | AM39: 0.2 | AN39: 0 | AO39: 70.98 | AP39: 0 | AQ39: 9.1 | AR39: 0 | AS39: 0 | AT39: 83 | AU39: 65 | AV39: 1 | AW39: 1 | AZ39: 6.53 | BA39: 6.53 | BB39: 6.53 | BC39: 6.53 | BH39: 0 | BI39: 1 | BJ39: ФЕРр-2001, 58-3-1, приказ Минстроя России №1039/пр от 30.12.2016г. | BM39: 58001 | BN39: 0 | BP39: 0 | BQ39: 6 | BR39: 0 | BS39: 6.53 | BT39: 1 | BU39: 1 | BV39: 1 | BW39: 1 | BX39: 1 | BZ39: 83 | CA39: 65 | CF39: 0 | CG39: 0 | CM39: 0 | CO39: 0 | CP39: =(P39+Q39+S39) -> 230.08 | CQ39: =AC39*BC39 -> 0 | CR39: =AD39*BB39 -> 1.306 | CS39: =AE39*BS39 -> 0 | CT39: =AF39*BA39 -> 463.4994 | CU39: =AG39 -> 0 | CV39: =AH39 -> 9.1 | CW39: =AI39 -> 0 | CX39: =AJ39 -> 0 | CY39: =(((S39+R39)*AT39)/100) -> 190.4269 | CZ39: =(((S39+R39)*AU39)/100) -> 149.1295 | DN39: 0 | DO39: 0 | DP39: 1 | DQ39: 1 | DU39: 1003 | DV39: 100 м | DW39: 100 м | DX39: 100 | EE39: 27029103 | EF39: 6 | EG39: Ремонтно-строительные работы | EH39: 0 | EJ39: 1 | EK39: 58001 | EL39: Крыши, кровля | EM39: рФЕР-58 | EQ39: 0 | ER39: 71.18 | ES39: 0 | ET39: 0.2 | EU39: 0 | EV39: 70.98 | EW39: 9.1 | EX39: 0 | EY39: 0 | FQ39: 0 | FR39: =ROUND(IF(AND(BH39=3,BI39=3),P39,0),2) -> 0 | FS39: 0 | FX39: 83 | FY39: 65 | GD39: 0 | GF39: -902764851 | GG39: 1 | GH39: 1 | GI39: 4 | GJ39: 0 | GK39: =ROUND(R39*(S12)/100,2) -> 0 | GL39: =ROUND(IF(AND(BH39=3,BI39=3,FS39<>0),P39,0),2) -> 0 | GM39: =ROUND(O39+X39+Y39+GK39,2)+GX39 -> 569.64 | GN39: =IF(OR(BI39=0,BI39=1),ROUND(O39+X39+Y39+GK39,2),0) -> 569.64 | GO39: =IF(BI39=2,ROUND(O39+X39+Y39+GK39,2),0) -> 0 | GP39: =IF(BI39=4,ROUND(O39+X39+Y39+GK39,2)+GX39,0) -> 0 | GR39: 0 | GS39: 3 | GT39: 0 | GV39: =ROUND(GT39,2) -> 0 | GW39: 1 | GX39: =ROUND(GV39*GW39*I39,2) -> 0 | HA39: 0 | HB39: 0 | IK39: 0
A40: 18 | B40: 1 | C40: 17 | E40: 3,1 | F40: 01.7.07.07 | G40: Строительный мусор | H40: т | I40: =I38*J40 -> 0.0594 | J40: 0.12 | O40: =ROUND(CP40,2) -> 0 | P40: =ROUND(CQ40*I40,2) -> 0 | Q40: =ROUND(CR40*I40,2) -> 0 | R40: =ROUND(CS40*I40,2) -> 0 | S40: =ROUND(CT40*I40,2) -> 0 | T40: =ROUND(CU40*I40,2) -> 0 | U40: =CV40*I40 -> 0 | V40: =CW40*I40 -> 0 | W40: =ROUND(CX40*I40,2) -> 0 | X40: =ROUND(CY40,2) -> 0 | Y40: =ROUND(CZ40,2) -> 0 | AA40: 27737227 | AB40: =ROUND((AC40+AD40+AF40),2) -> 0 | AC40: =ROUND((ES40),2) -> 0 | AD40: =ROUND((((ET40)-(EU40))+AE40),2) -> 0 | AE40: =ROUND((EU40),2) -> 0 | AF40: =ROUND((EV40),2) -> 0 | AG40: =ROUND((AP40),2) -> 0 | AH40: =(EW40) -> 0 | AI40: =(EX40) -> 0 | AJ40: =ROUND((AS40),2) -> 0 | AK40: 0 | AL40: 0 | AM40: 0 | AN40: 0 | AO40: 0 | AP40: 0 | AQ40: 0 | AR40: 0 | AS40: 0 | AT40: 83 | AU40: 65 | AV40: 1 | AW40: 1 | AZ40: 1 | BA40: 1 | BB40: 1 | BC40: 1 | BH40: 3 | BI40: 1 | BM40: 58001 | BN40: 0 | BP40: 0 | BQ40: 6 | BR40: 0 | BS40: 1 | BT40: 1 | BU40: 1 | BV40: 1 | BW40: 1 | BX40: 1 | BZ40: 83 | CA40: 65 | CF40: 0 | CG40: 0 | CM40: 0 | CO40: 0 | CP40: =(P40+Q40+S40) -> 0 | CQ40: =AC40*BC40 -> 0 | CR40: =AD40*BB40 -> 0 | CS40: =AE40*BS40 -> 0 | CT40: =AF40*BA40 -> 0 | CU40: =AG40 -> 0 | CV40: =AH40 -> 0 | CW40: =AI40 -> 0 | CX40: =AJ40 -> 0 | CY40: =(((S40+R40)*AT40)/100) -> 0 | CZ40: =(((S40+R40)*AU40)/100) -> 0 | DN40: 0 | DO40: 0 | DP40: 1 | DQ40: 1 | DU40: 1009 | DV40: т | DW40: т | DX40: 1000 | EE40: 27029103 | EF40: 6 | EG40: Ремонтно-строительные работы | EH40: 0 | EJ40: 1 | EK40: 58001 | EL40: Крыши, кровля | EM40: рФЕР-58 | EQ40: 0 | ER40: 0 | ES40: 0 | ET40: 0 | EU40: 0 | EV40: 0 | EW40: 0 | EX40: 0 | FQ40: 0 | FR40: =ROUND(IF(AND(BH40=3,BI40=3),P40,0),2) -> 0 | FS40: 0 | FX40: 83 | FY40: 65 | GD40: 0 | GF40: -179832266 | GG40: 2 | GH40: 1 | GI40: -2 | GJ40: 0 | GK40: =ROUND(R40*(R12)/100,2) -> 0 | GL40: =ROUND(IF(AND(BH40=3,BI40=3,FS40<>0),P40,0),2) -> 0 | GM40: =ROUND(O40+X40+Y40+GK40,2)+GX40 -> 0 | GN40: =IF(OR(BI40=0,BI40=1),ROUND(O40+X40+Y40+GK40,2),0) -> 0 | GO40: =IF(BI40=2,ROUND(O40+X40+Y40+GK40,2),0) -> 0 | GP40: =IF(BI40=4,ROUND(O40+X40+Y40+GK40,2)+GX40,0) -> 0 | GR40: 0 | GS40: 3 | GT40: 0 | GV40: =ROUND(GT40,2) -> 0 | GW40: 1 | GX40: =ROUND(GV40*GW40*I40,2) -> 0 | HA40: 0 | HB40: 0 | IK40: 0
A41: 18 | B41: 1 | C41: 20 | E41: 3,1 | F41: 01.7.07.07 | G41: Строительный мусор | H41: т | I41: =I39*J41 -> 0.0594 | J41: 0.12 | O41: =ROUND(CP41,2) -> 0 | P41: =ROUND(CQ41*I41,2) -> 0 | Q41: =ROUND(CR41*I41,2) -> 0 | R41: =ROUND(CS41*I41,2) -> 0 | S41: =ROUND(CT41*I41,2) -> 0 | T41: =ROUND(CU41*I41,2) -> 0 | U41: =CV41*I41 -> 0 | V41: =CW41*I41 -> 0 | W41: =ROUND(CX41*I41,2) -> 0 | X41: =ROUND(CY41,2) -> 0 | Y41: =ROUND(CZ41,2) -> 0 | AA41: 27737228 | AB41: =ROUND((AC41+AD41+AF41),2) -> 0 | AC41: =ROUND((ES41),2) -> 0 | AD41: =ROUND((((ET41)-(EU41))+AE41),2) -> 0 | AE41: =ROUND((EU41),2) -> 0 | AF41: =ROUND((EV41),2) -> 0 | AG41: =ROUND((AP41),2) -> 0 | AH41: =(EW41) -> 0 | AI41: =(EX41) -> 0 | AJ41: =ROUND((AS41),2) -> 0 | AK41: 0 | AL41: 0 | AM41: 0 | AN41: 0 | AO41: 0 | AP41: 0 | AQ41: 0 | AR41: 0 | AS41: 0 | AT41: 83 | AU41: 65 | AV41: 1 | AW41: 1 | AZ41: 6.53 | BA41: 1 | BB41: 1 | BC41: 6.53 | BH41: 3 | BI41: 1 | BM41: 58001 | BN41: 0 | BP41: 0 | BQ41: 6 | BR41: 0 | BS41: 1 | BT41: 1 | BU41: 1 | BV41: 1 | BW41: 1 | BX41: 1 | BZ41: 83 | CA41: 65 | CF41: 0 | CG41: 0 | CM41: 0 | CO41: 0 | CP41: =(P41+Q41+S41) -> 0 | CQ41: =AC41*BC41 -> 0 | CR41: =AD41*BB41 -> 0 | CS41: =AE41*BS41 -> 0 | CT41: =AF41*BA41 -> 0 | CU41: =AG41 -> 0 | CV41: =AH41 -> 0 | CW41: =AI41 -> 0 | CX41: =AJ41 -> 0 | CY41: =(((S41+R41)*AT41)/100) -> 0 | CZ41: =(((S41+R41)*AU41)/100) -> 0 | DN41: 0 | DO41: 0 | DP41: 1 | DQ41: 1 | DU41: 1009 | DV41: т | DW41: т | DX41: 1000 | EE41: 27029103 | EF41: 6 | EG41: Ремонтно-строительные работы | EH41: 0 | EJ41: 1 | EK41: 58001 | EL41: Крыши, кровля | EM41: рФЕР-58 | EQ41: 0 | ER41: 0 | ES41: 0 | ET41: 0 | EU41: 0 | EV41: 0 | EW41: 0 | EX41: 0 | FQ41: 0 | FR41: =ROUND(IF(AND(BH41=3,BI41=3),P41,0),2) -> 0 | FS41: 0 | FX41: 83 | FY41: 65 | GD41: 0 | GF41: -179832266 | GG41: 1 | GH41: 1 | GI41: 4 | GJ41: 0 | GK41: =ROUND(R41*(S12)/100,2) -> 0 | GL41: =ROUND(IF(AND(BH41=3,BI41=3,FS41<>0),P41,0),2) -> 0 | GM41: =ROUND(O41+X41+Y41+GK41,2)+GX41 -> 0 | GN41: =IF(OR(BI41=0,BI41=1),ROUND(O41+X41+Y41+GK41,2),0) -> 0 | GO41: =IF(BI41=2,ROUND(O41+X41+Y41+GK41,2),0) -> 0 | GP41: =IF(BI41=4,ROUND(O41+X41+Y41+GK41,2)+GX41,0) -> 0 | GR41: 0 | GS41: 3 | GT41: 0 | GV41: =ROUND(GT41,2) -> 0 | GW41: 1 | GX41: =ROUND(GV41*GW41*I41,2) -> 0 | HA41: 0 | HB41: 0 | IK41: 0
A42: 17 | B42: 1 | C42: =ROW(SmtRes!A23) -> 23 | D42: =ROW(EtalonRes!A23) -> 23 | E42: 4 | F42: 46-04-012-03 | G42: Разборка деревянных заполнений проемов дверных и воротных | H42: 100 м2 | I42: =ROUND((3.08+1.89+3.78+2.1+5.67)/100,9) -> 0.1652 | J42: 0 | O42: =ROUND(CP42,2) -> 178.84 | P42: =ROUND(CQ42*I42,2) -> 0 | Q42: =ROUND(CR42*I42,2) -> 39.97 | R42: =ROUND(CS42*I42,2) -> 17.26 | S42: =ROUND(CT42*I42,2) -> 138.87 | T42: =ROUND(CU42*I42,2) -> 0 | U42: =CV42*I42 -> 17.165932 | V42: =CW42*I42 -> 1.278648 | W42: =ROUND(CX42*I42,2) -> 0 | X42: =ROUND(CY42,2) -> 154.57 | Y42: =ROUND(CZ42,2) -> 93.68 | AA42: 27737227 | AB42: =ROUND((AC42+AD42+AF42),2) -> 1082.58 | AC42: =ROUND((ES42),2) -> 0 | AD42: =ROUND((((ET42)-(EU42))+AE42),2) -> 241.95 | AE42: =ROUND((EU42),2) -> 104.49 | AF42: =ROUND((EV42),2) -> 840.63 | AG42: =ROUND((AP42),2) -> 0 | AH42: =(EW42) -> 103.91 | AI42: =(EX42) -> 7.74 | AJ42: =ROUND((AS42),2) -> 0 | AK42: 1082.58 | AL42: 0 | AM42: 241.95 | AN42: 104.49 | AO42: 840.63 | AP42: 0 | AQ42: 103.91 | AR42: 7.74 | AS42: 0 | AT42: 99 | AU42: 60 | AV42: 1 | AW42: 1 | AZ42: 1 | BA42: 1 | BB42: 1 | BC42: 1 | BH42: 0 | BI42: 1 | BJ42: ФЕР-2001, 46-04-012-03, приказ Минстроя России №1039/пр от 30.12.2016г. | BM42: 46001 | BN42: 0 | BP42: 0 | BQ42: 2 | BR42: 0 | BS42: 1 | BT42: 1 | BU42: 1 | BV42: 1 | BW42: 1 | BX42: 1 | BZ42: 110 | CA42: 70 | CF42: 0 | CG42: 0 | CM42: 0 | CO42: 0 | CP42: =(P42+Q42+S42) -> 178.84 | CQ42: =AC42*BC42 -> 0 | CR42: =AD42*BB42 -> 241.95 | CS42: =AE42*BS42 -> 104.49 | CT42: =AF42*BA42 -> 840.63 | CU42: =AG42 -> 0 | CV42: =AH42 -> 103.91 | CW42: =AI42 -> 7.74 | CX42: =AJ42 -> 0 | CY42: =(((S42+R42)*AT42)/100) -> 154.5687 | CZ42: =(((S42+R42)*AU42)/100) -> 93.678 | DN42: 0 | DO42: 0 | DP42: 1 | DQ42: 1 | DU42: 1005 | DV42: 100 м2 | DW42: 100 м2 | DX42: 100 | EE42: 27029091 | EF42: 2 | EG42: Общестроительные работы | EH42: 0 | EJ42: 1 | EK42: 46001 | EL42: Реконструкция зданий и сооружений | EM42: ФЕР-46 | EQ42: 0 | ER42: 1082.58 | ES42: 0 | ET42: 241.95 | EU42: 104.49 | EV42: 840.63 | EW42: 103.91 | EX42: 7.74 | EY42: 0 | FQ42: 0 | FR42: =ROUND(IF(AND(BH42=3,BI42=3),P42,0),2) -> 0 | FS42: 0 | FT42: *0,9 | FU42: *0,85 | FX42: 99 | FY42: 59.5 | GD42: 0 | GF42: 309229644 | GG42: 2 | GH42: 1 | GI42: -2 | GJ42: 0 | GK42: =ROUND(R42*(R12)/100,2) -> 0 | GL42: =ROUND(IF(AND(BH42=3,BI42=3,FS42<>0),P42,0),2) -> 0 | GM42: =ROUND(O42+X42+Y42+GK42,2)+GX42 -> 427.09 | GN42: =IF(OR(BI42=0,BI42=1),ROUND(O42+X42+Y42+GK42,2),0) -> 427.09 | GO42: =IF(BI42=2,ROUND(O42+X42+Y42+GK42,2),0) -> 0 | GP42: =IF(BI42=4,ROUND(O42+X42+Y42+GK42,2)+GX42,0) -> 0 | GR42: 0 | GS42: 3 | GT42: 0 | GV42: =ROUND(GT42,2) -> 0 | GW42: 1 | GX42: =ROUND(GV42*GW42*I42,2) -> 0 | HA42: 0 | HB42: 0 | IK42: 0
A43: 17 | B43: 1 | C43: =ROW(SmtRes!A26) -> 26 | D43: =ROW(EtalonRes!A26) -> 26 | E43: 4 | F43: 46-04-012-03 | G43: Разборка деревянных заполнений проемов дверных и воротных | H43: 100 м2 | I43: =ROUND((3.08+1.89+3.78+2.1+5.67)/100,9) -> 0.1652 | J43: 0 | O43: =ROUND(CP43,2) -> 1167.84 | P43: =ROUND(CQ43*I43,2) -> 0 | Q43: =ROUND(CR43*I43,2) -> 261.01 | R43: =ROUND(CS43*I43,2) -> 112.72 | S43: =ROUND(CT43*I43,2) -> 906.83 | T43: =ROUND(CU43*I43,2) -> 0 | U43: =CV43*I43 -> 17.165932 | V43: =CW43*I43 -> 1.278648 | W43: =ROUND(CX43*I43,2) -> 0 | X43: =ROUND(CY43,2) -> 1009.35 | Y43: =ROUND(CZ43,2) -> 611.73 | AA43: 27737228 | AB43: =ROUND((AC43+AD43+AF43),2) -> 1082.58 | AC43: =ROUND((ES43),2) -> 0 | AD43: =ROUND((((ET43)-(EU43))+AE43),2) -> 241.95 | AE43: =ROUND((EU43),2) -> 104.49 | AF43: =ROUND((EV43),2) -> 840.63 | AG43: =ROUND((AP43),2) -> 0 | AH43: =(EW43) -> 103.91 | AI43: =(EX43) -> 7.74 | AJ43: =ROUND((AS43),2) -> 0 | AK43: 1082.58 | AL43: 0 | AM43: 241.95 | AN43: 104.49 | AO43: 840.63 | AP43: 0 | AQ43: 103.91 | AR43: 7.74 | AS43: 0 | AT43: 99 | AU43: 60 | AV43: 1 | AW43: 1 | AZ43: 6.53 | BA43: 6.53 | BB43: 6.53 | BC43: 6.53 | BH43: 0 | BI43: 1 | BJ43: ФЕР-2001, 46-04-012-03, приказ Минстроя России №1039/пр от 30.12.2016г. | BM43: 46001 | BN43: 0 | BP43: 0 | BQ43: 2 | BR43: 0 | BS43: 6.53 | BT43: 1 | BU43: 1 | BV43: 1 | BW43: 1 | BX43: 1 | BZ43: 110 | CA43: 70 | CF43: 0 | CG43: 0 | CM43: 0 | CO43: 0 | CP43: =(P43+Q43+S43) -> 1167.84 | CQ43: =AC43*BC43 -> 0 | CR43: =AD43*BB43 -> 1579.9335 | CS43: =AE43*BS43 -> 682.3197 | CT43: =AF43*BA43 -> 5489.3139 | CU43: =AG43 -> 0 | CV43: =AH43 -> 103.91 | CW43: =AI43 -> 7.74 | CX43: =AJ43 -> 0 | CY43: =(((S43+R43)*AT43)/100) -> 1009.3545 | CZ43: =(((S43+R43)*AU43)/100) -> 611.73 | DN43: 0 | DO43: 0 | DP43: 1 | DQ43: 1 | DU43: 1005 | DV43: 100 м2 | DW43: 100 м2 | DX43: 100 | EE43: 27029091 | EF43: 2 | EG43: Общестроительные работы | EH43: 0 | EJ43: 1 | EK43: 46001 | EL43: Реконструкция зданий и сооружений | EM43: ФЕР-46 | EQ43: 0 | ER43: 1082.58 | ES43: 0 | ET43: 241.95 | EU43: 104.49 | EV43: 840.63 | EW43: 103.91 | EX43: 7.74 | EY43: 0 | FQ43: 0 | FR43: =ROUND(IF(AND(BH43=3,BI43=3),P43,0),2) -> 0 | FS43: 0 | FT43: *0,9 | FU43: *0,85 | FX43: 99 | FY43: 59.5 | GD43: 0 | GF43: 309229644 | GG43: 1 | GH43: 1 | GI43: 4 | GJ43: 0 | GK43: =ROUND(R43*(S12)/100,2) -> 0 | GL43: =ROUND(IF(AND(BH43=3,BI43=3,FS43<>0),P43,0),2) -> 0 | GM43: =ROUND(O43+X43+Y43+GK43,2)+GX43 -> 2788.92 | GN43: =IF(OR(BI43=0,BI43=1),ROUND(O43+X43+Y43+GK43,2),0) -> 2788.92 | GO43: =IF(BI43=2,ROUND(O43+X43+Y43+GK43,2),0) -> 0 | GP43: =IF(BI43=4,ROUND(O43+X43+Y43+GK43,2)+GX43,0) -> 0 | GR43: 0 | GS43: 3 | GT43: 0 | GV43: =ROUND(GT43,2) -> 0 | GW43: 1 | GX43: =ROUND(GV43*GW43*I43,2) -> 0 | HA43: 0 | HB43: 0 | IK43: 0
A44: 17 | B44: 1 | C44: =ROW(SmtRes!A33) -> 33 | D44: =ROW(EtalonRes!A35) -> 35 | E44: 5 | F44: 09-04-012-01 | G44: Демонтаж металлических дверных блоков в готовые проемы | H44: м2 | I44: =ROUND((4.56*3)+6.72+2.1,9) -> 22.5 | J44: 0 | O44: =ROUND(CP44,2) -> 602.11 | P44: =ROUND(CQ44*I44,2) -> 0 | Q44: =ROUND(CR44*I44,2) -> 227.03 | R44: =ROUND(CS44*I44,2) -> 31.05 | S44: =ROUND(CT44*I44,2) -> 375.08 | T44: =ROUND(CU44*I44,2) -> 0 | U44: =CV44*I44 -> 37.8 | V44: =CW44*I44 -> 2.6775 | W44: =ROUND(CX44*I44,2) -> 0 | X44: =ROUND(CY44,2) -> 328.97 | Y44: =ROUND(CZ44,2) -> 292.41 | AA44: 27737227 | AB44: =ROUND((AC44+AD44+AF44),2) -> 26.76 | AC44: =ROUND(((ES44*0)),2) -> 0 | AD44: =ROUND(((((ET44*0.7))-((EU44*0.7)))+AE44),2) -> 10.09 | AE44: =ROUND(((EU44*0.7)),2) -> 1.38 | AF44: =ROUND(((EV44*0.7)),2) -> 16.67 | AG44: =ROUND((AP44),2) -> 0 | AH44: =((EW44*0.7)) -> 1.68 | AI44: =((EX44*0.7)) -> 0.119 | AJ44: =ROUND((AS44),2) -> 0 | AK44: 63.94 | AL44: 25.72 | AM44: 14.41 | AN44: 1.97 | AO44: 23.81 | AP44: 0 | AQ44: 2.4 | AR44: 0.17 | AS44: 0 | AT44: 81 | AU44: 72 | AV44: 1 | AW44: 1 | AZ44: 1 | BA44: 1 | BB44: 1 | BC44: 1 | BH44: 0 | BI44: 1 | BJ44: ФЕР-2001, 09-04-012-01, приказ Минстроя России №1039/пр от 30.12.2016г. | BM44: 9001 | BN44: 0 | BP44: 0 | BQ44: 2 | BR44: 0 | BS44: 1 | BT44: 1 | BU44: 1 | BV44: 1 | BW44: 1 | BX44: 1 | BZ44: 90 | CA44: 85 | CF44: 0 | CG44: 0 | CM44: 0 | CN44: Поправка: МДС 81-36.2004, п.3.3.1.д Наименование: При демонтаже металлических конструкций | CO44: 0 | CP44: =(P44+Q44+S44) -> 602.11 | CQ44: =AC44*BC44 -> 0 | CR44: =AD44*BB44 -> 10.09 | CS44: =AE44*BS44 -> 1.38 | CT44: =AF44*BA44 -> 16.67 | CU44: =AG44 -> 0 | CV44: =AH44 -> 1.68 | CW44: =AI44 -> 0.119 | CX44: =AJ44 -> 0 | CY44: =(((S44+R44)*AT44)/100) -> 328.9653 | CZ44: =(((S44+R44)*AU44)/100) -> 292.4136 | DD44: )*0 | DE44: )*0,7 | DF44: )*0,7 | DG44: )*0,7 | DI44: )*0,7 | DJ44: )*0,7 | DN44: 0 | DO44: 0 | DP44: 1 | DQ44: 1 | DU44: 1005 | DV44: м2 | DW44: м2 | DX44: 1 | EE44: 27029022 | EF44: 2 | EG44: Общестроительные работы | EH44: 0 | EJ44: 1 | EK44: 9001 | EL44: Металлические конструкции | EM44: ФЕР-09 | EO44: Поправка: МДС 81-36.2004, п.3.3.1.д | EQ44: 0 | ER44: 63.94 | ES44: 25.72 | ET44: 14.41 | EU44: 1.97 | EV44: 23.81 | EW44: 2.4 | EX44: 0.17 | EY44: 0 | FQ44: 0 | FR44: =ROUND(IF(AND(BH44=3,BI44=3),P44,0),2) -> 0 | FS44: 0 | FT44: *0,9 | FU44: *0,85 | FX44: 81 | FY44: 72.25 | GD44: 0 | GF44: 574798821 | GG44: 2 | GH44: 1 | GI44: -2 | GJ44: 0 | GK44: =ROUND(R44*(R12)/100,2) -> 0 | GL44: =ROUND(IF(AND(BH44=3,BI44=3,FS44<>0),P44,0),2) -> 0 | GM44: =ROUND(O44+X44+Y44+GK44,2)+GX44 -> 1223.49 | GN44: =IF(OR(BI44=0,BI44=1),ROUND(O44+X44+Y44+GK44,2),0) -> 1223.49 | GO44: =IF(BI44=2,ROUND(O44+X44+Y44+GK44,2),0) -> 0 | GP44: =IF(BI44=4,ROUND(O44+X44+Y44+GK44,2)+GX44,0) -> 0 | GR44: 0 | GS44: 3 | GT44: 0 | GV44: =ROUND(GT44,2) -> 0 | GW44: 1 | GX44: =ROUND(GV44*GW44*I44,2) -> 0 | HA44: 0 | HB44: 0 | IK44: 0
A45: 17 | B45: 1 | C45: =ROW(SmtRes!A40) -> 40 | D45: =ROW(EtalonRes!A44) -> 44 | E45: 5 | F45: 09-04-012-01 | G45: Демонтаж металлических дверных блоков в готовые проемы | H45: м2 | I45: =ROUND((4.56*3)+6.72+2.1,9) -> 22.5 | J45: 0 | O45: =ROUND(CP45,2) -> 3931.71 | P45: =ROUND(CQ45*I45,2) -> 0 | Q45: =ROUND(CR45*I45,2) -> 1482.47 | R45: =ROUND(CS45*I45,2) -> 202.76 | S45: =ROUND(CT45*I45,2) -> 2449.24 | T45: =ROUND(CU45*I45,2) -> 0 | U45: =CV45*I45 -> 37.8 | V45: =CW45*I45 -> 2.6775 | W45: =ROUND(CX45*I45,2) -> 0 | X45: =ROUND(CY45,2) -> 2148.12 | Y45: =ROUND(CZ45,2) -> 1909.44 | AA45: 27737228 | AB45: =ROUND((AC45+AD45+AF45),2) -> 26.76 | AC45: =ROUND(((ES45*0)),2) -> 0 | AD45: =ROUND(((((ET45*0.7))-((EU45*0.7)))+AE45),2) -> 10.09 | AE45: =ROUND(((EU45*0.7)),2) -> 1.38 | AF45: =ROUND(((EV45*0.7)),2) -> 16.67 | AG45: =ROUND((AP45),2) -> 0 | AH45: =((EW45*0.7)) -> 1.68 | AI45: =((EX45*0.7)) -> 0.119 | AJ45: =ROUND((AS45),2) -> 0 | AK45: 63.94 | AL45: 25.72 | AM45: 14.41 | AN45: 1.97 | AO45: 23.81 | AP45: 0 | AQ45: 2.4 | AR45: 0.17 | AS45: 0 | AT45: 81 | AU45: 72 | AV45: 1 | AW45: 1 | AZ45: 6.53 | BA45: 6.53 | BB45: 6.53 | BC45: 6.53 | BH45: 0 | BI45: 1 | BJ45: ФЕР-2001, 09-04-012-01, приказ Минстроя России №1039/пр от 30.12.2016г. | BM45: 9001 | BN45: 0 | BP45: 0 | BQ45: 2 | BR45: 0 | BS45: 6.53 | BT45: 1 | BU45: 1 | BV45: 1 | BW45: 1 | BX45: 1 | BZ45: 90 | CA45: 85 | CF45: 0 | CG45: 0 | CM45: 0 | CN45: Поправка: МДС 81-36.2004, п.3.3.1.д Наименование: При демонтаже металлических конструкций | CO45: 0 | CP45: =(P45+Q45+S45) -> 3931.71 | CQ45: =AC45*BC45 -> 0 | CR45: =AD45*BB45 -> 65.8877 | CS45: =AE45*BS45 -> 9.0114 | CT45: =AF45*BA45 -> 108.8551 | CU45: =AG45 -> 0 | CV45: =AH45 -> 1.68 | CW45: =AI45 -> 0.119 | CX45: =AJ45 -> 0 | CY45: =(((S45+R45)*AT45)/100) -> 2148.12 | CZ45: =(((S45+R45)*AU45)/100) -> 1909.44 | DD45: )*0 | DE45: )*0,7 | DF45: )*0,7 | DG45: )*0,7 | DI45: )*0,7 | DJ45: )*0,7 | DN45: 0 | DO45: 0 | DP45: 1 | DQ45: 1 | DU45: 1005 | DV45: м2 | DW45: м2 | DX45: 1 | EE45: 27029022 | EF45: 2 | EG45: Общестроительные работы | EH45: 0 | EJ45: 1 | EK45: 9001 | EL45: Металлические конструкции | EM45: ФЕР-09 | EO45: Поправка: МДС 81-36.2004, п.3.3.1.д | EQ45: 0 | ER45: 63.94 | ES45: 25.72 | ET45: 14.41 | EU45: 1.97 | EV45: 23.81 | EW45: 2.4 | EX45: 0.17 | EY45: 0 | FQ45: 0 | FR45: =ROUND(IF(AND(BH45=3,BI45=3),P45,0),2) -> 0 | FS45: 0 | FT45: *0,9 | FU45: *0,85 | FX45: 81 | FY45: 72.25 | GD45: 0 | GF45: 574798821 | GG45: 1 | GH45: 1 | GI45: 4 | GJ45: 0 | GK45: =ROUND(R45*(S12)/100,2) -> 0 | GL45: =ROUND(IF(AND(BH45=3,BI45=3,FS45<>0),P45,0),2) -> 0 | GM45: =ROUND(O45+X45+Y45+GK45,2)+GX45 -> 7989.27 | GN45: =IF(OR(BI45=0,BI45=1),ROUND(O45+X45+Y45+GK45,2),0) -> 7989.27 | GO45: =IF(BI45=2,ROUND(O45+X45+Y45+GK45,2),0) -> 0 | GP45: =IF(BI45=4,ROUND(O45+X45+Y45+GK45,2)+GX45,0) -> 0 | GR45: 0 | GS45: 3 | GT45: 0 | GV45: =ROUND(GT45,2) -> 0 | GW45: 1 | GX45: =ROUND(GV45*GW45*I45,2) -> 0 | HA45: 0 | HB45: 0 | IK45: 0
A46: 17 | B46: 1 | C46: =ROW(SmtRes!A45) -> 45 | D46: =ROW(EtalonRes!A49) -> 49 | E46: 6 | F46: 63-7-5 | G46: Разборка облицовки стен из керамических глазурованных плиток | H46: 100 м2 | I46: =ROUND(10.8/100,9) -> 0.108 | J46: 0 | O46: =ROUND(CP46,2) -> 70.63 | P46: =ROUND(CQ46*I46,2) -> 0 | Q46: =ROUND(CR46*I46,2) -> 7.48 | R46: =ROUND(CS46*I46,2) -> 0.51 | S46: =ROUND(CT46*I46,2) -> 63.15 | T46: =ROUND(CU46*I46,2) -> 0 | U46: =CV46*I46 -> 8.0244 | V46: =CW46*I46 -> 0.0378 | W46: =ROUND(CX46*I46,2) -> 0 | X46: =ROUND(CY46,2) -> 49.02 | Y46: =ROUND(CZ46,2) -> 31.83 | AA46: 27737227 | AB46: =ROUND((AC46+AD46+AF46),2) -> 654 | AC46: =ROUND((ES46),2) -> 0 | AD46: =ROUND((((ET46)-(EU46))+AE46),2) -> 69.26 | AE46: =ROUND((EU46),2) -> 4.73 | AF46: =ROUND((EV46),2) -> 584.74 | AG46: =ROUND((AP46),2) -> 0 | AH46: =(EW46) -> 74.3 | AI46: =(EX46) -> 0.35 | AJ46: =ROUND((AS46),2) -> 0 | AK46: 654 | AL46: 0 | AM46: 69.26 | AN46: 4.73 | AO46: 584.74 | AP46: 0 | AQ46: 74.3 | AR46: 0.35 | AS46: 0 | AT46: 77 | AU46: 50 | AV46: 1 | AW46: 1 | AZ46: 1 | BA46: 1 | BB46: 1 | BC46: 1 | BH46: 0 | BI46: 1 | BJ46: ФЕРр-2001, 63-7-5, приказ Минстроя России №1039/пр от 30.12.2016г. | BM46: 63001 | BN46: 0 | BP46: 0 | BQ46: 6 | BR46: 0 | BS46: 1 | BT46: 1 | BU46: 1 | BV46: 1 | BW46: 1 | BX46: 1 | BZ46: 77 | CA46: 50 | CF46: 0 | CG46: 0 | CM46: 0 | CO46: 0 | CP46: =(P46+Q46+S46) -> 70.63 | CQ46: =AC46*BC46 -> 0 | CR46: =AD46*BB46 -> 69.26 | CS46: =AE46*BS46 -> 4.73 | CT46: =AF46*BA46 -> 584.74 | CU46: =AG46 -> 0 | CV46: =AH46 -> 74.3 | CW46: =AI46 -> 0.35 | CX46: =AJ46 -> 0 | CY46: =(((S46+R46)*AT46)/100) -> 49.0182 | CZ46: =(((S46+R46)*AU46)/100) -> 31.83 | DN46: 0 | DO46: 0 | DP46: 1 | DQ46: 1 | DU46: 1005 | DV46: 100 м2 | DW46: 100 м2 | DX46: 100 | EE46: 27029108 | EF46: 6 | EG46: Ремонтно-строительные работы | EH46: 0 | EJ46: 1 | EK46: 63001 | EL46: Стекольные, обойные, облицовочные работы | EM46: рФЕР-63 | EQ46: 0 | ER46: 654 | ES46: 0 | ET46: 69.26 | EU46: 4.73 | EV46: 584.74 | EW46: 74.3 | EX46: 0.35 | EY46: 0 | FQ46: 0 | FR46: =ROUND(IF(AND(BH46=3,BI46=3),P46,0),2) -> 0 | FS46: 0 | FX46: 77 | FY46: 50 | GD46: 0 | GF46: 1410032296 | GG46: 2 | GH46: 1 | GI46: -2 | GJ46: 0 | GK46: =ROUND(R46*(R12)/100,2) -> 0 | GL46: =ROUND(IF(AND(BH46=3,BI46=3,FS46<>0),P46,0),2) -> 0 | GM46: =ROUND(O46+X46+Y46+GK46,2)+GX46 -> 151.48 | GN46: =IF(OR(BI46=0,BI46=1),ROUND(O46+X46+Y46+GK46,2),0) -> 151.48 | GO46: =IF(BI46=2,ROUND(O46+X46+Y46+GK46,2),0) -> 0 | GP46: =IF(BI46=4,ROUND(O46+X46+Y46+GK46,2)+GX46,0) -> 0 | GR46: 0 | GS46: 3 | GT46: 0 | GV46: =ROUND(GT46,2) -> 0 | GW46: 1 | GX46: =ROUND(GV46*GW46*I46,2) -> 0 | HA46: 0 | HB46: 0 | IK46: 0
A47: 17 | B47: 1 | C47: =ROW(SmtRes!A50) -> 50 | D47: =ROW(EtalonRes!A54) -> 54 | E47: 6 | F47: 63-7-5 | G47: Разборка облицовки стен из керамических глазурованных плиток | H47: 100 м2 | I47: =ROUND(10.8/100,9) -> 0.108 | J47: 0 | O47: =ROUND(CP47,2) -> 461.22 | P47: =ROUND(CQ47*I47,2) -> 0 | Q47: =ROUND(CR47*I47,2) -> 48.84 | R47: =ROUND(CS47*I47,2) -> 3.34 | S47: =ROUND(CT47*I47,2) -> 412.38 | T47: =ROUND(CU47*I47,2) -> 0 | U47: =CV47*I47 -> 8.0244 | V47: =CW47*I47 -> 0.0378 | W47: =ROUND(CX47*I47,2) -> 0 | X47: =ROUND(CY47,2) -> 320.1 | Y47: =ROUND(CZ47,2) -> 207.86 | AA47: 27737228 | AB47: =ROUND((AC47+AD47+AF47),2) -> 654 | AC47: =ROUND((ES47),2) -> 0 | AD47: =ROUND((((ET47)-(EU47))+AE47),2) -> 69.26 | AE47: =ROUND((EU47),2) -> 4.73 | AF47: =ROUND((EV47),2) -> 584.74 | AG47: =ROUND((AP47),2) -> 0 | AH47: =(EW47) -> 74.3 | AI47: =(EX47) -> 0.35 | AJ47: =ROUND((AS47),2) -> 0 | AK47: 654 | AL47: 0 | AM47: 69.26 | AN47: 4.73 | AO47: 584.74 | AP47: 0 | AQ47: 74.3 | AR47: 0.35 | AS47: 0 | AT47: 77 | AU47: 50 | AV47: 1 | AW47: 1 | AZ47: 6.53 | BA47: 6.53 | BB47: 6.53 | BC47: 6.53 | BH47: 0 | BI47: 1 | BJ47: ФЕРр-2001, 63-7-5, приказ Минстроя России №1039/пр от 30.12.2016г. | BM47: 63001 | BN47: 0 | BP47: 0 | BQ47: 6 | BR47: 0 | BS47: 6.53 | BT47: 1 | BU47: 1 | BV47: 1 | BW47: 1 | BX47: 1 | BZ47: 77 | CA47: 50 | CF47: 0 | CG47: 0 | CM47: 0 | CO47: 0 | CP47: =(P47+Q47+S47) -> 461.22 | CQ47: =AC47*BC47 -> 0 | CR47: =AD47*BB47 -> 452.2678 | CS47: =AE47*BS47 -> 30.8869 | CT47: =AF47*BA47 -> 3818.3522 | CU47: =AG47 -> 0 | CV47: =AH47 -> 74.3 | CW47: =AI47 -> 0.35 | CX47: =AJ47 -> 0 | CY47: =(((S47+R47)*AT47)/100) -> 320.1044 | CZ47: =(((S47+R47)*AU47)/100) -> 207.86 | DN47: 0 | DO47: 0 | DP47: 1 | DQ47: 1 | DU47: 1005 | DV47: 100 м2 | DW47: 100 м2 | DX47: 100 | EE47: 27029108 | EF47: 6 | EG47: Ремонтно-строительные работы | EH47: 0 | EJ47: 1 | EK47: 63001 | EL47: Стекольные, обойные, облицовочные работы | EM47: рФЕР-63 | EQ47: 0 | ER47: 654 | ES47: 0 | ET47: 69.26 | EU47: 4.73 | EV47: 584.74 | EW47: 74.3 | EX47: 0.35 | EY47: 0 | FQ47: 0 | FR47: =ROUND(IF(AND(BH47=3,BI47=3),P47,0),2) -> 0 | FS47: 0 | FX47: 77 | FY47: 50 | GD47: 0 | GF47: 1410032296 | GG47: 1 | GH47: 1 | GI47: 4 | GJ47: 0 | GK47: =ROUND(R47*(S12)/100,2) -> 0 | GL47: =ROUND(IF(AND(BH47=3,BI47=3,FS47<>0),P47,0),2) -> 0 | GM47: =ROUND(O47+X47+Y47+GK47,2)+GX47 -> 989.18 | GN47: =IF(OR(BI47=0,BI47=1),ROUND(O47+X47+Y47+GK47,2),0) -> 989.18 | GO47: =IF(BI47=2,ROUND(O47+X47+Y47+GK47,2),0) -> 0 | GP47: =IF(BI47=4,ROUND(O47+X47+Y47+GK47,2)+GX47,0) -> 0 | GR47: 0 | GS47: 3 | GT47: 0 | GV47: =ROUND(GT47,2) -> 0 | GW47: 1 | GX47: =ROUND(GV47*GW47*I47,2) -> 0 | HA47: 0 | HB47: 0 | IK47: 0
A48: 17 | B48: 1 | C48: =ROW(SmtRes!A53) -> 53 | D48: =ROW(EtalonRes!A57) -> 57 | E48: 7 | F48: 65-30-7 | G48: Разборка воздуховодов из листовой стали толщиной 1-2 мм диаметром/периметром до 320 мм /1000 мм | H48: 100 м2 | I48: =ROUND(8.48/100,9) -> 0.0848 | J48: 0 | O48: =ROUND(CP48,2) -> 36.78 | P48: =ROUND(CQ48*I48,2) -> 0 | Q48: =ROUND(CR48*I48,2) -> 1.99 | R48: =ROUND(CS48*I48,2) -> 0.86 | S48: =ROUND(CT48*I48,2) -> 34.79 | T48: =ROUND(CU48*I48,2) -> 0 | U48: =CV48*I48 -> 4.07888 | V48: =CW48*I48 -> 0.0636 | W48: =ROUND(CX48*I48,2) -> 0 | X48: =ROUND(CY48,2) -> 26.38 | Y48: =ROUND(CZ48,2) -> 17.83 | AA48: 27737227 | AB48: =ROUND((AC48+AD48+AF48),2) -> 433.74 | AC48: =ROUND((ES48),2) -> 0 | AD48: =ROUND((((ET48)-(EU48))+AE48),2) -> 23.45 | AE48: =ROUND((EU48),2) -> 10.13 | AF48: =ROUND((EV48),2) -> 410.29 | AG48: =ROUND((AP48),2) -> 0 | AH48: =(EW48) -> 48.1 | AI48: =(EX48) -> 0.75 | AJ48: =ROUND((AS48),2) -> 0 | AK48: 433.74 | AL48: 0 | AM48: 23.45 | AN48: 10.13 | AO48: 410.29 | AP48: 0 | AQ48: 48.1 | AR48: 0.75 | AS48: 0 | AT48: 74 | AU48: 50 | AV48: 1 | AW48: 1 | AZ48: 1 | BA48: 1 | BB48: 1 | BC48: 1 | BH48: 0 | BI48: 1 | BJ48: ФЕРр-2001, 65-30-7, приказ Минстроя России №1039/пр от 30.12.2016г. | BM48: 65005 | BN48: 0 | BP48: 0 | BQ48: 6 | BR48: 0 | BS48: 1 | BT48: 1 | BU48: 1 | BV48: 1 | BW48: 1 | BX48: 1 | BZ48: 74 | CA48: 50 | CF48: 0 | CG48: 0 | CM48: 0 | CO48: 0 | CP48: =(P48+Q48+S48) -> 36.78 | CQ48: =AC48*BC48 -> 0 | CR48: =AD48*BB48 -> 23.45 | CS48: =AE48*BS48 -> 10.13 | CT48: =AF48*BA48 -> 410.29 | CU48: =AG48 -> 0 | CV48: =AH48 -> 48.1 | CW48: =AI48 -> 0.75 | CX48: =AJ48 -> 0 | CY48: =(((S48+R48)*AT48)/100) -> 26.381 | CZ48: =(((S48+R48)*AU48)/100) -> 17.825 | DN48: 0 | DO48: 0 | DP48: 1 | DQ48: 1 | DU48: 1005 | DV48: 100 м2 | DW48: 100 м2 | DX48: 100 | EE48: 27029120 | EF48: 6 | EG48: Ремонтно-строительные работы | EH48: 0 | EJ48: 1 | EK48: 65005 | EL48: Внтуренниие с/техработы: демонтаж, разборка, промывка | EM48: рФЕР-65 | EQ48: 0 | ER48: 433.74 | ES48: 0 | ET48: 23.45 | EU48: 10.13 | EV48: 410.29 | EW48: 48.1 | EX48: 0.75 | EY48: 0 | FQ48: 0 | FR48: =ROUND(IF(AND(BH48=3,BI48=3),P48,0),2) -> 0 | FS48: 0 | FX48: 74 | FY48: 50 | GD48: 0 | GF48: -812239196 | GG48: 2 | GH48: 1 | GI48: -2 | GJ48: 0 | GK48: =ROUND(R48*(R12)/100,2) -> 0 | GL48: =ROUND(IF(AND(BH48=3,BI48=3,FS48<>0),P48,0),2) -> 0 | GM48: =ROUND(O48+X48+Y48+GK48,2)+GX48 -> 80.99 | GN48: =IF(OR(BI48=0,BI48=1),ROUND(O48+X48+Y48+GK48,2),0) -> 80.99 | GO48: =IF(BI48=2,ROUND(O48+X48+Y48+GK48,2),0) -> 0 | GP48: =IF(BI48=4,ROUND(O48+X48+Y48+GK48,2)+GX48,0) -> 0 | GR48: 0 | GS48: 3 | GT48: 0 | GV48: =ROUND(GT48,2) -> 0 | GW48: 1 | GX48: =ROUND(GV48*GW48*I48,2) -> 0 | HA48: 0 | HB48: 0 | IK48: 0
A49: 17 | B49: 1 | C49: =ROW(SmtRes!A56) -> 56 | D49: =ROW(EtalonRes!A60) -> 60 | E49: 7 | F49: 65-30-7 | G49: Разборка воздуховодов из листовой стали толщиной 1-2 мм диаметром/периметром до 320 мм /1000 мм | H49: 100 м2 | I49: =ROUND(8.48/100,9) -> 0.0848 | J49: 0 | O49: =ROUND(CP49,2) -> 240.19 | P49: =ROUND(CQ49*I49,2) -> 0 | Q49: =ROUND(CR49*I49,2) -> 12.99 | R49: =ROUND(CS49*I49,2) -> 5.61 | S49: =ROUND(CT49*I49,2) -> 227.2 | T49: =ROUND(CU49*I49,2) -> 0 | U49: =CV49*I49 -> 4.07888 | V49: =CW49*I49 -> 0.0636 | W49: =ROUND(CX49*I49,2) -> 0 | X49: =ROUND(CY49,2) -> 172.28 | Y49: =ROUND(CZ49,2) -> 116.41 | AA49: 27737228 | AB49: =ROUND((AC49+AD49+AF49),2) -> 433.74 | AC49: =ROUND((ES49),2) -> 0 | AD49: =ROUND((((ET49)-(EU49))+AE49),2) -> 23.45 | AE49: =ROUND((EU49),2) -> 10.13 | AF49: =ROUND((EV49),2) -> 410.29 | AG49: =ROUND((AP49),2) -> 0 | AH49: =(EW49) -> 48.1 | AI49: =(EX49) -> 0.75 | AJ49: =ROUND((AS49),2) -> 0 | AK49: 433.74 | AL49: 0 | AM49: 23.45 | AN49: 10.13 | AO49: 410.29 | AP49: 0 | AQ49: 48.1 | AR49: 0.75 | AS49: 0 | AT49: 74 | AU49: 50 | AV49: 1 | AW49: 1 | AZ49: 6.53 | BA49: 6.53 | BB49: 6.53 | BC49: 6.53 | BH49: 0 | BI49: 1 | BJ49: ФЕРр-2001, 65-30-7, приказ Минстроя России №1039/пр от 30.12.2016г. | BM49: 65005 | BN49: 0 | BP49: 0 | BQ49: 6 | BR49: 0 | BS49: 6.53 | BT49: 1 | BU49: 1 | BV49: 1 | BW49: 1 | BX49: 1 | BZ49: 74 | CA49: 50 | CF49: 0 | CG49: 0 | CM49: 0 | CO49: 0 | CP49: =(P49+Q49+S49) -> 240.19 | CQ49: =AC49*BC49 -> 0 | CR49: =AD49*BB49 -> 153.1285 | CS49: =AE49*BS49 -> 66.1489 | CT49: =AF49*BA49 -> 2679.1937 | CU49: =AG49 -> 0 | CV49: =AH49 -> 48.1 | CW49: =AI49 -> 0.75 | CX49: =AJ49 -> 0 | CY49: =(((S49+R49)*AT49)/100) -> 172.2794 | CZ49: =(((S49+R49)*AU49)/100) -> 116.405 | DN49: 0 | DO49: 0 | DP49: 1 | DQ49: 1 | DU49: 1005 | DV49: 100 м2 | DW49: 100 м2 | DX49: 100 | EE49: 27029120 | EF49: 6 | EG49: Ремонтно-строительные работы | EH49: 0 | EJ49: 1 | EK49: 65005 | EL49: Внтуренниие с/техработы: демонтаж, разборка, промывка | EM49: рФЕР-65 | EQ49: 0 | ER49: 433.74 | ES49: 0 | ET49: 23.45 | EU49: 10.13 | EV49: 410.29 | EW49: 48.1 | EX49: 0.75 | EY49: 0 | FQ49: 0 | FR49: =ROUND(IF(AND(BH49=3,BI49=3),P49,0),2) -> 0 | FS49: 0 | FX49: 74 | FY49: 50 | GD49: 0 | GF49: -812239196 | GG49: 1 | GH49: 1 | GI49: 4 | GJ49: 0 | GK49: =ROUND(R49*(S12)/100,2) -> 0 | GL49: =ROUND(IF(AND(BH49=3,BI49=3,FS49<>0),P49,0),2) -> 0 | GM49: =ROUND(O49+X49+Y49+GK49,2)+GX49 -> 528.88 | GN49: =IF(OR(BI49=0,BI49=1),ROUND(O49+X49+Y49+GK49,2),0) -> 528.88 | GO49: =IF(BI49=2,ROUND(O49+X49+Y49+GK49,2),0) -> 0 | GP49: =IF(BI49=4,ROUND(O49+X49+Y49+GK49,2)+GX49,0) -> 0 | GR49: 0 | GS49: 3 | GT49: 0 | GV49: =ROUND(GT49,2) -> 0 | GW49: 1 | GX49: =ROUND(GV49*GW49*I49,2) -> 0 | HA49: 0 | HB49: 0 | IK49: 0
A50: 17 | B50: 1 | C50: =ROW(SmtRes!A58) -> 58 | D50: =ROW(EtalonRes!A62) -> 62 | E50: 8 | F50: 57-3-1 | G50: Разборка плинтусов деревянных и из пластмассовых материалов | H50: 100 м | I50: =ROUND(22.5/100,9) -> 0.225 | J50: 0 | O50: =ROUND(CP50,2) -> 6.62 | P50: =ROUND(CQ50*I50,2) -> 0 | Q50: =ROUND(CR50*I50,2) -> 0 | R50: =ROUND(CS50*I50,2) -> 0 | S50: =ROUND(CT50*I50,2) -> 6.62 | T50: =ROUND(CU50*I50,2) -> 0 | U50: =CV50*I50 -> 0.84825 | V50: =CW50*I50 -> 0 | W50: =ROUND(CX50*I50,2) -> 0 | X50: =ROUND(CY50,2) -> 5.3 | Y50: =ROUND(CZ50,2) -> 4.5 | AA50: 27737227 | AB50: =ROUND((AC50+AD50+AF50),2) -> 29.41 | AC50: =ROUND((ES50),2) -> 0 | AD50: =ROUND((((ET50)-(EU50))+AE50),2) -> 0 | AE50: =ROUND((EU50),2) -> 0 | AF50: =ROUND((EV50),2) -> 29.41 | AG50: =ROUND((AP50),2) -> 0 | AH50: =(EW50) -> 3.77 | AI50: =(EX50) -> 0 | AJ50: =ROUND((AS50),2) -> 0 | AK50: 29.41 | AL50: 0 | AM50: 0 | AN50: 0 | AO50: 29.41 | AP50: 0 | AQ50: 3.77 | AR50: 0 | AS50: 0 | AT50: 80 | AU50: 68 | AV50: 1 | AW50: 1 | AZ50: 1 | BA50: 1 | BB50: 1 | BC50: 1 | BH50: 0 | BI50: 1 | BJ50: ФЕРр-2001, 57-3-1, приказ Минстроя России №1039/пр от 30.12.2016г. | BM50: 57001 | BN50: 0 | BP50: 0 | BQ50: 6 | BR50: 0 | BS50: 1 | BT50: 1 | BU50: 1 | BV50: 1 | BW50: 1 | BX50: 1 | BZ50: 80 | CA50: 68 | CF50: 0 | CG50: 0 | CM50: 0 | CO50: 0 | CP50: =(P50+Q50+S50) -> 6.62 | CQ50: =AC50*BC50 -> 0 | CR50: =AD50*BB50 -> 0 | CS50: =AE50*BS50 -> 0 | CT50: =AF50*BA50 -> 29.41 | CU50: =AG50 -> 0 | CV50: =AH50 -> 3.77 | CW50: =AI50 -> 0 | CX50: =AJ50 -> 0 | CY50: =(((S50+R50)*AT50)/100) -> 5.296 | CZ50: =(((S50+R50)*AU50)/100) -> 4.5016 | DN50: 0 | DO50: 0 | DP50: 1 | DQ50: 1 | DU50: 1003 | DV50: 100 м | DW50: 100 м | DX50: 100 | EE50: 27029102 | EF50: 6 | EG50: Ремонтно-строительные работы | EH50: 0 | EJ50: 1 | EK50: 57001 | EL50: Полы | EM50: рФЕР-57 | EQ50: 0 | ER50: 29.41 | ES50: 0 | ET50: 0 | EU50: 0 | EV50: 29.41 | EW50: 3.77 | EX50: 0 | EY50: 0 | FQ50: 0 | FR50: =ROUND(IF(AND(BH50=3,BI50=3),P50,0),2) -> 0 | FS50: 0 | FX50: 80 | FY50: 68 | GD50: 0 | GF50: -1389370821 | GG50: 2 | GH50: 1 | GI50: -2 | GJ50: 0 | GK50: =ROUND(R50*(R12)/100,2) -> 0 | GL50: =ROUND(IF(AND(BH50=3,BI50=3,FS50<>0),P50,0),2) -> 0 | GM50: =ROUND(O50+X50+Y50+GK50,2)+GX50 -> 16.42 | GN50: =IF(OR(BI50=0,BI50=1),ROUND(O50+X50+Y50+GK50,2),0) -> 16.42 | GO50: =IF(BI50=2,ROUND(O50+X50+Y50+GK50,2),0) -> 0 | GP50: =IF(BI50=4,ROUND(O50+X50+Y50+GK50,2)+GX50,0) -> 0 | GR50: 0 | GS50: 3 | GT50: 0 | GV50: =ROUND(GT50,2) -> 0 | GW50: 1 | GX50: =ROUND(GV50*GW50*I50,2) -> 0 | HA50: 0 | HB50: 0 | IK50: 0
A51: 17 | B51: 1 | C51: =ROW(SmtRes!A60) -> 60 | D51: =ROW(EtalonRes!A64) -> 64 | E51: 8 | F51: 57-3-1 | G51: Разборка плинтусов деревянных и из пластмассовых материалов | H51: 100 м | I51: =ROUND(22.5/100,9) -> 0.225 | J51: 0 | O51: =ROUND(CP51,2) -> 43.21 | P51: =ROUND(CQ51*I51,2) -> 0 | Q51: =ROUND(CR51*I51,2) -> 0 | R51: =ROUND(CS51*I51,2) -> 0 | S51: =ROUND(CT51*I51,2) -> 43.21 | T51: =ROUND(CU51*I51,2) -> 0 | U51: =CV51*I51 -> 0.84825 | V51: =CW51*I51 -> 0 | W51: =ROUND(CX51*I51,2) -> 0 | X51: =ROUND(CY51,2) -> 34.57 | Y51: =ROUND(CZ51,2) -> 29.38 | AA51: 27737228 | AB51: =ROUND((AC51+AD51+AF51),2) -> 29.41 | AC51: =ROUND((ES51),2) -> 0 | AD51: =ROUND((((ET51)-(EU51))+AE51),2) -> 0 | AE51: =ROUND((EU51),2) -> 0 | AF51: =ROUND((EV51),2) -> 29.41 | AG51: =ROUND((AP51),2) -> 0 | AH51: =(EW51) -> 3.77 | AI51: =(EX51) -> 0 | AJ51: =ROUND((AS51),2) -> 0 | AK51: 29.41 | AL51: 0 | AM51: 0 | AN51: 0 | AO51: 29.41 | AP51: 0 | AQ51: 3.77 | AR51: 0 | AS51: 0 | AT51: 80 | AU51: 68 | AV51: 1 | AW51: 1 | AZ51: 6.53 | BA51: 6.53 | BB51: 6.53 | BC51: 6.53 | BH51: 0 | BI51: 1 | BJ51: ФЕРр-2001, 57-3-1, приказ Минстроя России №1039/пр от 30.12.2016г. | BM51: 57001 | BN51: 0 | BP51: 0 | BQ51: 6 | BR51: 0 | BS51: 6.53 | BT51: 1 | BU51: 1 | BV51: 1 | BW51: 1 | BX51: 1 | BZ51: 80 | CA51: 68 | CF51: 0 | CG51: 0 | CM51: 0 | CO51: 0 | CP51: =(P51+Q51+S51) -> 43.21 | CQ51: =AC51*BC51 -> 0 | CR51: =AD51*BB51 -> 0 | CS51: =AE51*BS51 -> 0 | CT51: =AF51*BA51 -> 192.0473 | CU51: =AG51 -> 0 | CV51: =AH51 -> 3.77 | CW51: =AI51 -> 0 | CX51: =AJ51 -> 0 | CY51: =(((S51+R51)*AT51)/100) -> 34.568 | CZ51: =(((S51+R51)*AU51)/100) -> 29.3828 | DN51: 0 | DO51: 0 | DP51: 1 | DQ51: 1 | DU51: 1003 | DV51: 100 м | DW51: 100 м | DX51: 100 | EE51: 27029102 | EF51: 6 | EG51: Ремонтно-строительные работы | EH51: 0 | EJ51: 1 | EK51: 57001 | EL51: Полы | EM51: рФЕР-57 | EQ51: 0 | ER51: 29.41 | ES51: 0 | ET51: 0 | EU51: 0 | EV51: 29.41 | EW51: 3.77 | EX51: 0 | EY51: 0 | FQ51: 0 | FR51: =ROUND(IF(AND(BH51=3,BI51=3),P51,0),2) -> 0 | FS51: 0 | FX51: 80 | FY51: 68 | GD51: 0 | GF51: -1389370821 | GG51: 1 | GH51: 1 | GI51: 4 | GJ51: 0 | GK51: =ROUND(R51*(S12)/100,2) -> 0 | GL51: =ROUND(IF(AND(BH51=3,BI51=3,FS51<>0),P51,0),2) -> 0 | GM51: =ROUND(O51+X51+Y51+GK51,2)+GX51 -> 107.16 | GN51: =IF(OR(BI51=0,BI51=1),ROUND(O51+X51+Y51+GK51,2),0) -> 107.16 | GO51: =IF(BI51=2,ROUND(O51+X51+Y51+GK51,2),0) -> 0 | GP51: =IF(BI51=4,ROUND(O51+X51+Y51+GK51,2)+GX51,0) -> 0 | GR51: 0 | GS51: 3 | GT51: 0 | GV51: =ROUND(GT51,2) -> 0 | GW51: 1 | GX51: =ROUND(GV51*GW51*I51,2) -> 0 | HA51: 0 | HB51: 0 | IK51: 0
A52: 18 | B52: 1 | C52: 58 | E52: 8,1 | F52: 01.7.07.07 | G52: Строительный мусор | H52: т | I52: =I50*J52 -> 0.02475 | J52: 0.11 | O52: =ROUND(CP52,2) -> 0 | P52: =ROUND(CQ52*I52,2) -> 0 | Q52: =ROUND(CR52*I52,2) -> 0 | R52: =ROUND(CS52*I52,2) -> 0 | S52: =ROUND(CT52*I52,2) -> 0 | T52: =ROUND(CU52*I52,2) -> 0 | U52: =CV52*I52 -> 0 | V52: =CW52*I52 -> 0 | W52: =ROUND(CX52*I52,2) -> 0 | X52: =ROUND(CY52,2) -> 0 | Y52: =ROUND(CZ52,2) -> 0 | AA52: 27737227 | AB52: =ROUND((AC52+AD52+AF52),2) -> 0 | AC52: =ROUND((ES52),2) -> 0 | AD52: =ROUND((((ET52)-(EU52))+AE52),2) -> 0 | AE52: =ROUND((EU52),2) -> 0 | AF52: =ROUND((EV52),2) -> 0 | AG52: =ROUND((AP52),2) -> 0 | AH52: =(EW52) -> 0 | AI52: =(EX52) -> 0 | AJ52: =ROUND((AS52),2) -> 0 | AK52: 0 | AL52: 0 | AM52: 0 | AN52: 0 | AO52: 0 | AP52: 0 | AQ52: 0 | AR52: 0 | AS52: 0 | AT52: 80 | AU52: 68 | AV52: 1 | AW52: 1 | AZ52: 1 | BA52: 1 | BB52: 1 | BC52: 1 | BH52: 3 | BI52: 1 | BM52: 57001 | BN52: 0 | BP52: 0 | BQ52: 6 | BR52: 0 | BS52: 1 | BT52: 1 | BU52: 1 | BV52: 1 | BW52: 1 | BX52: 1 | BZ52: 80 | CA52: 68 | CF52: 0 | CG52: 0 | CM52: 0 | CO52: 0 | CP52: =(P52+Q52+S52) -> 0 | CQ52: =AC52*BC52 -> 0 | CR52: =AD52*BB52 -> 0 | CS52: =AE52*BS52 -> 0 | CT52: =AF52*BA52 -> 0 | CU52: =AG52 -> 0 | CV52: =AH52 -> 0 | CW52: =AI52 -> 0 | CX52: =AJ52 -> 0 | CY52: =(((S52+R52)*AT52)/100) -> 0 | CZ52: =(((S52+R52)*AU52)/100) -> 0 | DN52: 0 | DO52: 0 | DP52: 1 | DQ52: 1 | DU52: 1009 | DV52: т | DW52: т | DX52: 1000 | EE52: 27029102 | EF52: 6 | EG52: Ремонтно-строительные работы | EH52: 0 | EJ52: 1 | EK52: 57001 | EL52: Полы | EM52: рФЕР-57 | EQ52: 0 | ER52: 0 | ES52: 0 | ET52: 0 | EU52: 0 | EV52: 0 | EW52: 0 | EX52: 0 | FQ52: 0 | FR52: =ROUND(IF(AND(BH52=3,BI52=3),P52,0),2) -> 0 | FS52: 0 | FX52: 80 | FY52: 68 | GD52: 0 | GF52: -179832266 | GG52: 2 | GH52: 1 | GI52: -2 | GJ52: 0 | GK52: =ROUND(R52*(R12)/100,2) -> 0 | GL52: =ROUND(IF(AND(BH52=3,BI52=3,FS52<>0),P52,0),2) -> 0 | GM52: =ROUND(O52+X52+Y52+GK52,2)+GX52 -> 0 | GN52: =IF(OR(BI52=0,BI52=1),ROUND(O52+X52+Y52+GK52,2),0) -> 0 | GO52: =IF(BI52=2,ROUND(O52+X52+Y52+GK52,2),0) -> 0 | GP52: =IF(BI52=4,ROUND(O52+X52+Y52+GK52,2)+GX52,0) -> 0 | GR52: 0 | GS52: 3 | GT52: 0 | GV52: =ROUND(GT52,2) -> 0 | GW52: 1 | GX52: =ROUND(GV52*GW52*I52,2) -> 0 | HA52: 0 | HB52: 0 | IK52: 0
A53: 18 | B53: 1 | C53: 60 | E53: 8,1 | F53: 01.7.07.07 | G53: Строительный мусор | H53: т | I53: =I51*J53 -> 0.02475 | J53: 0.11 | O53: =ROUND(CP53,2) -> 0 | P53: =ROUND(CQ53*I53,2) -> 0 | Q53: =ROUND(CR53*I53,2) -> 0 | R53: =ROUND(CS53*I53,2) -> 0 | S53: =ROUND(CT53*I53,2) -> 0 | T53: =ROUND(CU53*I53,2) -> 0 | U53: =CV53*I53 -> 0 | V53: =CW53*I53 -> 0 | W53: =ROUND(CX53*I53,2) -> 0 | X53: =ROUND(CY53,2) -> 0 | Y53: =ROUND(CZ53,2) -> 0 | AA53: 27737228 | AB53: =ROUND((AC53+AD53+AF53),2) -> 0 | AC53: =ROUND((ES53),2) -> 0 | AD53: =ROUND((((ET53)-(EU53))+AE53),2) -> 0 | AE53: =ROUND((EU53),2) -> 0 | AF53: =ROUND((EV53),2) -> 0 | AG53: =ROUND((AP53),2) -> 0 | AH53: =(EW53) -> 0 | AI53: =(EX53) -> 0 | AJ53: =ROUND((AS53),2) -> 0 | AK53: 0 | AL53: 0 | AM53: 0 | AN53: 0 | AO53: 0 | AP53: 0 | AQ53: 0 | AR53: 0 | AS53: 0 | AT53: 80 | AU53: 68 | AV53: 1 | AW53: 1 | AZ53: 6.53 | BA53: 1 | BB53: 1 | BC53: 6.53 | BH53: 3 | BI53: 1 | BM53: 57001 | BN53: 0 | BP53: 0 | BQ53: 6 | BR53: 0 | BS53: 1 | BT53: 1 | BU53: 1 | BV53: 1 | BW53: 1 | BX53: 1 | BZ53: 80 | CA53: 68 | CF53: 0 | CG53: 0 | CM53: 0 | CO53: 0 | CP53: =(P53+Q53+S53) -> 0 | CQ53: =AC53*BC53 -> 0 | CR53: =AD53*BB53 -> 0 | CS53: =AE53*BS53 -> 0 | CT53: =AF53*BA53 -> 0 | CU53: =AG53 -> 0 | CV53: =AH53 -> 0 | CW53: =AI53 -> 0 | CX53: =AJ53 -> 0 | CY53: =(((S53+R53)*AT53)/100) -> 0 | CZ53: =(((S53+R53)*AU53)/100) -> 0 | DN53: 0 | DO53: 0 | DP53: 1 | DQ53: 1 | DU53: 1009 | DV53: т | DW53: т | DX53: 1000 | EE53: 27029102 | EF53: 6 | EG53: Ремонтно-строительные работы | EH53: 0 | EJ53: 1 | EK53: 57001 | EL53: Полы | EM53: рФЕР-57 | EQ53: 0 | ER53: 0 | ES53: 0 | ET53: 0 | EU53: 0 | EV53: 0 | EW53: 0 | EX53: 0 | FQ53: 0 | FR53: =ROUND(IF(AND(BH53=3,BI53=3),P53,0),2) -> 0 | FS53: 0 | FX53: 80 | FY53: 68 | GD53: 0 | GF53: -179832266 | GG53: 1 | GH53: 1 | GI53: 4 | GJ53: 0 | GK53: =ROUND(R53*(S12)/100,2) -> 0 | GL53: =ROUND(IF(AND(BH53=3,BI53=3,FS53<>0),P53,0),2) -> 0 | GM53: =ROUND(O53+X53+Y53+GK53,2)+GX53 -> 0 | GN53: =IF(OR(BI53=0,BI53=1),ROUND(O53+X53+Y53+GK53,2),0) -> 0 | GO53: =IF(BI53=2,ROUND(O53+X53+Y53+GK53,2),0) -> 0 | GP53: =IF(BI53=4,ROUND(O53+X53+Y53+GK53,2)+GX53,0) -> 0 | GR53: 0 | GS53: 3 | GT53: 0 | GV53: =ROUND(GT53,2) -> 0 | GW53: 1 | GX53: =ROUND(GV53*GW53*I53,2) -> 0 | HA53: 0 | HB53: 0 | IK53: 0
A54: 17 | B54: 1 | C54: =ROW(SmtRes!A64) -> 64 | D54: =ROW(EtalonRes!A68) -> 68 | E54: 9 | F54: 57-2-1 | G54: Разборка покрытий полов из линолеума и релина | H54: 100 м2 | I54: =ROUND(55.7/100,9) -> 0.557 | J54: 0 | O54: =ROUND(CP54,2) -> 51.74 | P54: =ROUND(CQ54*I54,2) -> 0 | Q54: =ROUND(CR54*I54,2) -> 2.26 | R54: =ROUND(CS54*I54,2) -> 0.98 | S54: =ROUND(CT54*I54,2) -> 49.48 | T54: =ROUND(CU54*I54,2) -> 0 | U54: =CV54*I54 -> 6.34423 | V54: =CW54*I54 -> 0.07241 | W54: =ROUND(CX54*I54,2) -> 0 | X54: =ROUND(CY54,2) -> 40.37 | Y54: =ROUND(CZ54,2) -> 34.31 | AA54: 27737227 | AB54: =ROUND((AC54+AD54+AF54),2) -> 92.9 | AC54: =ROUND((ES54),2) -> 0 | AD54: =ROUND((((ET54)-(EU54))+AE54),2) -> 4.06 | AE54: =ROUND((EU54),2) -> 1.76 | AF54: =ROUND((EV54),2) -> 88.84 | AG54: =ROUND((AP54),2) -> 0 | AH54: =(EW54) -> 11.39 | AI54: =(EX54) -> 0.13 | AJ54: =ROUND((AS54),2) -> 0 | AK54: 92.9 | AL54: 0 | AM54: 4.06 | AN54: 1.76 | AO54: 88.84 | AP54: 0 | AQ54: 11.39 | AR54: 0.13 | AS54: 0 | AT54: 80 | AU54: 68 | AV54: 1 | AW54: 1 | AZ54: 1 | BA54: 1 | BB54: 1 | BC54: 1 | BH54: 0 | BI54: 1 | BJ54: ФЕРр-2001, 57-2-1, приказ Минстроя России №1039/пр от 30.12.2016г. | BM54: 57001 | BN54: 0 | BP54: 0 | BQ54: 6 | BR54: 0 | BS54: 1 | BT54: 1 | BU54: 1 | BV54: 1 | BW54: 1 | BX54: 1 | BZ54: 80 | CA54: 68 | CF54: 0 | CG54: 0 | CM54: 0 | CO54: 0 | CP54: =(P54+Q54+S54) -> 51.74 | CQ54: =AC54*BC54 -> 0 | CR54: =AD54*BB54 -> 4.06 | CS54: =AE54*BS54 -> 1.76 | CT54: =AF54*BA54 -> 88.84 | CU54: =AG54 -> 0 | CV54: =AH54 -> 11.39 | CW54: =AI54 -> 0.13 | CX54: =AJ54 -> 0 | CY54: =(((S54+R54)*AT54)/100) -> 40.368 | CZ54: =(((S54+R54)*AU54)/100) -> 34.3128 | DN54: 0 | DO54: 0 | DP54: 1 | DQ54: 1 | DU54: 1005 | DV54: 100 м2 | DW54: 100 м2 | DX54: 100 | EE54: 27029102 | EF54: 6 | EG54: Ремонтно-строительные работы | EH54: 0 | EJ54: 1 | EK54: 57001 | EL54: Полы | EM54: рФЕР-57 | EQ54: 0 | ER54: 92.9 | ES54: 0 | ET54: 4.06 | EU54: 1.76 | EV54: 88.84 | EW54: 11.39 | EX54: 0.13 | EY54: 0 | FQ54: 0 | FR54: =ROUND(IF(AND(BH54=3,BI54=3),P54,0),2) -> 0 | FS54: 0 | FX54: 80 | FY54: 68 | GD54: 0 | GF54: 537707280 | GG54: 2 | GH54: 1 | GI54: -2 | GJ54: 0 | GK54: =ROUND(R54*(R12)/100,2) -> 0 | GL54: =ROUND(IF(AND(BH54=3,BI54=3,FS54<>0),P54,0),2) -> 0 | GM54: =ROUND(O54+X54+Y54+GK54,2)+GX54 -> 126.42 | GN54: =IF(OR(BI54=0,BI54=1),ROUND(O54+X54+Y54+GK54,2),0) -> 126.42 | GO54: =IF(BI54=2,ROUND(O54+X54+Y54+GK54,2),0) -> 0 | GP54: =IF(BI54=4,ROUND(O54+X54+Y54+GK54,2)+GX54,0) -> 0 | GR54: 0 | GS54: 3 | GT54: 0 | GV54: =ROUND(GT54,2) -> 0 | GW54: 1 | GX54: =ROUND(GV54*GW54*I54,2) -> 0 | HA54: 0 | HB54: 0 | IK54: 0
A55: 17 | B55: 1 | C55: =ROW(SmtRes!A68) -> 68 | D55: =ROW(EtalonRes!A72) -> 72 | E55: 9 | F55: 57-2-1 | G55: Разборка покрытий полов из линолеума и релина | H55: 100 м2 | I55: =ROUND(55.7/100,9) -> 0.557 | J55: 0 | O55: =ROUND(CP55,2) -> 337.9 | P55: =ROUND(CQ55*I55,2) -> 0 | Q55: =ROUND(CR55*I55,2) -> 14.77 | R55: =ROUND(CS55*I55,2) -> 6.4 | S55: =ROUND(CT55*I55,2) -> 323.13 | T55: =ROUND(CU55*I55,2) -> 0 | U55: =CV55*I55 -> 6.34423 | V55: =CW55*I55 -> 0.07241 | W55: =ROUND(CX55*I55,2) -> 0 | X55: =ROUND(CY55,2) -> 263.62 | Y55: =ROUND(CZ55,2) -> 224.08 | AA55: 27737228 | AB55: =ROUND((AC55+AD55+AF55),2) -> 92.9 | AC55: =ROUND((ES55),2) -> 0 | AD55: =ROUND((((ET55)-(EU55))+AE55),2) -> 4.06 | AE55: =ROUND((EU55),2) -> 1.76 | AF55: =ROUND((EV55),2) -> 88.84 | AG55: =ROUND((AP55),2) -> 0 | AH55: =(EW55) -> 11.39 | AI55: =(EX55) -> 0.13 | AJ55: =ROUND((AS55),2) -> 0 | AK55: 92.9 | AL55: 0 | AM55: 4.06 | AN55: 1.76 | AO55: 88.84 | AP55: 0 | AQ55: 11.39 | AR55: 0.13 | AS55: 0 | AT55: 80 | AU55: 68 | AV55: 1 | AW55: 1 | AZ55: 6.53 | BA55: 6.53 | BB55: 6.53 | BC55: 6.53 | BH55: 0 | BI55: 1 | BJ55: ФЕРр-2001, 57-2-1, приказ Минстроя России №1039/пр от 30.12.2016г. | BM55: 57001 | BN55: 0 | BP55: 0 | BQ55: 6 | BR55: 0 | BS55: 6.53 | BT55: 1 | BU55: 1 | BV55: 1 | BW55: 1 | BX55: 1 | BZ55: 80 | CA55: 68 | CF55: 0 | CG55: 0 | CM55: 0 | CO55: 0 | CP55: =(P55+Q55+S55) -> 337.9 | CQ55: =AC55*BC55 -> 0 | CR55: =AD55*BB55 -> 26.5118 | CS55: =AE55*BS55 -> 11.4928 | CT55: =AF55*BA55 -> 580.1252 | CU55: =AG55 -> 0 | CV55: =AH55 -> 11.39 | CW55: =AI55 -> 0.13 | CX55: =AJ55 -> 0 | CY55: =(((S55+R55)*AT55)/100) -> 263.624 | CZ55: =(((S55+R55)*AU55)/100) -> 224.0804 | DN55: 0 | DO55: 0 | DP55: 1 | DQ55: 1 | DU55: 1005 | DV55: 100 м2 | DW55: 100 м2 | DX55: 100 | EE55: 27029102 | EF55: 6 | EG55: Ремонтно-строительные работы | EH55: 0 | EJ55: 1 | EK55: 57001 | EL55: Полы | EM55: рФЕР-57 | EQ55: 0 | ER55: 92.9 | ES55: 0 | ET55: 4.06 | EU55: 1.76 | EV55: 88.84 | EW55: 11.39 | EX55: 0.13 | EY55: 0 | FQ55: 0 | FR55: =ROUND(IF(AND(BH55=3,BI55=3),P55,0),2) -> 0 | FS55: 0 | FX55: 80 | FY55: 68 | GD55: 0 | GF55: 537707280 | GG55: 1 | GH55: 1 | GI55: 4 | GJ55: 0 | GK55: =ROUND(R55*(S12)/100,2) -> 0 | GL55: =ROUND(IF(AND(BH55=3,BI55=3,FS55<>0),P55,0),2) -> 0 | GM55: =ROUND(O55+X55+Y55+GK55,2)+GX55 -> 825.6 | GN55: =IF(OR(BI55=0,BI55=1),ROUND(O55+X55+Y55+GK55,2),0) -> 825.6 | GO55: =IF(BI55=2,ROUND(O55+X55+Y55+GK55,2),0) -> 0 | GP55: =IF(BI55=4,ROUND(O55+X55+Y55+GK55,2)+GX55,0) -> 0 | GR55: 0 | GS55: 3 | GT55: 0 | GV55: =ROUND(GT55,2) -> 0 | GW55: 1 | GX55: =ROUND(GV55*GW55*I55,2) -> 0 | HA55: 0 | HB55: 0 | IK55: 0
A56: 18 | B56: 1 | C56: 64 | E56: 9,1 | F56: 01.7.07.07 | G56: Строительный мусор | H56: т | I56: =I54*J56 -> 0.26179 | J56: 0.47 | O56: =ROUND(CP56,2) -> 0 | P56: =ROUND(CQ56*I56,2) -> 0 | Q56: =ROUND(CR56*I56,2) -> 0 | R56: =ROUND(CS56*I56,2) -> 0 | S56: =ROUND(CT56*I56,2) -> 0 | T56: =ROUND(CU56*I56,2) -> 0 | U56: =CV56*I56 -> 0 | V56: =CW56*I56 -> 0 | W56: =ROUND(CX56*I56,2) -> 0 | X56: =ROUND(CY56,2) -> 0 | Y56: =ROUND(CZ56,2) -> 0 | AA56: 27737227 | AB56: =ROUND((AC56+AD56+AF56),2) -> 0 | AC56: =ROUND((ES56),2) -> 0 | AD56: =ROUND((((ET56)-(EU56))+AE56),2) -> 0 | AE56: =ROUND((EU56),2) -> 0 | AF56: =ROUND((EV56),2) -> 0 | AG56: =ROUND((AP56),2) -> 0 | AH56: =(EW56) -> 0 | AI56: =(EX56) -> 0 | AJ56: =ROUND((AS56),2) -> 0 | AK56: 0 | AL56: 0 | AM56: 0 | AN56: 0 | AO56: 0 | AP56: 0 | AQ56: 0 | AR56: 0 | AS56: 0 | AT56: 80 | AU56: 68 | AV56: 1 | AW56: 1 | AZ56: 1 | BA56: 1 | BB56: 1 | BC56: 1 | BH56: 3 | BI56: 1 | BM56: 57001 | BN56: 0 | BP56: 0 | BQ56: 6 | BR56: 0 | BS56: 1 | BT56: 1 | BU56: 1 | BV56: 1 | BW56: 1 | BX56: 1 | BZ56: 80 | CA56: 68 | CF56: 0 | CG56: 0 | CM56: 0 | CO56: 0 | CP56: =(P56+Q56+S56) -> 0 | CQ56: =AC56*BC56 -> 0 | CR56: =AD56*BB56 -> 0 | CS56: =AE56*BS56 -> 0 | CT56: =AF56*BA56 -> 0 | CU56: =AG56 -> 0 | CV56: =AH56 -> 0 | CW56: =AI56 -> 0 | CX56: =AJ56 -> 0 | CY56: =(((S56+R56)*AT56)/100) -> 0 | CZ56: =(((S56+R56)*AU56)/100) -> 0 | DN56: 0 | DO56: 0 | DP56: 1 | DQ56: 1 | DU56: 1009 | DV56: т | DW56: т | DX56: 1000 | EE56: 27029102 | EF56: 6 | EG56: Ремонтно-строительные работы | EH56: 0 | EJ56: 1 | EK56: 57001 | EL56: Полы | EM56: рФЕР-57 | EQ56: 0 | ER56: 0 | ES56: 0 | ET56: 0 | EU56: 0 | EV56: 0 | EW56: 0 | EX56: 0 | FQ56: 0 | FR56: =ROUND(IF(AND(BH56=3,BI56=3),P56,0),2) -> 0 | FS56: 0 | FX56: 80 | FY56: 68 | GD56: 0 | GF56: -179832266 | GG56: 2 | GH56: 1 | GI56: -2 | GJ56: 0 | GK56: =ROUND(R56*(R12)/100,2) -> 0 | GL56: =ROUND(IF(AND(BH56=3,BI56=3,FS56<>0),P56,0),2) -> 0 | GM56: =ROUND(O56+X56+Y56+GK56,2)+GX56 -> 0 | GN56: =IF(OR(BI56=0,BI56=1),ROUND(O56+X56+Y56+GK56,2),0) -> 0 | GO56: =IF(BI56=2,ROUND(O56+X56+Y56+GK56,2),0) -> 0 | GP56: =IF(BI56=4,ROUND(O56+X56+Y56+GK56,2)+GX56,0) -> 0 | GR56: 0 | GS56: 3 | GT56: 0 | GV56: =ROUND(GT56,2) -> 0 | GW56: 1 | GX56: =ROUND(GV56*GW56*I56,2) -> 0 | HA56: 0 | HB56: 0 | IK56: 0
A57: 18 | B57: 1 | C57: 68 | E57: 9,1 | F57: 01.7.07.07 | G57: Строительный мусор | H57: т | I57: =I55*J57 -> 0.26179 | J57: 0.47 | O57: =ROUND(CP57,2) -> 0 | P57: =ROUND(CQ57*I57,2) -> 0 | Q57: =ROUND(CR57*I57,2) -> 0 | R57: =ROUND(CS57*I57,2) -> 0 | S57: =ROUND(CT57*I57,2) -> 0 | T57: =ROUND(CU57*I57,2) -> 0 | U57: =CV57*I57 -> 0 | V57: =CW57*I57 -> 0 | W57: =ROUND(CX57*I57,2) -> 0 | X57: =ROUND(CY57,2) -> 0 | Y57: =ROUND(CZ57,2) -> 0 | AA57: 27737228 | AB57: =ROUND((AC57+AD57+AF57),2) -> 0 | AC57: =ROUND((ES57),2) -> 0 | AD57: =ROUND((((ET57)-(EU57))+AE57),2) -> 0 | AE57: =ROUND((EU57),2) -> 0 | AF57: =ROUND((EV57),2) -> 0 | AG57: =ROUND((AP57),2) -> 0 | AH57: =(EW57) -> 0 | AI57: =(EX57) -> 0 | AJ57: =ROUND((AS57),2) -> 0 | AK57: 0 | AL57: 0 | AM57: 0 | AN57: 0 | AO57: 0 | AP57: 0 | AQ57: 0 | AR57: 0 | AS57: 0 | AT57: 80 | AU57: 68 | AV57: 1 | AW57: 1 | AZ57: 6.53 | BA57: 1 | BB57: 1 | BC57: 6.53 | BH57: 3 | BI57: 1 | BM57: 57001 | BN57: 0 | BP57: 0 | BQ57: 6 | BR57: 0 | BS57: 1 | BT57: 1 | BU57: 1 | BV57: 1 | BW57: 1 | BX57: 1 | BZ57: 80 | CA57: 68 | CF57: 0 | CG57: 0 | CM57: 0 | CO57: 0 | CP57: =(P57+Q57+S57) -> 0 | CQ57: =AC57*BC57 -> 0 | CR57: =AD57*BB57 -> 0 | CS57: =AE57*BS57 -> 0 | CT57: =AF57*BA57 -> 0 | CU57: =AG57 -> 0 | CV57: =AH57 -> 0 | CW57: =AI57 -> 0 | CX57: =AJ57 -> 0 | CY57: =(((S57+R57)*AT57)/100) -> 0 | CZ57: =(((S57+R57)*AU57)/100) -> 0 | DN57: 0 | DO57: 0 | DP57: 1 | DQ57: 1 | DU57: 1009 | DV57: т | DW57: т | DX57: 1000 | EE57: 27029102 | EF57: 6 | EG57: Ремонтно-строительные работы | EH57: 0 | EJ57: 1 | EK57: 57001 | EL57: Полы | EM57: рФЕР-57 | EQ57: 0 | ER57: 0 | ES57: 0 | ET57: 0 | EU57: 0 | EV57: 0 | EW57: 0 | EX57: 0 | FQ57: 0 | FR57: =ROUND(IF(AND(BH57=3,BI57=3),P57,0),2) -> 0 | FS57: 0 | FX57: 80 | FY57: 68 | GD57: 0 | GF57: -179832266 | GG57: 1 | GH57: 1 | GI57: 4 | GJ57: 0 | GK57: =ROUND(R57*(S12)/100,2) -> 0 | GL57: =ROUND(IF(AND(BH57=3,BI57=3,FS57<>0),P57,0),2) -> 0 | GM57: =ROUND(O57+X57+Y57+GK57,2)+GX57 -> 0 | GN57: =IF(OR(BI57=0,BI57=1),ROUND(O57+X57+Y57+GK57,2),0) -> 0 | GO57: =IF(BI57=2,ROUND(O57+X57+Y57+GK57,2),0) -> 0 | GP57: =IF(BI57=4,ROUND(O57+X57+Y57+GK57,2)+GX57,0) -> 0 | GR57: 0 | GS57: 3 | GT57: 0 | GV57: =ROUND(GT57,2) -> 0 | GW57: 1 | GX57: =ROUND(GV57*GW57*I57,2) -> 0 | HA57: 0 | HB57: 0 | IK57: 0
A58: 17 | B58: 1 | C58: =ROW(SmtRes!A70) -> 70 | D58: =ROW(EtalonRes!A74) -> 74 | E58: 10 | F58: 63-5-1 | G58: Снятие обоев простых и улучшенных | H58: 100 м2 | I58: =ROUND(65/100,9) -> 0.65 | J58: 0 | O58: =ROUND(CP58,2) -> 52.73 | P58: =ROUND(CQ58*I58,2) -> 0 | Q58: =ROUND(CR58*I58,2) -> 0 | R58: =ROUND(CS58*I58,2) -> 0 | S58: =ROUND(CT58*I58,2) -> 52.73 | T58: =ROUND(CU58*I58,2) -> 0 | U58: =CV58*I58 -> 6.76 | V58: =CW58*I58 -> 0 | W58: =ROUND(CX58*I58,2) -> 0 | X58: =ROUND(CY58,2) -> 40.6 | Y58: =ROUND(CZ58,2) -> 26.37 | AA58: 27737227 | AB58: =ROUND((AC58+AD58+AF58),2) -> 81.12 | AC58: =ROUND((ES58),2) -> 0 | AD58: =ROUND((((ET58)-(EU58))+AE58),2) -> 0 | AE58: =ROUND((EU58),2) -> 0 | AF58: =ROUND((EV58),2) -> 81.12 | AG58: =ROUND((AP58),2) -> 0 | AH58: =(EW58) -> 10.4 | AI58: =(EX58) -> 0 | AJ58: =ROUND((AS58),2) -> 0 | AK58: 81.12 | AL58: 0 | AM58: 0 | AN58: 0 | AO58: 81.12 | AP58: 0 | AQ58: 10.4 | AR58: 0 | AS58: 0 | AT58: 77 | AU58: 50 | AV58: 1 | AW58: 1 | AZ58: 1 | BA58: 1 | BB58: 1 | BC58: 1 | BH58: 0 | BI58: 1 | BJ58: ФЕРр-2001, 63-5-1, приказ Минстроя России №1039/пр от 30.12.2016г. | BM58: 63001 | BN58: 0 | BP58: 0 | BQ58: 6 | BR58: 0 | BS58: 1 | BT58: 1 | BU58: 1 | BV58: 1 | BW58: 1 | BX58: 1 | BZ58: 77 | CA58: 50 | CF58: 0 | CG58: 0 | CM58: 0 | CO58: 0 | CP58: =(P58+Q58+S58) -> 52.73 | CQ58: =AC58*BC58 -> 0 | CR58: =AD58*BB58 -> 0 | CS58: =AE58*BS58 -> 0 | CT58: =AF58*BA58 -> 81.12 | CU58: =AG58 -> 0 | CV58: =AH58 -> 10.4 | CW58: =AI58 -> 0 | CX58: =AJ58 -> 0 | CY58: =(((S58+R58)*AT58)/100) -> 40.6021 | CZ58: =(((S58+R58)*AU58)/100) -> 26.365 | DN58: 0 | DO58: 0 | DP58: 1 | DQ58: 1 | DU58: 1005 | DV58: 100 м2 | DW58: 100 м2 | DX58: 100 | EE58: 27029108 | EF58: 6 | EG58: Ремонтно-строительные работы | EH58: 0 | EJ58: 1 | EK58: 63001 | EL58: Стекольные, обойные, облицовочные работы | EM58: рФЕР-63 | EQ58: 0 | ER58: 81.12 | ES58: 0 | ET58: 0 | EU58: 0 | EV58: 81.12 | EW58: 10.4 | EX58: 0 | EY58: 0 | FQ58: 0 | FR58: =ROUND(IF(AND(BH58=3,BI58=3),P58,0),2) -> 0 | FS58: 0 | FX58: 77 | FY58: 50 | GD58: 0 | GF58: 857715586 | GG58: 2 | GH58: 1 | GI58: -2 | GJ58: 0 | GK58: =ROUND(R58*(R12)/100,2) -> 0 | GL58: =ROUND(IF(AND(BH58=3,BI58=3,FS58<>0),P58,0),2) -> 0 | GM58: =ROUND(O58+X58+Y58+GK58,2)+GX58 -> 119.7 | GN58: =IF(OR(BI58=0,BI58=1),ROUND(O58+X58+Y58+GK58,2),0) -> 119.7 | GO58: =IF(BI58=2,ROUND(O58+X58+Y58+GK58,2),0) -> 0 | GP58: =IF(BI58=4,ROUND(O58+X58+Y58+GK58,2)+GX58,0) -> 0 | GR58: 0 | GS58: 3 | GT58: 0 | GV58: =ROUND(GT58,2) -> 0 | GW58: 1 | GX58: =ROUND(GV58*GW58*I58,2) -> 0 | HA58: 0 | HB58: 0 | IK58: 0
A59: 17 | B59: 1 | C59: =ROW(SmtRes!A72) -> 72 | D59: =ROW(EtalonRes!A76) -> 76 | E59: 10 | F59: 63-5-1 | G59: Снятие обоев простых и улучшенных | H59: 100 м2 | I59: =ROUND(65/100,9) -> 0.65 | J59: 0 | O59: =ROUND(CP59,2) -> 344.31 | P59: =ROUND(CQ59*I59,2) -> 0 | Q59: =ROUND(CR59*I59,2) -> 0 | R59: =ROUND(CS59*I59,2) -> 0 | S59: =ROUND(CT59*I59,2) -> 344.31 | T59: =ROUND(CU59*I59,2) -> 0 | U59: =CV59*I59 -> 6.76 | V59: =CW59*I59 -> 0 | W59: =ROUND(CX59*I59,2) -> 0 | X59: =ROUND(CY59,2) -> 265.12 | Y59: =ROUND(CZ59,2) -> 172.16 | AA59: 27737228 | AB59: =ROUND((AC59+AD59+AF59),2) -> 81.12 | AC59: =ROUND((ES59),2) -> 0 | AD59: =ROUND((((ET59)-(EU59))+AE59),2) -> 0 | AE59: =ROUND((EU59),2) -> 0 | AF59: =ROUND((EV59),2) -> 81.12 | AG59: =ROUND((AP59),2) -> 0 | AH59: =(EW59) -> 10.4 | AI59: =(EX59) -> 0 | AJ59: =ROUND((AS59),2) -> 0 | AK59: 81.12 | AL59: 0 | AM59: 0 | AN59: 0 | AO59: 81.12 | AP59: 0 | AQ59: 10.4 | AR59: 0 | AS59: 0 | AT59: 77 | AU59: 50 | AV59: 1 | AW59: 1 | AZ59: 6.53 | BA59: 6.53 | BB59: 6.53 | BC59: 6.53 | BH59: 0 | BI59: 1 | BJ59: ФЕРр-2001, 63-5-1, приказ Минстроя России №1039/пр от 30.12.2016г. | BM59: 63001 | BN59: 0 | BP59: 0 | BQ59: 6 | BR59: 0 | BS59: 6.53 | BT59: 1 | BU59: 1 | BV59: 1 | BW59: 1 | BX59: 1 | BZ59: 77 | CA59: 50 | CF59: 0 | CG59: 0 | CM59: 0 | CO59: 0 | CP59: =(P59+Q59+S59) -> 344.31 | CQ59: =AC59*BC59 -> 0 | CR59: =AD59*BB59 -> 0 | CS59: =AE59*BS59 -> 0 | CT59: =AF59*BA59 -> 529.7136 | CU59: =AG59 -> 0 | CV59: =AH59 -> 10.4 | CW59: =AI59 -> 0 | CX59: =AJ59 -> 0 | CY59: =(((S59+R59)*AT59)/100) -> 265.1187 | CZ59: =(((S59+R59)*AU59)/100) -> 172.155 | DN59: 0 | DO59: 0 | DP59: 1 | DQ59: 1 | DU59: 1005 | DV59: 100 м2 | DW59: 100 м2 | DX59: 100 | EE59: 27029108 | EF59: 6 | EG59: Ремонтно-строительные работы | EH59: 0 | EJ59: 1 | EK59: 63001 | EL59: Стекольные, обойные, облицовочные работы | EM59: рФЕР-63 | EQ59: 0 | ER59: 81.12 | ES59: 0 | ET59: 0 | EU59: 0 | EV59: 81.12 | EW59: 10.4 | EX59: 0 | EY59: 0 | FQ59: 0 | FR59: =ROUND(IF(AND(BH59=3,BI59=3),P59,0),2) -> 0 | FS59: 0 | FX59: 77 | FY59: 50 | GD59: 0 | GF59: 857715586 | GG59: 1 | GH59: 1 | GI59: 4 | GJ59: 0 | GK59: =ROUND(R59*(S12)/100,2) -> 0 | GL59: =ROUND(IF(AND(BH59=3,BI59=3,FS59<>0),P59,0),2) -> 0 | GM59: =ROUND(O59+X59+Y59+GK59,2)+GX59 -> 781.59 | GN59: =IF(OR(BI59=0,BI59=1),ROUND(O59+X59+Y59+GK59,2),0) -> 781.59 | GO59: =IF(BI59=2,ROUND(O59+X59+Y59+GK59,2),0) -> 0 | GP59: =IF(BI59=4,ROUND(O59+X59+Y59+GK59,2)+GX59,0) -> 0 | GR59: 0 | GS59: 3 | GT59: 0 | GV59: =ROUND(GT59,2) -> 0 | GW59: 1 | GX59: =ROUND(GV59*GW59*I59,2) -> 0 | HA59: 0 | HB59: 0 | IK59: 0
A60: 18 | B60: 1 | C60: 70 | E60: 10,1 | F60: 01.7.07.07 | G60: Строительный мусор | H60: т | I60: =I58*J60 -> 0.0195 | J60: 0.03 | O60: =ROUND(CP60,2) -> 0 | P60: =ROUND(CQ60*I60,2) -> 0 | Q60: =ROUND(CR60*I60,2) -> 0 | R60: =ROUND(CS60*I60,2) -> 0 | S60: =ROUND(CT60*I60,2) -> 0 | T60: =ROUND(CU60*I60,2) -> 0 | U60: =CV60*I60 -> 0 | V60: =CW60*I60 -> 0 | W60: =ROUND(CX60*I60,2) -> 0 | X60: =ROUND(CY60,2) -> 0 | Y60: =ROUND(CZ60,2) -> 0 | AA60: 27737227 | AB60: =ROUND((AC60+AD60+AF60),2) -> 0 | AC60: =ROUND((ES60),2) -> 0 | AD60: =ROUND((((ET60)-(EU60))+AE60),2) -> 0 | AE60: =ROUND((EU60),2) -> 0 | AF60: =ROUND((EV60),2) -> 0 | AG60: =ROUND((AP60),2) -> 0 | AH60: =(EW60) -> 0 | AI60: =(EX60) -> 0 | AJ60: =ROUND((AS60),2) -> 0 | AK60: 0 | AL60: 0 | AM60: 0 | AN60: 0 | AO60: 0 | AP60: 0 | AQ60: 0 | AR60: 0 | AS60: 0 | AT60: 77 | AU60: 50 | AV60: 1 | AW60: 1 | AZ60: 1 | BA60: 1 | BB60: 1 | BC60: 1 | BH60: 3 | BI60: 1 | BM60: 63001 | BN60: 0 | BP60: 0 | BQ60: 6 | BR60: 0 | BS60: 1 | BT60: 1 | BU60: 1 | BV60: 1 | BW60: 1 | BX60: 1 | BZ60: 77 | CA60: 50 | CF60: 0 | CG60: 0 | CM60: 0 | CO60: 0 | CP60: =(P60+Q60+S60) -> 0 | CQ60: =AC60*BC60 -> 0 | CR60: =AD60*BB60 -> 0 | CS60: =AE60*BS60 -> 0 | CT60: =AF60*BA60 -> 0 | CU60: =AG60 -> 0 | CV60: =AH60 -> 0 | CW60: =AI60 -> 0 | CX60: =AJ60 -> 0 | CY60: =(((S60+R60)*AT60)/100) -> 0 | CZ60: =(((S60+R60)*AU60)/100) -> 0 | DN60: 0 | DO60: 0 | DP60: 1 | DQ60: 1 | DU60: 1009 | DV60: т | DW60: т | DX60: 1000 | EE60: 27029108 | EF60: 6 | EG60: Ремонтно-строительные работы | EH60: 0 | EJ60: 1 | EK60: 63001 | EL60: Стекольные, обойные, облицовочные работы | EM60: рФЕР-63 | EQ60: 0 | ER60: 0 | ES60: 0 | ET60: 0 | EU60: 0 | EV60: 0 | EW60: 0 | EX60: 0 | FQ60: 0 | FR60: =ROUND(IF(AND(BH60=3,BI60=3),P60,0),2) -> 0 | FS60: 0 | FX60: 77 | FY60: 50 | GD60: 0 | GF60: -179832266 | GG60: 2 | GH60: 1 | GI60: -2 | GJ60: 0 | GK60: =ROUND(R60*(R12)/100,2) -> 0 | GL60: =ROUND(IF(AND(BH60=3,BI60=3,FS60<>0),P60,0),2) -> 0 | GM60: =ROUND(O60+X60+Y60+GK60,2)+GX60 -> 0 | GN60: =IF(OR(BI60=0,BI60=1),ROUND(O60+X60+Y60+GK60,2),0) -> 0 | GO60: =IF(BI60=2,ROUND(O60+X60+Y60+GK60,2),0) -> 0 | GP60: =IF(BI60=4,ROUND(O60+X60+Y60+GK60,2)+GX60,0) -> 0 | GR60: 0 | GS60: 3 | GT60: 0 | GV60: =ROUND(GT60,2) -> 0 | GW60: 1 | GX60: =ROUND(GV60*GW60*I60,2) -> 0 | HA60: 0 | HB60: 0 | IK60: 0
A61: 18 | B61: 1 | C61: 72 | E61: 10,1 | F61: 01.7.07.07 | G61: Строительный мусор | H61: т | I61: =I59*J61 -> 0.0195 | J61: 0.03 | O61: =ROUND(CP61,2) -> 0 | P61: =ROUND(CQ61*I61,2) -> 0 | Q61: =ROUND(CR61*I61,2) -> 0 | R61: =ROUND(CS61*I61,2) -> 0 | S61: =ROUND(CT61*I61,2) -> 0 | T61: =ROUND(CU61*I61,2) -> 0 | U61: =CV61*I61 -> 0 | V61: =CW61*I61 -> 0 | W61: =ROUND(CX61*I61,2) -> 0 | X61: =ROUND(CY61,2) -> 0 | Y61: =ROUND(CZ61,2) -> 0 | AA61: 27737228 | AB61: =ROUND((AC61+AD61+AF61),2) -> 0 | AC61: =ROUND((ES61),2) -> 0 | AD61: =ROUND((((ET61)-(EU61))+AE61),2) -> 0 | AE61: =ROUND((EU61),2) -> 0 | AF61: =ROUND((EV61),2) -> 0 | AG61: =ROUND((AP61),2) -> 0 | AH61: =(EW61) -> 0 | AI61: =(EX61) -> 0 | AJ61: =ROUND((AS61),2) -> 0 | AK61: 0 | AL61: 0 | AM61: 0 | AN61: 0 | AO61: 0 | AP61: 0 | AQ61: 0 | AR61: 0 | AS61: 0 | AT61: 77 | AU61: 50 | AV61: 1 | AW61: 1 | AZ61: 6.53 | BA61: 1 | BB61: 1 | BC61: 6.53 | BH61: 3 | BI61: 1 | BM61: 63001 | BN61: 0 | BP61: 0 | BQ61: 6 | BR61: 0 | BS61: 1 | BT61: 1 | BU61: 1 | BV61: 1 | BW61: 1 | BX61: 1 | BZ61: 77 | CA61: 50 | CF61: 0 | CG61: 0 | CM61: 0 | CO61: 0 | CP61: =(P61+Q61+S61) -> 0 | CQ61: =AC61*BC61 -> 0 | CR61: =AD61*BB61 -> 0 | CS61: =AE61*BS61 -> 0 | CT61: =AF61*BA61 -> 0 | CU61: =AG61 -> 0 | CV61: =AH61 -> 0 | CW61: =AI61 -> 0 | CX61: =AJ61 -> 0 | CY61: =(((S61+R61)*AT61)/100) -> 0 | CZ61: =(((S61+R61)*AU61)/100) -> 0 | DN61: 0 | DO61: 0 | DP61: 1 | DQ61: 1 | DU61: 1009 | DV61: т | DW61: т | DX61: 1000 | EE61: 27029108 | EF61: 6 | EG61: Ремонтно-строительные работы | EH61: 0 | EJ61: 1 | EK61: 63001 | EL61: Стекольные, обойные, облицовочные работы | EM61: рФЕР-63 | EQ61: 0 | ER61: 0 | ES61: 0 | ET61: 0 | EU61: 0 | EV61: 0 | EW61: 0 | EX61: 0 | FQ61: 0 | FR61: =ROUND(IF(AND(BH61=3,BI61=3),P61,0),2) -> 0 | FS61: 0 | FX61: 77 | FY61: 50 | GD61: 0 | GF61: -179832266 | GG61: 1 | GH61: 1 | GI61: 4 | GJ61: 0 | GK61: =ROUND(R61*(S12)/100,2) -> 0 | GL61: =ROUND(IF(AND(BH61=3,BI61=3,FS61<>0),P61,0),2) -> 0 | GM61: =ROUND(O61+X61+Y61+GK61,2)+GX61 -> 0 | GN61: =IF(OR(BI61=0,BI61=1),ROUND(O61+X61+Y61+GK61,2),0) -> 0 | GO61: =IF(BI61=2,ROUND(O61+X61+Y61+GK61,2),0) -> 0 | GP61: =IF(BI61=4,ROUND(O61+X61+Y61+GK61,2)+GX61,0) -> 0 | GR61: 0 | GS61: 3 | GT61: 0 | GV61: =ROUND(GT61,2) -> 0 | GW61: 1 | GX61: =ROUND(GV61*GW61*I61,2) -> 0 | HA61: 0 | HB61: 0 | IK61: 0
A62: 17 | B62: 1 | C62: =ROW(SmtRes!A75) -> 75 | D62: =ROW(EtalonRes!A79) -> 79 | E62: 11 | F62: 46-04-007-06 | G62: Разборка деревянных подвесных потолков из плит акмигран | H62: 100 м2 | I62: =ROUND(33/100,9) -> 0.33 | J62: 0 | O62: =ROUND(CP62,2) -> 213.35 | P62: =ROUND(CQ62*I62,2) -> 0 | Q62: =ROUND(CR62*I62,2) -> 22.69 | R62: =ROUND(CS62*I62,2) -> 9.8 | S62: =ROUND(CT62*I62,2) -> 190.66 | T62: =ROUND(CU62*I62,2) -> 0 | U62: =CV62*I62 -> 22.0671 | V62: =CW62*I62 -> 0.726 | W62: =ROUND(CX62*I62,2) -> 0 | X62: =ROUND(CY62,2) -> 198.46 | Y62: =ROUND(CZ62,2) -> 120.28 | AA62: 27737227 | AB62: =ROUND((AC62+AD62+AF62),2) -> 646.53 | AC62: =ROUND((ES62),2) -> 0 | AD62: =ROUND((((ET62)-(EU62))+AE62),2) -> 68.77 | AE62: =ROUND((EU62),2) -> 29.7 | AF62: =ROUND((EV62),2) -> 577.76 | AG62: =ROUND((AP62),2) -> 0 | AH62: =(EW62) -> 66.87 | AI62: =(EX62) -> 2.2 | AJ62: =ROUND((AS62),2) -> 0 | AK62: 646.53 | AL62: 0 | AM62: 68.77 | AN62: 29.7 | AO62: 577.76 | AP62: 0 | AQ62: 66.87 | AR62: 2.2 | AS62: 0 | AT62: 99 | AU62: 60 | AV62: 1 | AW62: 1 | AZ62: 1 | BA62: 1 | BB62: 1 | BC62: 1 | BH62: 0 | BI62: 1 | BJ62: ФЕР-2001, 46-04-007-06, приказ Минстроя России №1039/пр от 30.12.2016г. | BM62: 46001 | BN62: 0 | BP62: 0 | BQ62: 2 | BR62: 0 | BS62: 1 | BT62: 1 | BU62: 1 | BV62: 1 | BW62: 1 | BX62: 1 | BZ62: 110 | CA62: 70 | CF62: 0 | CG62: 0 | CM62: 0 | CO62: 0 | CP62: =(P62+Q62+S62) -> 213.35 | CQ62: =AC62*BC62 -> 0 | CR62: =AD62*BB62 -> 68.77 | CS62: =AE62*BS62 -> 29.7 | CT62: =AF62*BA62 -> 577.76 | CU62: =AG62 -> 0 | CV62: =AH62 -> 66.87 | CW62: =AI62 -> 2.2 | CX62: =AJ62 -> 0 | CY62: =(((S62+R62)*AT62)/100) -> 198.4554 | CZ62: =(((S62+R62)*AU62)/100) -> 120.276 | DN62: 0 | DO62: 0 | DP62: 1 | DQ62: 1 | DU62: 1005 | DV62: 100 м2 | DW62: 100 м2 | DX62: 100 | EE62: 27029091 | EF62: 2 | EG62: Общестроительные работы | EH62: 0 | EJ62: 1 | EK62: 46001 | EL62: Реконструкция зданий и сооружений | EM62: ФЕР-46 | EQ62: 0 | ER62: 646.53 | ES62: 0 | ET62: 68.77 | EU62: 29.7 | EV62: 577.76 | EW62: 66.87 | EX62: 2.2 | EY62: 0 | FQ62: 0 | FR62: =ROUND(IF(AND(BH62=3,BI62=3),P62,0),2) -> 0 | FS62: 0 | FT62: *0,9 | FU62: *0,85 | FX62: 99 | FY62: 59.5 | GD62: 0 | GF62: -528309602 | GG62: 2 | GH62: 1 | GI62: -2 | GJ62: 0 | GK62: =ROUND(R62*(R12)/100,2) -> 0 | GL62: =ROUND(IF(AND(BH62=3,BI62=3,FS62<>0),P62,0),2) -> 0 | GM62: =ROUND(O62+X62+Y62+GK62,2)+GX62 -> 532.09 | GN62: =IF(OR(BI62=0,BI62=1),ROUND(O62+X62+Y62+GK62,2),0) -> 532.09 | GO62: =IF(BI62=2,ROUND(O62+X62+Y62+GK62,2),0) -> 0 | GP62: =IF(BI62=4,ROUND(O62+X62+Y62+GK62,2)+GX62,0) -> 0 | GR62: 0 | GS62: 3 | GT62: 0 | GV62: =ROUND(GT62,2) -> 0 | GW62: 1 | GX62: =ROUND(GV62*GW62*I62,2) -> 0 | HA62: 0 | HB62: 0 | IK62: 0
A63: 17 | B63: 1 | C63: =ROW(SmtRes!A78) -> 78 | D63: =ROW(EtalonRes!A82) -> 82 | E63: 11 | F63: 46-04-007-06 | G63: Разборка деревянных подвесных потолков из плит акмигран | H63: 100 м2 | I63: =ROUND(33/100,9) -> 0.33 | J63: 0 | O63: =ROUND(CP63,2) -> 1393.21 | P63: =ROUND(CQ63*I63,2) -> 0 | Q63: =ROUND(CR63*I63,2) -> 148.19 | R63: =ROUND(CS63*I63,2) -> 64 | S63: =ROUND(CT63*I63,2) -> 1245.02 | T63: =ROUND(CU63*I63,2) -> 0 | U63: =CV63*I63 -> 22.0671 | V63: =CW63*I63 -> 0.726 | W63: =ROUND(CX63*I63,2) -> 0 | X63: =ROUND(CY63,2) -> 1295.93 | Y63: =ROUND(CZ63,2) -> 785.41 | AA63: 27737228 | AB63: =ROUND((AC63+AD63+AF63),2) -> 646.53 | AC63: =ROUND((ES63),2) -> 0 | AD63: =ROUND((((ET63)-(EU63))+AE63),2) -> 68.77 | AE63: =ROUND((EU63),2) -> 29.7 | AF63: =ROUND((EV63),2) -> 577.76 | AG63: =ROUND((AP63),2) -> 0 | AH63: =(EW63) -> 66.87 | AI63: =(EX63) -> 2.2 | AJ63: =ROUND((AS63),2) -> 0 | AK63: 646.53 | AL63: 0 | AM63: 68.77 | AN63: 29.7 | AO63: 577.76 | AP63: 0 | AQ63: 66.87 | AR63: 2.2 | AS63: 0 | AT63: 99 | AU63: 60 | AV63: 1 | AW63: 1 | AZ63: 6.53 | BA63: 6.53 | BB63: 6.53 | BC63: 6.53 | BH63: 0 | BI63: 1 | BJ63: ФЕР-2001, 46-04-007-06, приказ Минстроя России №1039/пр от 30.12.2016г. | BM63: 46001 | BN63: 0 | BP63: 0 | BQ63: 2 | BR63: 0 | BS63: 6.53 | BT63: 1 | BU63: 1 | BV63: 1 | BW63: 1 | BX63: 1 | BZ63: 110 | CA63: 70 | CF63: 0 | CG63: 0 | CM63: 0 | CO63: 0 | CP63: =(P63+Q63+S63) -> 1393.21 | CQ63: =AC63*BC63 -> 0 | CR63: =AD63*BB63 -> 449.0681 | CS63: =AE63*BS63 -> 193.941 | CT63: =AF63*BA63 -> 3772.7728 | CU63: =AG63 -> 0 | CV63: =AH63 -> 66.87 | CW63: =AI63 -> 2.2 | CX63: =AJ63 -> 0 | CY63: =(((S63+R63)*AT63)/100) -> 1295.9298 | CZ63: =(((S63+R63)*AU63)/100) -> 785.412 | DN63: 0 | DO63: 0 | DP63: 1 | DQ63: 1 | DU63: 1005 | DV63: 100 м2 | DW63: 100 м2 | DX63: 100 | EE63: 27029091 | EF63: 2 | EG63: Общестроительные работы | EH63: 0 | EJ63: 1 | EK63: 46001 | EL63: Реконструкция зданий и сооружений | EM63: ФЕР-46 | EQ63: 0 | ER63: 646.53 | ES63: 0 | ET63: 68.77 | EU63: 29.7 | EV63: 577.76 | EW63: 66.87 | EX63: 2.2 | EY63: 0 | FQ63: 0 | FR63: =ROUND(IF(AND(BH63=3,BI63=3),P63,0),2) -> 0 | FS63: 0 | FT63: *0,9 | FU63: *0,85 | FX63: 99 | FY63: 59.5 | GD63: 0 | GF63: -528309602 | GG63: 1 | GH63: 1 | GI63: 4 | GJ63: 0 | GK63: =ROUND(R63*(S12)/100,2) -> 0 | GL63: =ROUND(IF(AND(BH63=3,BI63=3,FS63<>0),P63,0),2) -> 0 | GM63: =ROUND(O63+X63+Y63+GK63,2)+GX63 -> 3474.55 | GN63: =IF(OR(BI63=0,BI63=1),ROUND(O63+X63+Y63+GK63,2),0) -> 3474.55 | GO63: =IF(BI63=2,ROUND(O63+X63+Y63+GK63,2),0) -> 0 | GP63: =IF(BI63=4,ROUND(O63+X63+Y63+GK63,2)+GX63,0) -> 0 | GR63: 0 | GS63: 3 | GT63: 0 | GV63: =ROUND(GT63,2) -> 0 | GW63: 1 | GX63: =ROUND(GV63*GW63*I63,2) -> 0 | HA63: 0 | HB63: 0 | IK63: 0
A64: 17 | B64: 1 | C64: =ROW(SmtRes!A79) -> 79 | D64: =ROW(EtalonRes!A83) -> 83 | E64: 12 | F64: 46-02-009-02 | G64: Отбивка штукатурки с поверхностей стен кирпичных | H64: 100 м2 | I64: =ROUND((12+15)/100,9) -> 0.27 | J64: 0 | O64: =ROUND(CP64,2) -> 48.06 | P64: =ROUND(CQ64*I64,2) -> 0 | Q64: =ROUND(CR64*I64,2) -> 0 | R64: =ROUND(CS64*I64,2) -> 0 | S64: =ROUND(CT64*I64,2) -> 48.06 | T64: =ROUND(CU64*I64,2) -> 0 | U64: =CV64*I64 -> 6.1614 | V64: =CW64*I64 -> 0 | W64: =ROUND(CX64*I64,2) -> 0 | X64: =ROUND(CY64,2) -> 47.58 | Y64: =ROUND(CZ64,2) -> 28.84 | AA64: 27737227 | AB64: =ROUND((AC64+AD64+AF64),2) -> 178 | AC64: =ROUND((ES64),2) -> 0 | AD64: =ROUND((((ET64)-(EU64))+AE64),2) -> 0 | AE64: =ROUND((EU64),2) -> 0 | AF64: =ROUND((EV64),2) -> 178 | AG64: =ROUND((AP64),2) -> 0 | AH64: =(EW64) -> 22.82 | AI64: =(EX64) -> 0 | AJ64: =ROUND((AS64),2) -> 0 | AK64: 178 | AL64: 0 | AM64: 0 | AN64: 0 | AO64: 178 | AP64: 0 | AQ64: 22.82 | AR64: 0 | AS64: 0 | AT64: 99 | AU64: 60 | AV64: 1 | AW64: 1 | AZ64: 1 | BA64: 1 | BB64: 1 | BC64: 1 | BH64: 0 | BI64: 1 | BJ64: ФЕР-2001, 46-02-009-02, приказ Минстроя России №1039/пр от 30.12.2016г. | BM64: 46001 | BN64: 0 | BP64: 0 | BQ64: 2 | BR64: 0 | BS64: 1 | BT64: 1 | BU64: 1 | BV64: 1 | BW64: 1 | BX64: 1 | BZ64: 110 | CA64: 70 | CF64: 0 | CG64: 0 | CM64: 0 | CO64: 0 | CP64: =(P64+Q64+S64) -> 48.06 | CQ64: =AC64*BC64 -> 0 | CR64: =AD64*BB64 -> 0 | CS64: =AE64*BS64 -> 0 | CT64: =AF64*BA64 -> 178 | CU64: =AG64 -> 0 | CV64: =AH64 -> 22.82 | CW64: =AI64 -> 0 | CX64: =AJ64 -> 0 | CY64: =(((S64+R64)*AT64)/100) -> 47.5794 | CZ64: =(((S64+R64)*AU64)/100) -> 28.836 | DN64: 0 | DO64: 0 | DP64: 1 | DQ64: 1 | DU64: 1005 | DV64: 100 м2 | DW64: 100 м2 | DX64: 100 | EE64: 27029091 | EF64: 2 | EG64: Общестроительные работы | EH64: 0 | EJ64: 1 | EK64: 46001 | EL64: Реконструкция зданий и сооружений | EM64: ФЕР-46 | EQ64: 0 | ER64: 178 | ES64: 0 | ET64: 0 | EU64: 0 | EV64: 178 | EW64: 22.82 | EX64: 0 | EY64: 0 | FQ64: 0 | FR64: =ROUND(IF(AND(BH64=3,BI64=3),P64,0),2) -> 0 | FS64: 0 | FT64: *0,9 | FU64: *0,85 | FX64: 99 | FY64: 59.5 | GD64: 0 | GF64: -832498853 | GG64: 2 | GH64: 1 | GI64: -2 | GJ64: 0 | GK64: =ROUND(R64*(R12)/100,2) -> 0 | GL64: =ROUND(IF(AND(BH64=3,BI64=3,FS64<>0),P64,0),2) -> 0 | GM64: =ROUND(O64+X64+Y64+GK64,2)+GX64 -> 124.48 | GN64: =IF(OR(BI64=0,BI64=1),ROUND(O64+X64+Y64+GK64,2),0) -> 124.48 | GO64: =IF(BI64=2,ROUND(O64+X64+Y64+GK64,2),0) -> 0 | GP64: =IF(BI64=4,ROUND(O64+X64+Y64+GK64,2)+GX64,0) -> 0 | GR64: 0 | GS64: 3 | GT64: 0 | GV64: =ROUND(GT64,2) -> 0 | GW64: 1 | GX64: =ROUND(GV64*GW64*I64,2) -> 0 | HA64: 0 | HB64: 0 | IK64: 0
A65: 17 | B65: 1 | C65: =ROW(SmtRes!A80) -> 80 | D65: =ROW(EtalonRes!A84) -> 84 | E65: 12 | F65: 46-02-009-02 | G65: Отбивка штукатурки с поверхностей стен кирпичных | H65: 100 м2 | I65: =ROUND((12+15)/100,9) -> 0.27 | J65: 0 | O65: =ROUND(CP65,2) -> 313.83 | P65: =ROUND(CQ65*I65,2) -> 0 | Q65: =ROUND(CR65*I65,2) -> 0 | R65: =ROUND(CS65*I65,2) -> 0 | S65: =ROUND(CT65*I65,2) -> 313.83 | T65: =ROUND(CU65*I65,2) -> 0 | U65: =CV65*I65 -> 6.1614 | V65: =CW65*I65 -> 0 | W65: =ROUND(CX65*I65,2) -> 0 | X65: =ROUND(CY65,2) -> 310.69 | Y65: =ROUND(CZ65,2) -> 188.3 | AA65: 27737228 | AB65: =ROUND((AC65+AD65+AF65),2) -> 178 | AC65: =ROUND((ES65),2) -> 0 | AD65: =ROUND((((ET65)-(EU65))+AE65),2) -> 0 | AE65: =ROUND((EU65),2) -> 0 | AF65: =ROUND((EV65),2) -> 178 | AG65: =ROUND((AP65),2) -> 0 | AH65: =(EW65) -> 22.82 | AI65: =(EX65) -> 0 | AJ65: =ROUND((AS65),2) -> 0 | AK65: 178 | AL65: 0 | AM65: 0 | AN65: 0 | AO65: 178 | AP65: 0 | AQ65: 22.82 | AR65: 0 | AS65: 0 | AT65: 99 | AU65: 60 | AV65: 1 | AW65: 1 | AZ65: 6.53 | BA65: 6.53 | BB65: 6.53 | BC65: 6.53 | BH65: 0 | BI65: 1 | BJ65: ФЕР-2001, 46-02-009-02, приказ Минстроя России №1039/пр от 30.12.2016г. | BM65: 46001 | BN65: 0 | BP65: 0 | BQ65: 2 | BR65: 0 | BS65: 6.53 | BT65: 1 | BU65: 1 | BV65: 1 | BW65: 1 | BX65: 1 | BZ65: 110 | CA65: 70 | CF65: 0 | CG65: 0 | CM65: 0 | CO65: 0 | CP65: =(P65+Q65+S65) -> 313.83 | CQ65: =AC65*BC65 -> 0 | CR65: =AD65*BB65 -> 0 | CS65: =AE65*BS65 -> 0 | CT65: =AF65*BA65 -> 1162.34 | CU65: =AG65 -> 0 | CV65: =AH65 -> 22.82 | CW65: =AI65 -> 0 | CX65: =AJ65 -> 0 | CY65: =(((S65+R65)*AT65)/100) -> 310.6917 | CZ65: =(((S65+R65)*AU65)/100) -> 188.298 | DN65: 0 | DO65: 0 | DP65: 1 | DQ65: 1 | DU65: 1005 | DV65: 100 м2 | DW65: 100 м2 | DX65: 100 | EE65: 27029091 | EF65: 2 | EG65: Общестроительные работы | EH65: 0 | EJ65: 1 | EK65: 46001 | EL65: Реконструкция зданий и сооружений | EM65: ФЕР-46 | EQ65: 0 | ER65: 178 | ES65: 0 | ET65: 0 | EU65: 0 | EV65: 178 | EW65: 22.82 | EX65: 0 | EY65: 0 | FQ65: 0 | FR65: =ROUND(IF(AND(BH65=3,BI65=3),P65,0),2) -> 0 | FS65: 0 | FT65: *0,9 | FU65: *0,85 | FX65: 99 | FY65: 59.5 | GD65: 0 | GF65: -832498853 | GG65: 1 | GH65: 1 | GI65: 4 | GJ65: 0 | GK65: =ROUND(R65*(S12)/100,2) -> 0 | GL65: =ROUND(IF(AND(BH65=3,BI65=3,FS65<>0),P65,0),2) -> 0 | GM65: =ROUND(O65+X65+Y65+GK65,2)+GX65 -> 812.82 | GN65: =IF(OR(BI65=0,BI65=1),ROUND(O65+X65+Y65+GK65,2),0) -> 812.82 | GO65: =IF(BI65=2,ROUND(O65+X65+Y65+GK65,2),0) -> 0 | GP65: =IF(BI65=4,ROUND(O65+X65+Y65+GK65,2)+GX65,0) -> 0 | GR65: 0 | GS65: 3 | GT65: 0 | GV65: =ROUND(GT65,2) -> 0 | GW65: 1 | GX65: =ROUND(GV65*GW65*I65,2) -> 0 | HA65: 0 | HB65: 0 | IK65: 0
A66: 17 | B66: 1 | C66: =ROW(SmtRes!A81) -> 81 | D66: =ROW(EtalonRes!A85) -> 85 | E66: 13 | F66: 13-06-003-01 | G66: Очистка поверхности щетками | H66: м2 | I66: =ROUND(12+32+9.4+8.4+380+387+5+9.6,9) -> 843.4 | J66: 0 | O66: =ROUND(CP66,2) -> 7447.22 | P66: =ROUND(CQ66*I66,2) -> 0 | Q66: =ROUND(CR66*I66,2) -> 0 | R66: =ROUND(CS66*I66,2) -> 0 | S66: =ROUND(CT66*I66,2) -> 7447.22 | T66: =ROUND(CU66*I66,2) -> 0 | U66: =CV66*I66 -> 872.919 | V66: =CW66*I66 -> 0 | W66: =ROUND(CX66*I66,2) -> 0 | X66: =ROUND(CY66,2) -> 6032.25 | Y66: =ROUND(CZ66,2) -> 4468.33 | AA66: 27737227 | AB66: =ROUND((AC66+AD66+AF66),2) -> 8.83 | AC66: =ROUND((ES66),2) -> 0 | AD66: =ROUND(((((ET66*1.25))-((EU66*1.25)))+AE66),2) -> 0 | AE66: =ROUND(((EU66*1.25)),2) -> 0 | AF66: =ROUND(((EV66*1.15)),2) -> 8.83 | AG66: =ROUND((AP66),2) -> 0 | AH66: =((EW66*1.15)) -> 1.035 | AI66: =((EX66*1.25)) -> 0 | AJ66: =ROUND((AS66),2) -> 0 | AK66: 7.68 | AL66: 0 | AM66: 0 | AN66: 0 | AO66: 7.68 | AP66: 0 | AQ66: 0.9 | AR66: 0 | AS66: 0 | AT66: 81 | AU66: 60 | AV66: 1 | AW66: 1 | AZ66: 1 | BA66: 1 | BB66: 1 | BC66: 1 | BH66: 0 | BI66: 1 | BJ66: ФЕР-2001, 13-06-003-01, приказ Минстроя России №1039/пр от 30.12.2016г. | BM66: 13001 | BN66: 0 | BP66: 0 | BQ66: 2 | BR66: 0 | BS66: 1 | BT66: 1 | BU66: 1 | BV66: 1 | BW66: 1 | BX66: 1 | BZ66: 90 | CA66: 70 | CF66: 0 | CG66: 0 | CM66: 0 | CN66: Поправка: МДС 81-35.2004, п.4.7 Наименование: Работы, выполняемые при реконструкции зданий и сооружений работы, аналогичные технологическим процессам в новом строительстве (в том числе возведение новых конструктивных элементов) стоимость которых определена по соответствующим сборникам ФЕР, кроме сборника № 46 «Работы при реконструкции зданий и сооружений» | CO66: 0 | CP66: =(P66+Q66+S66) -> 7447.22 | CQ66: =AC66*BC66 -> 0 | CR66: =AD66*BB66 -> 0 | CS66: =AE66*BS66 -> 0 | CT66: =AF66*BA66 -> 8.83 | CU66: =AG66 -> 0 | CV66: =AH66 -> 1.035 | CW66: =AI66 -> 0 | CX66: =AJ66 -> 0 | CY66: =(((S66+R66)*AT66)/100) -> 6032.2482 | CZ66: =(((S66+R66)*AU66)/100) -> 4468.332 | DE66: )*1,25 | DF66: )*1,25 | DG66: )*1,15 | DI66: )*1,15 | DJ66: )*1,25 | DN66: 0 | DO66: 0 | DP66: 1 | DQ66: 1 | DU66: 1005 | DV66: м2 | DW66: м2 | DX66: 1 | EE66: 27029026 | EF66: 2 | EG66: Общестроительные работы | EH66: 0 | EJ66: 1 | EK66: 13001 | EL66: Защита строительных конструкций | EM66: ФЕР-13 | EO66: Поправка: МДС 81-35.2004, п.4.7 | EQ66: 0 | ER66: 7.68 | ES66: 0 | ET66: 0 | EU66: 0 | EV66: 7.68 | EW66: 0.9 | EX66: 0 | EY66: 0 | FQ66: 0 | FR66: =ROUND(IF(AND(BH66=3,BI66=3),P66,0),2) -> 0 | FS66: 0 | FT66: *0,9 | FU66: *0,85 | FX66: 81 | FY66: 59.5 | GD66: 0 | GF66: 1256725681 | GG66: 2 | GH66: 1 | GI66: -2 | GJ66: 0 | GK66: =ROUND(R66*(R12)/100,2) -> 0 | GL66: =ROUND(IF(AND(BH66=3,BI66=3,FS66<>0),P66,0),2) -> 0 | GM66: =ROUND(O66+X66+Y66+GK66,2)+GX66 -> 17947.8 | GN66: =IF(OR(BI66=0,BI66=1),ROUND(O66+X66+Y66+GK66,2),0) -> 17947.8 | GO66: =IF(BI66=2,ROUND(O66+X66+Y66+GK66,2),0) -> 0 | GP66: =IF(BI66=4,ROUND(O66+X66+Y66+GK66,2)+GX66,0) -> 0 | GR66: 0 | GS66: 3 | GT66: 0 | GV66: =ROUND(GT66,2) -> 0 | GW66: 1 | GX66: =ROUND(GV66*GW66*I66,2) -> 0 | HA66: 0 | HB66: 0 | IK66: 0
A67: 17 | B67: 1 | C67: =ROW(SmtRes!A82) -> 82 | D67: =ROW(EtalonRes!A86) -> 86 | E67: 13 | F67: 13-06-003-01 | G67: Очистка поверхности щетками | H67: м2 | I67: =ROUND(12+32+9.4+8.4+380+387+5+9.6,9) -> 843.4 | J67: 0 | O67: =ROUND(CP67,2) -> 48630.36 | P67: =ROUND(CQ67*I67,2) -> 0 | Q67: =ROUND(CR67*I67,2) -> 0 | R67: =ROUND(CS67*I67,2) -> 0 | S67: =ROUND(CT67*I67,2) -> 48630.36 | T67: =ROUND(CU67*I67,2) -> 0 | U67: =CV67*I67 -> 872.919 | V67: =CW67*I67 -> 0 | W67: =ROUND(CX67*I67,2) -> 0 | X67: =ROUND(CY67,2) -> 39390.59 | Y67: =ROUND(CZ67,2) -> 29178.22 | AA67: 27737228 | AB67: =ROUND((AC67+AD67+AF67),2) -> 8.83 | AC67: =ROUND((ES67),2) -> 0 | AD67: =ROUND(((((ET67*1.25))-((EU67*1.25)))+AE67),2) -> 0 | AE67: =ROUND(((EU67*1.25)),2) -> 0 | AF67: =ROUND(((EV67*1.15)),2) -> 8.83 | AG67: =ROUND((AP67),2) -> 0 | AH67: =((EW67*1.15)) -> 1.035 | AI67: =((EX67*1.25)) -> 0 | AJ67: =ROUND((AS67),2) -> 0 | AK67: 7.68 | AL67: 0 | AM67: 0 | AN67: 0 | AO67: 7.68 | AP67: 0 | AQ67: 0.9 | AR67: 0 | AS67: 0 | AT67: 81 | AU67: 60 | AV67: 1 | AW67: 1 | AZ67: 6.53 | BA67: 6.53 | BB67: 6.53 | BC67: 6.53 | BH67: 0 | BI67: 1 | BJ67: ФЕР-2001, 13-06-003-01, приказ Минстроя России №1039/пр от 30.12.2016г. | BM67: 13001 | BN67: 0 | BP67: 0 | BQ67: 2 | BR67: 0 | BS67: 6.53 | BT67: 1 | BU67: 1 | BV67: 1 | BW67: 1 | BX67: 1 | BZ67: 90 | CA67: 70 | CF67: 0 | CG67: 0 | CM67: 0 | CN67: Поправка: МДС 81-35.2004, п.4.7 Наименование: Работы, выполняемые при реконструкции зданий и сооружений работы, аналогичные технологическим процессам в новом строительстве (в том числе возведение новых конструктивных элементов) стоимость которых определена по соответствующим сборникам ФЕР, кроме сборника № 46 «Работы при реконструкции зданий и сооружений» | CO67: 0 | CP67: =(P67+Q67+S67) -> 48630.36 | CQ67: =AC67*BC67 -> 0 | CR67: =AD67*BB67 -> 0 | CS67: =AE67*BS67 -> 0 | CT67: =AF67*BA67 -> 57.6599 | CU67: =AG67 -> 0 | CV67: =AH67 -> 1.035 | CW67: =AI67 -> 0 | CX67: =AJ67 -> 0 | CY67: =(((S67+R67)*AT67)/100) -> 39390.592 | CZ67: =(((S67+R67)*AU67)/100) -> 29178.216 | DE67: )*1,25 | DF67: )*1,25 | DG67: )*1,15 | DI67: )*1,15 | DJ67: )*1,25 | DN67: 0 | DO67: 0 | DP67: 1 | DQ67: 1 | DU67: 1005 | DV67: м2 | DW67: м2 | DX67: 1 | EE67: 27029026 | EF67: 2 | EG67: Общестроительные работы | EH67: 0 | EJ67: 1 | EK67: 13001 | EL67: Защита строительных конструкций | EM67: ФЕР-13 | EO67: Поправка: МДС 81-35.2004, п.4.7 | EQ67: 0 | ER67: 7.68 | ES67: 0 | ET67: 0 | EU67: 0 | EV67: 7.68 | EW67: 0.9 | EX67: 0 | EY67: 0 | FQ67: 0 | FR67: =ROUND(IF(AND(BH67=3,BI67=3),P67,0),2) -> 0 | FS67: 0 | FT67: *0,9 | FU67: *0,85 | FX67: 81 | FY67: 59.5 | GD67: 0 | GF67: 1256725681 | GG67: 1 | GH67: 1 | GI67: 4 | GJ67: 0 | GK67: =ROUND(R67*(S12)/100,2) -> 0 | GL67: =ROUND(IF(AND(BH67=3,BI67=3,FS67<>0),P67,0),2) -> 0 | GM67: =ROUND(O67+X67+Y67+GK67,2)+GX67 -> 117199.17 | GN67: =IF(OR(BI67=0,BI67=1),ROUND(O67+X67+Y67+GK67,2),0) -> 117199.17 | GO67: =IF(BI67=2,ROUND(O67+X67+Y67+GK67,2),0) -> 0 | GP67: =IF(BI67=4,ROUND(O67+X67+Y67+GK67,2)+GX67,0) -> 0 | GR67: 0 | GS67: 3 | GT67: 0 | GV67: =ROUND(GT67,2) -> 0 | GW67: 1 | GX67: =ROUND(GV67*GW67*I67,2) -> 0 | HA67: 0 | HB67: 0 | IK67: 0
A68: 17 | B68: 1 | C68: =ROW(SmtRes!A93) -> 93 | D68: =ROW(EtalonRes!A97) -> 97 | E68: 14 | F68: 10-01-034-06 | G68: Установка в жилых и общественных зданиях оконных блоков из ПВХ профилей поворотных (откидных, поворотно-откидных) с площадью проема более 2 м2 двухстворчатых | H68: 100 м2 | I68: =ROUND(105.51/100,9) -> 1.0551 | J68: 0 | O68: =ROUND(CP68,2) -> 10637.51 | P68: =ROUND(CQ68*I68,2) -> 8755.59 | Q68: =ROUND(CR68*I68,2) -> 336.59 | R68: =ROUND(CS68*I68,2) -> 66.37 | S68: =ROUND(CT68*I68,2) -> 1545.33 | T68: =ROUND(CU68*I68,2) -> 0 | U68: =CV68*I68 -> 176.81155 | V68: =CW68*I68 -> 5.5788412 | W68: =ROUND(CX68*I68,2) -> 0 | X68: =ROUND(CY68,2) -> 1708.4 | Y68: =ROUND(CZ68,2) -> 870.32 | AA68: 27737227 | AB68: =ROUND((AC68+AD68+AF68),2) -> 10081.99 | AC68: =ROUND((ES68),2) -> 8298.35 | AD68: =ROUND(((((ET68*1.25))-((EU68*1.25)))+AE68),2) -> 319.01 | AE68: =ROUND(((EU68*1.25)),2) -> 62.9 | AF68: =ROUND(((EV68*1.15)),2) -> 1464.63 | AG68: =ROUND((AP68),2) -> 0 | AH68: =((EW68*1.15)) -> 167.578 | AI68: =((EX68*1.25)) -> 5.2875 | AJ68: =ROUND((AS68),2) -> 0 | AK68: 9827.15 | AL68: 8298.35 | AM68: 255.21 | AN68: 50.32 | AO68: 1273.59 | AP68: 0 | AQ68: 145.72 | AR68: 4.23 | AS68: 0 | AT68: 106 | AU68: 54 | AV68: 1 | AW68: 1 | AZ68: 1 | BA68: 1 | BB68: 1 | BC68: 1 | BH68: 0 | BI68: 1 | BJ68: ФЕР-2001, 10-01-034-06, приказ Минстроя России №1039/пр от 30.12.2016г. | BM68: 10001 | BN68: 0 | BP68: 0 | BQ68: 2 | BR68: 0 | BS68: 1 | BT68: 1 | BU68: 1 | BV68: 1 | BW68: 1 | BX68: 1 | BZ68: 118 | CA68: 63 | CF68: 0 | CG68: 0 | CM68: 0 | CN68: Поправка: МДС 81-35.2004, п.4.7 Наименование: Работы, выполняемые при реконструкции зданий и сооружений работы, аналогичные технологическим процессам в новом строительстве (в том числе возведение новых конструктивных элементов) стоимость которых определена по соответствующим сборникам ФЕР, кроме сборника № 46 «Работы при реконструкции зданий и сооружений» | CO68: 0 | CP68: =(P68+Q68+S68) -> 10637.51 | CQ68: =AC68*BC68 -> 8298.35 | CR68: =AD68*BB68 -> 319.01 | CS68: =AE68*BS68 -> 62.9 | CT68: =AF68*BA68 -> 1464.63 | CU68: =AG68 -> 0 | CV68: =AH68 -> 167.578 | CW68: =AI68 -> 5.2875 | CX68: =AJ68 -> 0 | CY68: =(((S68+R68)*AT68)/100) -> 1708.402 | CZ68: =(((S68+R68)*AU68)/100) -> 870.318 | DE68: )*1,25 | DF68: )*1,25 | DG68: )*1,15 | DI68: )*1,15 | DJ68: )*1,25 | DN68: 0 | DO68: 0 | DP68: 1 | DQ68: 1 | DU68: 1005 | DV68: 100 м2 | DW68: 100 м2 | DX68: 100 | EE68: 27029023 | EF68: 2 | EG68: Общестроительные работы | EH68: 0 | EJ68: 1 | EK68: 10001 | EL68: Деревянные конструкции | EM68: ФЕР-10 | EO68: Поправка: МДС 81-35.2004, п.4.7 | EQ68: 0 | ER68: 9827.15 | ES68: 8298.35 | ET68: 255.21 | EU68: 50.32 | EV68: 1273.59 | EW68: 145.72 | EX68: 4.23 | EY68: 0 | FQ68: 0 | FR68: =ROUND(IF(AND(BH68=3,BI68=3),P68,0),2) -> 0 | FS68: 0 | FT68: *0,9 | FU68: *0,85 | FX68: 106.2 | FY68: 53.55 | GD68: 0 | GF68: 1452579699 | GG68: 2 | GH68: 1 | GI68: -2 | GJ68: 0 | GK68: =ROUND(R68*(R12)/100,2) -> 0 | GL68: =ROUND(IF(AND(BH68=3,BI68=3,FS68<>0),P68,0),2) -> 0 | GM68: =ROUND(O68+X68+Y68+GK68,2)+GX68 -> 13216.23 | GN68: =IF(OR(BI68=0,BI68=1),ROUND(O68+X68+Y68+GK68,2),0) -> 13216.23 | GO68: =IF(BI68=2,ROUND(O68+X68+Y68+GK68,2),0) -> 0 | GP68: =IF(BI68=4,ROUND(O68+X68+Y68+GK68,2)+GX68,0) -> 0 | GR68: 0 | GS68: 3 | GT68: 0 | GV68: =ROUND(GT68,2) -> 0 | GW68: 1 | GX68: =ROUND(GV68*GW68*I68,2) -> 0 | HA68: 0 | HB68: 0 | IK68: 0
A69: 17 | B69: 1 | C69: =ROW(SmtRes!A104) -> 104 | D69: =ROW(EtalonRes!A108) -> 108 | E69: 14 | F69: 10-01-034-06 | G69: Установка в жилых и общественных зданиях оконных блоков из ПВХ профилей поворотных (откидных, поворотно-откидных) с площадью проема более 2 м2 двухстворчатых | H69: 100 м2 | I69: =ROUND(105.51/100,9) -> 1.0551 | J69: 0 | O69: =ROUND(CP69,2) -> 69462.93 | P69: =ROUND(CQ69*I69,2) -> 57174 | Q69: =ROUND(CR69*I69,2) -> 2197.92 | R69: =ROUND(CS69*I69,2) -> 433.37 | S69: =ROUND(CT69*I69,2) -> 10091.01 | T69: =ROUND(CU69*I69,2) -> 0 | U69: =CV69*I69 -> 176.81155 | V69: =CW69*I69 -> 5.5788412 | W69: =ROUND(CX69*I69,2) -> 0 | X69: =ROUND(CY69,2) -> 11155.84 | Y69: =ROUND(CZ69,2) -> 5683.17 | AA69: 27737228 | AB69: =ROUND((AC69+AD69+AF69),2) -> 10081.99 | AC69: =ROUND((ES69),2) -> 8298.35 | AD69: =ROUND(((((ET69*1.25))-((EU69*1.25)))+AE69),2) -> 319.01 | AE69: =ROUND(((EU69*1.25)),2) -> 62.9 | AF69: =ROUND(((EV69*1.15)),2) -> 1464.63 | AG69: =ROUND((AP69),2) -> 0 | AH69: =((EW69*1.15)) -> 167.578 | AI69: =((EX69*1.25)) -> 5.2875 | AJ69: =ROUND((AS69),2) -> 0 | AK69: 9827.15 | AL69: 8298.35 | AM69: 255.21 | AN69: 50.32 | AO69: 1273.59 | AP69: 0 | AQ69: 145.72 | AR69: 4.23 | AS69: 0 | AT69: 106 | AU69: 54 | AV69: 1 | AW69: 1 | AZ69: 6.53 | BA69: 6.53 | BB69: 6.53 | BC69: 6.53 | BH69: 0 | BI69: 1 | BJ69: ФЕР-2001, 10-01-034-06, приказ Минстроя России №1039/пр от 30.12.2016г. | BM69: 10001 | BN69: 0 | BP69: 0 | BQ69: 2 | BR69: 0 | BS69: 6.53 | BT69: 1 | BU69: 1 | BV69: 1 | BW69: 1 | BX69: 1 | BZ69: 118 | CA69: 63 | CF69: 0 | CG69: 0 | CM69: 0 | CN69: Поправка: МДС 81-35.2004, п.4.7 Наименование: Работы, выполняемые при реконструкции зданий и сооружений работы, аналогичные технологическим процессам в новом строительстве (в том числе возведение новых конструктивных элементов) стоимость которых определена по соответствующим сборникам ФЕР, кроме сборника № 46 «Работы при реконструкции зданий и сооружений» | CO69: 0 | CP69: =(P69+Q69+S69) -> 69462.93 | CQ69: =AC69*BC69 -> 54188.226 | CR69: =AD69*BB69 -> 2083.1353 | CS69: =AE69*BS69 -> 410.737 | CT69: =AF69*BA69 -> 9564.0339 | CU69: =AG69 -> 0 | CV69: =AH69 -> 167.578 | CW69: =AI69 -> 5.2875 | CX69: =AJ69 -> 0 | CY69: =(((S69+R69)*AT69)/100) -> 11155.843 | CZ69: =(((S69+R69)*AU69)/100) -> 5683.1652 | DE69: )*1,25 | DF69: )*1,25 | DG69: )*1,15 | DI69: )*1,15 | DJ69: )*1,25 | DN69: 0 | DO69: 0 | DP69: 1 | DQ69: 1 | DU69: 1005 | DV69: 100 м2 | DW69: 100 м2 | DX69: 100 | EE69: 27029023 | EF69: 2 | EG69: Общестроительные работы | EH69: 0 | EJ69: 1 | EK69: 10001 | EL69: Деревянные конструкции | EM69: ФЕР-10 | EO69: Поправка: МДС 81-35.2004, п.4.7 | EQ69: 0 | ER69: 9827.15 | ES69: 8298.35 | ET69: 255.21 | EU69: 50.32 | EV69: 1273.59 | EW69: 145.72 | EX69: 4.23 | EY69: 0 | FQ69: 0 | FR69: =ROUND(IF(AND(BH69=3,BI69=3),P69,0),2) -> 0 | FS69: 0 | FT69: *0,9 | FU69: *0,85 | FX69: 106.2 | FY69: 53.55 | GD69: 0 | GF69: 1452579699 | GG69: 1 | GH69: 1 | GI69: 4 | GJ69: 0 | GK69: =ROUND(R69*(S12)/100,2) -> 0 | GL69: =ROUND(IF(AND(BH69=3,BI69=3,FS69<>0),P69,0),2) -> 0 | GM69: =ROUND(O69+X69+Y69+GK69,2)+GX69 -> 86301.94 | GN69: =IF(OR(BI69=0,BI69=1),ROUND(O69+X69+Y69+GK69,2),0) -> 86301.94 | GO69: =IF(BI69=2,ROUND(O69+X69+Y69+GK69,2),0) -> 0 | GP69: =IF(BI69=4,ROUND(O69+X69+Y69+GK69,2)+GX69,0) -> 0 | GR69: 0 | GS69: 3 | GT69: 0 | GV69: =ROUND(GT69,2) -> 0 | GW69: 1 | GX69: =ROUND(GV69*GW69*I69,2) -> 0 | HA69: 0 | HB69: 0 | IK69: 0
A70: 18 | B70: 1 | C70: 93 | E70: 14,1 | F70: Цена поставщика | G70: Блок оконный пластиковый двустворчатый, с глухими и поворотными створками, двухкамерным стеклопакетом | H70: м2 | I70: =I68*J70 -> 105.51 | J70: 100 | O70: =ROUND(CP70,2) -> 67018.9 | P70: =ROUND(CQ70*I70,2) -> 67018.9 | Q70: =ROUND(CR70*I70,2) -> 0 | R70: =ROUND(CS70*I70,2) -> 0 | S70: =ROUND(CT70*I70,2) -> 0 | T70: =ROUND(CU70*I70,2) -> 0 | U70: =CV70*I70 -> 0 | V70: =CW70*I70 -> 0 | W70: =ROUND(CX70*I70,2) -> 0 | X70: =ROUND(CY70,2) -> 0 | Y70: =ROUND(CZ70,2) -> 0 | AA70: 27737227 | AB70: =ROUND((AC70+AD70+AF70),2) -> 635.19 | AC70: =ROUND((ES70),2) -> 635.19 | AD70: =ROUND((((ET70)-(EU70))+AE70),2) -> 0 | AE70: =ROUND((EU70),2) -> 0 | AF70: =ROUND((EV70),2) -> 0 | AG70: =ROUND((AP70),2) -> 0 | AH70: =(EW70) -> 0 | AI70: =(EX70) -> 0 | AJ70: =ROUND((AS70),2) -> 0 | AK70: 635.19 | AL70: 635.19 | AM70: 0 | AN70: 0 | AO70: 0 | AP70: 0 | AQ70: 0 | AR70: 0 | AS70: 0 | AT70: 106 | AU70: 54 | AV70: 1 | AW70: 1 | AZ70: 1 | BA70: 1 | BB70: 1 | BC70: 1 | BH70: 3 | BI70: 1 | BM70: 10001 | BN70: 0 | BP70: 0 | BQ70: 2 | BR70: 0 | BS70: 1 | BT70: 1 | BU70: 1 | BV70: 1 | BW70: 1 | BX70: 1 | BZ70: 118 | CA70: 63 | CF70: 0 | CG70: 0 | CM70: 0 | CO70: 0 | CP70: =(P70+Q70+S70) -> 67018.9 | CQ70: =AC70*BC70 -> 635.19 | CR70: =AD70*BB70 -> 0 | CS70: =AE70*BS70 -> 0 | CT70: =AF70*BA70 -> 0 | CU70: =AG70 -> 0 | CV70: =AH70 -> 0 | CW70: =AI70 -> 0 | CX70: =AJ70 -> 0 | CY70: =(((S70+R70)*AT70)/100) -> 0 | CZ70: =(((S70+R70)*AU70)/100) -> 0 | DN70: 0 | DO70: 0 | DP70: 1 | DQ70: 1 | DU70: 1005 | DV70: м2 | DW70: м2 | DX70: 1 | EE70: 27029023 | EF70: 2 | EG70: Общестроительные работы | EH70: 0 | EJ70: 1 | EK70: 10001 | EL70: Деревянные конструкции | EM70: ФЕР-10 | EQ70: 0 | ER70: 635.19 | ES70: 635.19 | ET70: 0 | EU70: 0 | EV70: 0 | EW70: 0 | EX70: 0 | FQ70: 0 | FR70: =ROUND(IF(AND(BH70=3,BI70=3),P70,0),2) -> 0 | FS70: 0 | FT70: *0,9 | FU70: *0,85 | FX70: 106.2 | FY70: 53.55 | GA70: занесена вручную | GD70: 0 | GF70: 1415812002 | GG70: 2 | GH70: 0 | GI70: -2 | GJ70: 0 | GK70: =ROUND(R70*(R12)/100,2) -> 0 | GL70: =ROUND(IF(AND(BH70=3,BI70=3,FS70<>0),P70,0),2) -> 0 | GM70: =ROUND(O70+X70+Y70+GK70,2)+GX70 -> 67018.9 | GN70: =IF(OR(BI70=0,BI70=1),ROUND(O70+X70+Y70+GK70,2),0) -> 67018.9 | GO70: =IF(BI70=2,ROUND(O70+X70+Y70+GK70,2),0) -> 0 | GP70: =IF(BI70=4,ROUND(O70+X70+Y70+GK70,2)+GX70,0) -> 0 | GR70: 0 | GS70: 4 | GT70: 0 | GV70: =ROUND(GT70,2) -> 0 | GW70: 1 | GX70: =ROUND(GV70*GW70*I70,2) -> 0 | HA70: 0 | HB70: 0 | IK70: 0
A71: 18 | B71: 1 | C71: 104 | E71: 14,1 | F71: Цена поставщика | G71: Блок оконный пластиковый двустворчатый, с глухими и поворотными створками, двухкамерным стеклопакетом | H71: м2 | I71: =I69*J71 -> 105.51 | J71: 100 | O71: =ROUND(CP71,2) -> 437633.4 | P71: =ROUND(CQ71*I71,2) -> 437633.4 | Q71: =ROUND(CR71*I71,2) -> 0 | R71: =ROUND(CS71*I71,2) -> 0 | S71: =ROUND(CT71*I71,2) -> 0 | T71: =ROUND(CU71*I71,2) -> 0 | U71: =CV71*I71 -> 0 | V71: =CW71*I71 -> 0 | W71: =ROUND(CX71*I71,2) -> 0 | X71: =ROUND(CY71,2) -> 0 | Y71: =ROUND(CZ71,2) -> 0 | AA71: 27737228 | AB71: =ROUND((AC71+AD71+AF71),2) -> 635.19 | AC71: =ROUND((ES71),2) -> 635.19 | AD71: =ROUND((((ET71)-(EU71))+AE71),2) -> 0 | AE71: =ROUND((EU71),2) -> 0 | AF71: =ROUND((EV71),2) -> 0 | AG71: =ROUND((AP71),2) -> 0 | AH71: =(EW71) -> 0 | AI71: =(EX71) -> 0 | AJ71: =ROUND((AS71),2) -> 0 | AK71: 635.19 | AL71: 635.19 | AM71: 0 | AN71: 0 | AO71: 0 | AP71: 0 | AQ71: 0 | AR71: 0 | AS71: 0 | AT71: 106 | AU71: 54 | AV71: 1 | AW71: 1 | AZ71: 6.53 | BA71: 1 | BB71: 1 | BC71: 6.53 | BH71: 3 | BI71: 1 | BM71: 10001 | BN71: 0 | BP71: 0 | BQ71: 2 | BR71: 0 | BS71: 1 | BT71: 1 | BU71: 1 | BV71: 1 | BW71: 1 | BX71: 1 | BZ71: 118 | CA71: 63 | CF71: 0 | CG71: 0 | CM71: 0 | CO71: 0 | CP71: =(P71+Q71+S71) -> 437633.4 | CQ71: =AC71*BC71 -> 4147.7907 | CR71: =AD71*BB71 -> 0 | CS71: =AE71*BS71 -> 0 | CT71: =AF71*BA71 -> 0 | CU71: =AG71 -> 0 | CV71: =AH71 -> 0 | CW71: =AI71 -> 0 | CX71: =AJ71 -> 0 | CY71: =(((S71+R71)*AT71)/100) -> 0 | CZ71: =(((S71+R71)*AU71)/100) -> 0 | DN71: 0 | DO71: 0 | DP71: 1 | DQ71: 1 | DU71: 1005 | DV71: м2 | DW71: м2 | DX71: 1 | EE71: 27029023 | EF71: 2 | EG71: Общестроительные работы | EH71: 0 | EJ71: 1 | EK71: 10001 | EL71: Деревянные конструкции | EM71: ФЕР-10 | EQ71: 0 | ER71: 635.19 | ES71: 635.19 | ET71: 0 | EU71: 0 | EV71: 0 | EW71: 0 | EX71: 0 | EZ71: 5 | FC71: 1 | FD71: 18 | FF71: 4894.39 | FQ71: 0 | FR71: =ROUND(IF(AND(BH71=3,BI71=3),P71,0),2) -> 0 | FS71: 0 | FT71: *0,9 | FU71: *0,85 | FX71: 106.2 | FY71: 53.55 | GA71: [4 894,39 / 1,18 / 6,53] | GD71: 0 | GF71: 1415812002 | GG71: 1 | GH71: 3 | GI71: 4 | GJ71: 0 | GK71: =ROUND(R71*(S12)/100,2) -> 0 | GL71: =ROUND(IF(AND(BH71=3,BI71=3,FS71<>0),P71,0),2) -> 0 | GM71: =ROUND(O71+X71+Y71+GK71,2)+GX71 -> 437633.4 | GN71: =IF(OR(BI71=0,BI71=1),ROUND(O71+X71+Y71+GK71,2),0) -> 437633.4 | GO71: =IF(BI71=2,ROUND(O71+X71+Y71+GK71,2),0) -> 0 | GP71: =IF(BI71=4,ROUND(O71+X71+Y71+GK71,2)+GX71,0) -> 0 | GR71: 1 | GS71: 1 | GT71: 0 | GV71: =ROUND(GT71,2) -> 0 | GW71: 1 | GX71: =ROUND(GV71*GW71*I71,2) -> 0 | HA71: 0 | HB71: 0 | IK71: 0
A72: 17 | B72: 1 | C72: =ROW(SmtRes!A115) -> 115 | D72: =ROW(EtalonRes!A119) -> 119 | E72: 15 | F72: 10-01-034-04 | G72: Установка в жилых и общественных зданиях оконных блоков из ПВХ профилей поворотных (откидных, поворотно-откидных) с площадью проема более 2 м2 одностворчатых | H72: 100 м2 | I72: =ROUND(2.53/100,9) -> 0.0253 | J72: 0 | O72: =ROUND(CP72,2) -> 294.55 | P72: =ROUND(CQ72*I72,2) -> 245.46 | Q72: =ROUND(CR72*I72,2) -> 8.07 | R72: =ROUND(CS72*I72,2) -> 1.59 | S72: =ROUND(CT72*I72,2) -> 41.02 | T72: =ROUND(CU72*I72,2) -> 0 | U72: =CV72*I72 -> 4.6938964 | V72: =CW72*I72 -> 0.13377375 | W72: =ROUND(CX72*I72,2) -> 0 | X72: =ROUND(CY72,2) -> 45.17 | Y72: =ROUND(CZ72,2) -> 23.01 | AA72: 27737227 | AB72: =ROUND((AC72+AD72+AF72),2) -> 11642.55 | AC72: =ROUND((ES72),2) -> 9702.02 | AD72: =ROUND(((((ET72*1.25))-((EU72*1.25)))+AE72),2) -> 319.01 | AE72: =ROUND(((EU72*1.25)),2) -> 62.9 | AF72: =ROUND(((EV72*1.15)),2) -> 1621.52 | AG72: =ROUND((AP72),2) -> 0 | AH72: =((EW72*1.15)) -> 185.5295 | AI72: =((EX72*1.25)) -> 5.2875 | AJ72: =ROUND((AS72),2) -> 0 | AK72: 11367.25 | AL72: 9702.02 | AM72: 255.21 | AN72: 50.32 | AO72: 1410.02 | AP72: 0 | AQ72: 161.33 | AR72: 4.23 | AS72: 0 | AT72: 106 | AU72: 54 | AV72: 1 | AW72: 1 | AZ72: 1 | BA72: 1 | BB72: 1 | BC72: 1 | BH72: 0 | BI72: 1 | BJ72: ФЕР-2001, 10-01-034-04, приказ Минстроя России №1039/пр от 30.12.2016г. | BM72: 10001 | BN72: 0 | BP72: 0 | BQ72: 2 | BR72: 0 | BS72: 1 | BT72: 1 | BU72: 1 | BV72: 1 | BW72: 1 | BX72: 1 | BZ72: 118 | CA72: 63 | CF72: 0 | CG72: 0 | CM72: 0 | CN72: Поправка: МДС 81-35.2004, п.4.7 Наименование: Работы, выполняемые при реконструкции зданий и сооружений работы, аналогичные технологическим процессам в новом строительстве (в том числе возведение новых конструктивных элементов) стоимость которых определена по соответствующим сборникам ФЕР, кроме сборника № 46 «Работы при реконструкции зданий и сооружений» | CO72: 0 | CP72: =(P72+Q72+S72) -> 294.55 | CQ72: =AC72*BC72 -> 9702.02 | CR72: =AD72*BB72 -> 319.01 | CS72: =AE72*BS72 -> 62.9 | CT72: =AF72*BA72 -> 1621.52 | CU72: =AG72 -> 0 | CV72: =AH72 -> 185.5295 | CW72: =AI72 -> 5.2875 | CX72: =AJ72 -> 0 | CY72: =(((S72+R72)*AT72)/100) -> 45.1666 | CZ72: =(((S72+R72)*AU72)/100) -> 23.0094 | DE72: )*1,25 | DF72: )*1,25 | DG72: )*1,15 | DI72: )*1,15 | DJ72: )*1,25 | DN72: 0 | DO72: 0 | DP72: 1 | DQ72: 1 | DU72: 1005 | DV72: 100 м2 | DW72: 100 м2 | DX72: 100 | EE72: 27029023 | EF72: 2 | EG72: Общестроительные работы | EH72: 0 | EJ72: 1 | EK72: 10001 | EL72: Деревянные конструкции | EM72: ФЕР-10 | EO72: Поправка: МДС 81-35.2004, п.4.7 | EQ72: 0 | ER72: 11367.25 | ES72: 9702.02 | ET72: 255.21 | EU72: 50.32 | EV72: 1410.02 | EW72: 161.33 | EX72: 4.23 | EY72: 0 | FQ72: 0 | FR72: =ROUND(IF(AND(BH72=3,BI72=3),P72,0),2) -> 0 | FS72: 0 | FT72: *0,9 | FU72: *0,85 | FX72: 106.2 | FY72: 53.55 | GD72: 0 | GF72: -309528481 | GG72: 2 | GH72: 1 | GI72: -2 | GJ72: 0 | GK72: =ROUND(R72*(R12)/100,2) -> 0 | GL72: =ROUND(IF(AND(BH72=3,BI72=3,FS72<>0),P72,0),2) -> 0 | GM72: =ROUND(O72+X72+Y72+GK72,2)+GX72 -> 362.73 | GN72: =IF(OR(BI72=0,BI72=1),ROUND(O72+X72+Y72+GK72,2),0) -> 362.73 | GO72: =IF(BI72=2,ROUND(O72+X72+Y72+GK72,2),0) -> 0 | GP72: =IF(BI72=4,ROUND(O72+X72+Y72+GK72,2)+GX72,0) -> 0 | GR72: 0 | GS72: 3 | GT72: 0 | GV72: =ROUND(GT72,2) -> 0 | GW72: 1 | GX72: =ROUND(GV72*GW72*I72,2) -> 0 | HA72: 0 | HB72: 0 | IK72: 0
A73: 17 | B73: 1 | C73: =ROW(SmtRes!A126) -> 126 | D73: =ROW(EtalonRes!A130) -> 130 | E73: 15 | F73: 10-01-034-04 | G73: Установка в жилых и общественных зданиях оконных блоков из ПВХ профилей поворотных (откидных, поворотно-откидных) с площадью проема более 2 м2 одностворчатых | H73: 100 м2 | I73: =ROUND(2.53/100,9) -> 0.0253 | J73: 0 | O73: =ROUND(CP73,2) -> 1923.45 | P73: =ROUND(CQ73*I73,2) -> 1602.86 | Q73: =ROUND(CR73*I73,2) -> 52.7 | R73: =ROUND(CS73*I73,2) -> 10.39 | S73: =ROUND(CT73*I73,2) -> 267.89 | T73: =ROUND(CU73*I73,2) -> 0 | U73: =CV73*I73 -> 4.6938964 | V73: =CW73*I73 -> 0.13377375 | W73: =ROUND(CX73*I73,2) -> 0 | X73: =ROUND(CY73,2) -> 294.98 | Y73: =ROUND(CZ73,2) -> 150.27 | AA73: 27737228 | AB73: =ROUND((AC73+AD73+AF73),2) -> 11642.55 | AC73: =ROUND((ES73),2) -> 9702.02 | AD73: =ROUND(((((ET73*1.25))-((EU73*1.25)))+AE73),2) -> 319.01 | AE73: =ROUND(((EU73*1.25)),2) -> 62.9 | AF73: =ROUND(((EV73*1.15)),2) -> 1621.52 | AG73: =ROUND((AP73),2) -> 0 | AH73: =((EW73*1.15)) -> 185.5295 | AI73: =((EX73*1.25)) -> 5.2875 | AJ73: =ROUND((AS73),2) -> 0 | AK73: 11367.25 | AL73: 9702.02 | AM73: 255.21 | AN73: 50.32 | AO73: 1410.02 | AP73: 0 | AQ73: 161.33 | AR73: 4.23 | AS73: 0 | AT73: 106 | AU73: 54 | AV73: 1 | AW73: 1 | AZ73: 6.53 | BA73: 6.53 | BB73: 6.53 | BC73: 6.53 | BH73: 0 | BI73: 1 | BJ73: ФЕР-2001, 10-01-034-04, приказ Минстроя России №1039/пр от 30.12.2016г. | BM73: 10001 | BN73: 0 | BP73: 0 | BQ73: 2 | BR73: 0 | BS73: 6.53 | BT73: 1 | BU73: 1 | BV73: 1 | BW73: 1 | BX73: 1 | BZ73: 118 | CA73: 63 | CF73: 0 | CG73: 0 | CM73: 0 | CN73: Поправка: МДС 81-35.2004, п.4.7 Наименование: Работы, выполняемые при реконструкции зданий и сооружений работы, аналогичные технологическим процессам в новом строительстве (в том числе возведение новых конструктивных элементов) стоимость которых определена по соответствующим сборникам ФЕР, кроме сборника № 46 «Работы при реконструкции зданий и сооружений» | CO73: 0 | CP73: =(P73+Q73+S73) -> 1923.45 | CQ73: =AC73*BC73 -> 63354.191 | CR73: =AD73*BB73 -> 2083.1353 | CS73: =AE73*BS73 -> 410.737 | CT73: =AF73*BA73 -> 10588.526 | CU73: =AG73 -> 0 | CV73: =AH73 -> 185.5295 | CW73: =AI73 -> 5.2875 | CX73: =AJ73 -> 0 | CY73: =(((S73+R73)*AT73)/100) -> 294.9768 | CZ73: =(((S73+R73)*AU73)/100) -> 150.2712 | DE73: )*1,25 | DF73: )*1,25 | DG73: )*1,15 | DI73: )*1,15 | DJ73: )*1,25 | DN73: 0 | DO73: 0 | DP73: 1 | DQ73: 1 | DU73: 1005 | DV73: 100 м2 | DW73: 100 м2 | DX73: 100 | EE73: 27029023 | EF73: 2 | EG73: Общестроительные работы | EH73: 0 | EJ73: 1 | EK73: 10001 | EL73: Деревянные конструкции | EM73: ФЕР-10 | EO73: Поправка: МДС 81-35.2004, п.4.7 | EQ73: 0 | ER73: 11367.25 | ES73: 9702.02 | ET73: 255.21 | EU73: 50.32 | EV73: 1410.02 | EW73: 161.33 | EX73: 4.23 | EY73: 0 | FQ73: 0 | FR73: =ROUND(IF(AND(BH73=3,BI73=3),P73,0),2) -> 0 | FS73: 0 | FT73: *0,9 | FU73: *0,85 | FX73: 106.2 | FY73: 53.55 | GD73: 0 | GF73: -309528481 | GG73: 1 | GH73: 1 | GI73: 4 | GJ73: 0 | GK73: =ROUND(R73*(S12)/100,2) -> 0 | GL73: =ROUND(IF(AND(BH73=3,BI73=3,FS73<>0),P73,0),2) -> 0 | GM73: =ROUND(O73+X73+Y73+GK73,2)+GX73 -> 2368.7 | GN73: =IF(OR(BI73=0,BI73=1),ROUND(O73+X73+Y73+GK73,2),0) -> 2368.7 | GO73: =IF(BI73=2,ROUND(O73+X73+Y73+GK73,2),0) -> 0 | GP73: =IF(BI73=4,ROUND(O73+X73+Y73+GK73,2)+GX73,0) -> 0 | GR73: 0 | GS73: 3 | GT73: 0 | GV73: =ROUND(GT73,2) -> 0 | GW73: 1 | GX73: =ROUND(GV73*GW73*I73,2) -> 0 | HA73: 0 | HB73: 0 | IK73: 0
A74: 18 | B74: 1 | C74: 115 | E74: 15,1 | F74: Цена поставщика | G74: Блок оконный пластиковый одностворчатый, с поворотной створкой, с двухкамерным стеклопакетом | H74: м2 | I74: =I72*J74 -> 2.53 | J74: 100 | O74: =ROUND(CP74,2) -> 1604.3 | P74: =ROUND(CQ74*I74,2) -> 1604.3 | Q74: =ROUND(CR74*I74,2) -> 0 | R74: =ROUND(CS74*I74,2) -> 0 | S74: =ROUND(CT74*I74,2) -> 0 | T74: =ROUND(CU74*I74,2) -> 0 | U74: =CV74*I74 -> 0 | V74: =CW74*I74 -> 0 | W74: =ROUND(CX74*I74,2) -> 0 | X74: =ROUND(CY74,2) -> 0 | Y74: =ROUND(CZ74,2) -> 0 | AA74: 27737227 | AB74: =ROUND((AC74+AD74+AF74),2) -> 634.11 | AC74: =ROUND((ES74),2) -> 634.11 | AD74: =ROUND((((ET74)-(EU74))+AE74),2) -> 0 | AE74: =ROUND((EU74),2) -> 0 | AF74: =ROUND((EV74),2) -> 0 | AG74: =ROUND((AP74),2) -> 0 | AH74: =(EW74) -> 0 | AI74: =(EX74) -> 0 | AJ74: =ROUND((AS74),2) -> 0 | AK74: 634.11 | AL74: 634.11 | AM74: 0 | AN74: 0 | AO74: 0 | AP74: 0 | AQ74: 0 | AR74: 0 | AS74: 0 | AT74: 106 | AU74: 54 | AV74: 1 | AW74: 1 | AZ74: 1 | BA74: 1 | BB74: 1 | BC74: 1 | BH74: 3 | BI74: 1 | BM74: 10001 | BN74: 0 | BP74: 0 | BQ74: 2 | BR74: 0 | BS74: 1 | BT74: 1 | BU74: 1 | BV74: 1 | BW74: 1 | BX74: 1 | BZ74: 118 | CA74: 63 | CF74: 0 | CG74: 0 | CM74: 0 | CO74: 0 | CP74: =(P74+Q74+S74) -> 1604.3 | CQ74: =AC74*BC74 -> 634.11 | CR74: =AD74*BB74 -> 0 | CS74: =AE74*BS74 -> 0 | CT74: =AF74*BA74 -> 0 | CU74: =AG74 -> 0 | CV74: =AH74 -> 0 | CW74: =AI74 -> 0 | CX74: =AJ74 -> 0 | CY74: =(((S74+R74)*AT74)/100) -> 0 | CZ74: =(((S74+R74)*AU74)/100) -> 0 | DN74: 0 | DO74: 0 | DP74: 1 | DQ74: 1 | DU74: 1005 | DV74: м2 | DW74: м2 | DX74: 1 | EE74: 27029023 | EF74: 2 | EG74: Общестроительные работы | EH74: 0 | EJ74: 1 | EK74: 10001 | EL74: Деревянные конструкции | EM74: ФЕР-10 | EQ74: 0 | ER74: 634.11 | ES74: 634.11 | ET74: 0 | EU74: 0 | EV74: 0 | EW74: 0 | EX74: 0 | FQ74: 0 | FR74: =ROUND(IF(AND(BH74=3,BI74=3),P74,0),2) -> 0 | FS74: 0 | FT74: *0,9 | FU74: *0,85 | FX74: 106.2 | FY74: 53.55 | GA74: занесена вручную | GD74: 0 | GF74: -1967507764 | GG74: 2 | GH74: 0 | GI74: -2 | GJ74: 0 | GK74: =ROUND(R74*(R12)/100,2) -> 0 | GL74: =ROUND(IF(AND(BH74=3,BI74=3,FS74<>0),P74,0),2) -> 0 | GM74: =ROUND(O74+X74+Y74+GK74,2)+GX74 -> 1604.3 | GN74: =IF(OR(BI74=0,BI74=1),ROUND(O74+X74+Y74+GK74,2),0) -> 1604.3 | GO74: =IF(BI74=2,ROUND(O74+X74+Y74+GK74,2),0) -> 0 | GP74: =IF(BI74=4,ROUND(O74+X74+Y74+GK74,2)+GX74,0) -> 0 | GR74: 0 | GS74: 4 | GT74: 0 | GV74: =ROUND(GT74,2) -> 0 | GW74: 1 | GX74: =ROUND(GV74*GW74*I74,2) -> 0 | HA74: 0 | HB74: 0 | IK74: 0
A75: 18 | B75: 1 | C75: 126 | E75: 15,1 | F75: Цена поставщика | G75: Блок оконный пластиковый одностворчатый, с поворотной створкой, с двухкамерным стеклопакетом | H75: м2 | I75: =I73*J75 -> 2.53 | J75: 100 | O75: =ROUND(CP75,2) -> 10476.07 | P75: =ROUND(CQ75*I75,2) -> 10476.07 | Q75: =ROUND(CR75*I75,2) -> 0 | R75: =ROUND(CS75*I75,2) -> 0 | S75: =ROUND(CT75*I75,2) -> 0 | T75: =ROUND(CU75*I75,2) -> 0 | U75: =CV75*I75 -> 0 | V75: =CW75*I75 -> 0 | W75: =ROUND(CX75*I75,2) -> 0 | X75: =ROUND(CY75,2) -> 0 | Y75: =ROUND(CZ75,2) -> 0 | AA75: 27737228 | AB75: =ROUND((AC75+AD75+AF75),2) -> 634.11 | AC75: =ROUND((ES75),2) -> 634.11 | AD75: =ROUND((((ET75)-(EU75))+AE75),2) -> 0 | AE75: =ROUND((EU75),2) -> 0 | AF75: =ROUND((EV75),2) -> 0 | AG75: =ROUND((AP75),2) -> 0 | AH75: =(EW75) -> 0 | AI75: =(EX75) -> 0 | AJ75: =ROUND((AS75),2) -> 0 | AK75: 634.11 | AL75: 634.11 | AM75: 0 | AN75: 0 | AO75: 0 | AP75: 0 | AQ75: 0 | AR75: 0 | AS75: 0 | AT75: 106 | AU75: 54 | AV75: 1 | AW75: 1 | AZ75: 6.53 | BA75: 1 | BB75: 1 | BC75: 6.53 | BH75: 3 | BI75: 1 | BM75: 10001 | BN75: 0 | BP75: 0 | BQ75: 2 | BR75: 0 | BS75: 1 | BT75: 1 | BU75: 1 | BV75: 1 | BW75: 1 | BX75: 1 | BZ75: 118 | CA75: 63 | CF75: 0 | CG75: 0 | CM75: 0 | CO75: 0 | CP75: =(P75+Q75+S75) -> 10476.07 | CQ75: =AC75*BC75 -> 4140.7383 | CR75: =AD75*BB75 -> 0 | CS75: =AE75*BS75 -> 0 | CT75: =AF75*BA75 -> 0 | CU75: =AG75 -> 0 | CV75: =AH75 -> 0 | CW75: =AI75 -> 0 | CX75: =AJ75 -> 0 | CY75: =(((S75+R75)*AT75)/100) -> 0 | CZ75: =(((S75+R75)*AU75)/100) -> 0 | DN75: 0 | DO75: 0 | DP75: 1 | DQ75: 1 | DU75: 1005 | DV75: м2 | DW75: м2 | DX75: 1 | EE75: 27029023 | EF75: 2 | EG75: Общестроительные работы | EH75: 0 | EJ75: 1 | EK75: 10001 | EL75: Деревянные конструкции | EM75: ФЕР-10 | EQ75: 0 | ER75: 634.11 | ES75: 634.11 | ET75: 0 | EU75: 0 | EV75: 0 | EW75: 0 | EX75: 0 | EZ75: 5 | FC75: 1 | FD75: 18 | FF75: 4886.04 | FQ75: 0 | FR75: =ROUND(IF(AND(BH75=3,BI75=3),P75,0),2) -> 0 | FS75: 0 | FT75: *0,9 | FU75: *0,85 | FX75: 106.2 | FY75: 53.55 | GA75: [4 886,04 / 1,18 / 6,53] | GD75: 0 | GF75: -1967507764 | GG75: 1 | GH75: 3 | GI75: 4 | GJ75: 0 | GK75: =ROUND(R75*(S12)/100,2) -> 0 | GL75: =ROUND(IF(AND(BH75=3,BI75=3,FS75<>0),P75,0),2) -> 0 | GM75: =ROUND(O75+X75+Y75+GK75,2)+GX75 -> 10476.07 | GN75: =IF(OR(BI75=0,BI75=1),ROUND(O75+X75+Y75+GK75,2),0) -> 10476.07 | GO75: =IF(BI75=2,ROUND(O75+X75+Y75+GK75,2),0) -> 0 | GP75: =IF(BI75=4,ROUND(O75+X75+Y75+GK75,2)+GX75,0) -> 0 | GR75: 1 | GS75: 1 | GT75: 0 | GV75: =ROUND(GT75,2) -> 0 | GW75: 1 | GX75: =ROUND(GV75*GW75*I75,2) -> 0 | HA75: 0 | HB75: 0 | IK75: 0
A76: 17 | B76: 1 | C76: =ROW(SmtRes!A133) -> 133 | D76: =ROW(EtalonRes!A137) -> 137 | E76: 16 | F76: 12-01-010-01 | G76: Устройство мелких покрытий (брандмауэры, парапеты, свесы и т.п.) из листовой оцинкованной стали | H76: 100 м2 | I76: =ROUND((4.4+22+22+1.1)*0.3/100,9) -> 0.1485 | J76: 0 | O76: =ROUND(CP76,2) -> 1488.55 | P76: =ROUND(CQ76*I76,2) -> 1320.25 | Q76: =ROUND(CR76*I76,2) -> 4.06 | R76: =ROUND(CS76*I76,2) -> 0.65 | S76: =ROUND(CT76*I76,2) -> 164.24 | T76: =ROUND(CU76*I76,2) -> 0 | U76: =CV76*I76 -> 19.254881 | V76: =CW76*I76 -> 0.05011875 | W76: =ROUND(CX76*I76,2) -> 0 | X76: =ROUND(CY76,2) -> 178.08 | Y76: =ROUND(CZ76,2) -> 90.69 | AA76: 27737227 | AB76: =ROUND((AC76+AD76+AF76),2) -> 10023.95 | AC76: =ROUND((ES76),2) -> 8890.58 | AD76: =ROUND(((((ET76*1.25))-((EU76*1.25)))+AE76),2) -> 27.35 | AE76: =ROUND(((EU76*1.25)),2) -> 4.39 | AF76: =ROUND(((EV76*1.15)),2) -> 1106.02 | AG76: =ROUND((AP76),2) -> 0 | AH76: =((EW76*1.15)) -> 129.6625 | AI76: =((EX76*1.25)) -> 0.3375 | AJ76: =ROUND((AS76),2) -> 0 | AK76: 9874.22 | AL76: 8890.58 | AM76: 21.88 | AN76: 3.51 | AO76: 961.76 | AP76: 0 | AQ76: 112.75 | AR76: 0.27 | AS76: 0 | AT76: 108 | AU76: 55 | AV76: 1 | AW76: 1 | AZ76: 1 | BA76: 1 | BB76: 1 | BC76: 1 | BH76: 0 | BI76: 1 | BJ76: ФЕР-2001, 12-01-010-01, приказ Минстроя России №1039/пр от 30.12.2016г. | BM76: 12001 | BN76: 0 | BP76: 0 | BQ76: 2 | BR76: 0 | BS76: 1 | BT76: 1 | BU76: 1 | BV76: 1 | BW76: 1 | BX76: 1 | BZ76: 120 | CA76: 65 | CF76: 0 | CG76: 0 | CM76: 0 | CN76: Поправка: МДС 81-35.2004, п.4.7 Наименование: Работы, выполняемые при реконструкции зданий и сооружений работы, аналогичные технологическим процессам в новом строительстве (в том числе возведение новых конструктивных элементов) стоимость которых определена по соответствующим сборникам ФЕР, кроме сборника № 46 «Работы при реконструкции зданий и сооружений» | CO76: 0 | CP76: =(P76+Q76+S76) -> 1488.55 | CQ76: =AC76*BC76 -> 8890.58 | CR76: =AD76*BB76 -> 27.35 | CS76: =AE76*BS76 -> 4.39 | CT76: =AF76*BA76 -> 1106.02 | CU76: =AG76 -> 0 | CV76: =AH76 -> 129.6625 | CW76: =AI76 -> 0.3375 | CX76: =AJ76 -> 0 | CY76: =(((S76+R76)*AT76)/100) -> 178.0812 | CZ76: =(((S76+R76)*AU76)/100) -> 90.6895 | DE76: )*1,25 | DF76: )*1,25 | DG76: )*1,15 | DI76: )*1,15 | DJ76: )*1,25 | DN76: 0 | DO76: 0 | DP76: 1 | DQ76: 1 | DU76: 1005 | DV76: 100 м2 | DW76: 100 м2 | DX76: 100 | EE76: 27029025 | EF76: 2 | EG76: Общестроительные работы | EH76: 0 | EJ76: 1 | EK76: 12001 | EL76: Кровли | EM76: ФЕР-12 | EO76: Поправка: МДС 81-35.2004, п.4.7 | EQ76: 0 | ER76: 9874.22 | ES76: 8890.58 | ET76: 21.88 | EU76: 3.51 | EV76: 961.76 | EW76: 112.75 | EX76: 0.27 | EY76: 0 | FQ76: 0 | FR76: =ROUND(IF(AND(BH76=3,BI76=3),P76,0),2) -> 0 | FS76: 0 | FT76: *0,9 | FU76: *0,85 | FX76: 108 | FY76: 55.25 | GD76: 0 | GF76: -1197977700 | GG76: 2 | GH76: 1 | GI76: -2 | GJ76: 0 | GK76: =ROUND(R76*(R12)/100,2) -> 0 | GL76: =ROUND(IF(AND(BH76=3,BI76=3,FS76<>0),P76,0),2) -> 0 | GM76: =ROUND(O76+X76+Y76+GK76,2)+GX76 -> 1757.32 | GN76: =IF(OR(BI76=0,BI76=1),ROUND(O76+X76+Y76+GK76,2),0) -> 1757.32 | GO76: =IF(BI76=2,ROUND(O76+X76+Y76+GK76,2),0) -> 0 | GP76: =IF(BI76=4,ROUND(O76+X76+Y76+GK76,2)+GX76,0) -> 0 | GR76: 0 | GS76: 3 | GT76: 0 | GV76: =ROUND(GT76,2) -> 0 | GW76: 1 | GX76: =ROUND(GV76*GW76*I76,2) -> 0 | HA76: 0 | HB76: 0 | IK76: 0
A77: 17 | B77: 1 | C77: =ROW(SmtRes!A140) -> 140 | D77: =ROW(EtalonRes!A144) -> 144 | E77: 16 | F77: 12-01-010-01 | G77: Устройство мелких покрытий (брандмауэры, парапеты, свесы и т.п.) из листовой оцинкованной стали | H77: 100 м2 | I77: =ROUND((4.4+22+22+1.1)*0.3/100,9) -> 0.1485 | J77: 0 | O77: =ROUND(CP77,2) -> 9720.27 | P77: =ROUND(CQ77*I77,2) -> 8621.24 | Q77: =ROUND(CR77*I77,2) -> 26.52 | R77: =ROUND(CS77*I77,2) -> 4.26 | S77: =ROUND(CT77*I77,2) -> 1072.51 | T77: =ROUND(CU77*I77,2) -> 0 | U77: =CV77*I77 -> 19.254881 | V77: =CW77*I77 -> 0.05011875 | W77: =ROUND(CX77*I77,2) -> 0 | X77: =ROUND(CY77,2) -> 1162.91 | Y77: =ROUND(CZ77,2) -> 592.22 | AA77: 27737228 | AB77: =ROUND((AC77+AD77+AF77),2) -> 10023.95 | AC77: =ROUND((ES77),2) -> 8890.58 | AD77: =ROUND(((((ET77*1.25))-((EU77*1.25)))+AE77),2) -> 27.35 | AE77: =ROUND(((EU77*1.25)),2) -> 4.39 | AF77: =ROUND(((EV77*1.15)),2) -> 1106.02 | AG77: =ROUND((AP77),2) -> 0 | AH77: =((EW77*1.15)) -> 129.6625 | AI77: =((EX77*1.25)) -> 0.3375 | AJ77: =ROUND((AS77),2) -> 0 | AK77: 9874.22 | AL77: 8890.58 | AM77: 21.88 | AN77: 3.51 | AO77: 961.76 | AP77: 0 | AQ77: 112.75 | AR77: 0.27 | AS77: 0 | AT77: 108 | AU77: 55 | AV77: 1 | AW77: 1 | AZ77: 6.53 | BA77: 6.53 | BB77: 6.53 | BC77: 6.53 | BH77: 0 | BI77: 1 | BJ77: ФЕР-2001, 12-01-010-01, приказ Минстроя России №1039/пр от 30.12.2016г. | BM77: 12001 | BN77: 0 | BP77: 0 | BQ77: 2 | BR77: 0 | BS77: 6.53 | BT77: 1 | BU77: 1 | BV77: 1 | BW77: 1 | BX77: 1 | BZ77: 120 | CA77: 65 | CF77: 0 | CG77: 0 | CM77: 0 | CN77: Поправка: МДС 81-35.2004, п.4.7 Наименование: Работы, выполняемые при реконструкции зданий и сооружений работы, аналогичные технологическим процессам в новом строительстве (в том числе возведение новых конструктивных элементов) стоимость которых определена по соответствующим сборникам ФЕР, кроме сборника № 46 «Работы при реконструкции зданий и сооружений» | CO77: 0 | CP77: =(P77+Q77+S77) -> 9720.27 | CQ77: =AC77*BC77 -> 58055.487 | CR77: =AD77*BB77 -> 178.5955 | CS77: =AE77*BS77 -> 28.6667 | CT77: =AF77*BA77 -> 7222.3106 | CU77: =AG77 -> 0 | CV77: =AH77 -> 129.6625 | CW77: =AI77 -> 0.3375 | CX77: =AJ77 -> 0 | CY77: =(((S77+R77)*AT77)/100) -> 1162.9116 | CZ77: =(((S77+R77)*AU77)/100) -> 592.2235 | DE77: )*1,25 | DF77: )*1,25 | DG77: )*1,15 | DI77: )*1,15 | DJ77: )*1,25 | DN77: 0 | DO77: 0 | DP77: 1 | DQ77: 1 | DU77: 1005 | DV77: 100 м2 | DW77: 100 м2 | DX77: 100 | EE77: 27029025 | EF77: 2 | EG77: Общестроительные работы | EH77: 0 | EJ77: 1 | EK77: 12001 | EL77: Кровли | EM77: ФЕР-12 | EO77: Поправка: МДС 81-35.2004, п.4.7 | EQ77: 0 | ER77: 9874.22 | ES77: 8890.58 | ET77: 21.88 | EU77: 3.51 | EV77: 961.76 | EW77: 112.75 | EX77: 0.27 | EY77: 0 | FQ77: 0 | FR77: =ROUND(IF(AND(BH77=3,BI77=3),P77,0),2) -> 0 | FS77: 0 | FT77: *0,9 | FU77: *0,85 | FX77: 108 | FY77: 55.25 | GD77: 0 | GF77: -1197977700 | GG77: 1 | GH77: 1 | GI77: 4 | GJ77: 0 | GK77: =ROUND(R77*(S12)/100,2) -> 0 | GL77: =ROUND(IF(AND(BH77=3,BI77=3,FS77<>0),P77,0),2) -> 0 | GM77: =ROUND(O77+X77+Y77+GK77,2)+GX77 -> 11475.4 | GN77: =IF(OR(BI77=0,BI77=1),ROUND(O77+X77+Y77+GK77,2),0) -> 11475.4 | GO77: =IF(BI77=2,ROUND(O77+X77+Y77+GK77,2),0) -> 0 | GP77: =IF(BI77=4,ROUND(O77+X77+Y77+GK77,2)+GX77,0) -> 0 | GR77: 0 | GS77: 3 | GT77: 0 | GV77: =ROUND(GT77,2) -> 0 | GW77: 1 | GX77: =ROUND(GV77*GW77*I77,2) -> 0 | HA77: 0 | HB77: 0 | IK77: 0
A78: 17 | B78: 1 | C78: =ROW(SmtRes!A148) -> 148 | D78: =ROW(EtalonRes!A151) -> 151 | E78: 17 | F78: 10-01-035-03 | G78: Установка подоконных досок из ПВХ в каменных стенах толщиной свыше 0,51 м | H78: 100 м | I78: =ROUND((6+22+22+1.1)/100,9) -> 0.511 | J78: 0 | O78: =ROUND(CP78,2) -> 3328.66 | P78: =ROUND(CQ78*I78,2) -> 3207.5 | Q78: =ROUND(CR78*I78,2) -> 13.99 | R78: =ROUND(CS78*I78,2) -> 2.83 | S78: =ROUND(CT78*I78,2) -> 107.17 | T78: =ROUND(CU78*I78,2) -> 0 | U78: =CV78*I78 -> 12.563957 | V78: =CW78*I78 -> 0.2363375 | W78: =ROUND(CX78*I78,2) -> 0 | X78: =ROUND(CY78,2) -> 116.6 | Y78: =ROUND(CZ78,2) -> 59.4 | AA78: 27737227 | AB78: =ROUND((AC78+AD78+AF78),2) -> 6514.01 | AC78: =ROUND((ES78),2) -> 6276.9 | AD78: =ROUND(((((ET78*1.25))-((EU78*1.25)))+AE78),2) -> 27.38 | AE78: =ROUND(((EU78*1.25)),2) -> 5.54 | AF78: =ROUND(((EV78*1.15)),2) -> 209.73 | AG78: =ROUND((AP78),2) -> 0 | AH78: =((EW78*1.15)) -> 24.587 | AI78: =((EX78*1.25)) -> 0.4625 | AJ78: =ROUND((AS78),2) -> 0 | AK78: 6481.17 | AL78: 6276.9 | AM78: 21.9 | AN78: 4.43 | AO78: 182.37 | AP78: 0 | AQ78: 21.38 | AR78: 0.37 | AS78: 0 | AT78: 106 | AU78: 54 | AV78: 1 | AW78: 1 | AZ78: 1 | BA78: 1 | BB78: 1 | BC78: 1 | BH78: 0 | BI78: 1 | BJ78: ФЕР-2001, 10-01-035-03, приказ Минстроя России №1039/пр от 30.12.2016г. | BM78: 10001 | BN78: 0 | BP78: 0 | BQ78: 2 | BR78: 0 | BS78: 1 | BT78: 1 | BU78: 1 | BV78: 1 | BW78: 1 | BX78: 1 | BZ78: 118 | CA78: 63 | CF78: 0 | CG78: 0 | CM78: 0 | CN78: Поправка: МДС 81-35.2004, п.4.7 Наименование: Работы, выполняемые при реконструкции зданий и сооружений работы, аналогичные технологическим процессам в новом строительстве (в том числе возведение новых конструктивных элементов) стоимость которых определена по соответствующим сборникам ФЕР, кроме сборника № 46 «Работы при реконструкции зданий и сооружений» | CO78: 0 | CP78: =(P78+Q78+S78) -> 3328.66 | CQ78: =AC78*BC78 -> 6276.9 | CR78: =AD78*BB78 -> 27.38 | CS78: =AE78*BS78 -> 5.54 | CT78: =AF78*BA78 -> 209.73 | CU78: =AG78 -> 0 | CV78: =AH78 -> 24.587 | CW78: =AI78 -> 0.4625 | CX78: =AJ78 -> 0 | CY78: =(((S78+R78)*AT78)/100) -> 116.6 | CZ78: =(((S78+R78)*AU78)/100) -> 59.4 | DE78: )*1,25 | DF78: )*1,25 | DG78: )*1,15 | DI78: )*1,15 | DJ78: )*1,25 | DN78: 0 | DO78: 0 | DP78: 1 | DQ78: 1 | DU78: 1003 | DV78: 100 м | DW78: 100 м | DX78: 100 | EE78: 27029023 | EF78: 2 | EG78: Общестроительные работы | EH78: 0 | EJ78: 1 | EK78: 10001 | EL78: Деревянные конструкции | EM78: ФЕР-10 | EO78: Поправка: МДС 81-35.2004, п.4.7 | EQ78: 0 | ER78: 6481.17 | ES78: 6276.9 | ET78: 21.9 | EU78: 4.43 | EV78: 182.37 | EW78: 21.38 | EX78: 0.37 | EY78: 0 | FQ78: 0 | FR78: =ROUND(IF(AND(BH78=3,BI78=3),P78,0),2) -> 0 | FS78: 0 | FT78: *0,9 | FU78: *0,85 | FX78: 106.2 | FY78: 53.55 | GD78: 0 | GF78: -1968498593 | GG78: 2 | GH78: 1 | GI78: -2 | GJ78: 0 | GK78: =ROUND(R78*(R12)/100,2) -> 0 | GL78: =ROUND(IF(AND(BH78=3,BI78=3,FS78<>0),P78,0),2) -> 0 | GM78: =ROUND(O78+X78+Y78+GK78,2)+GX78 -> 3504.66 | GN78: =IF(OR(BI78=0,BI78=1),ROUND(O78+X78+Y78+GK78,2),0) -> 3504.66 | GO78: =IF(BI78=2,ROUND(O78+X78+Y78+GK78,2),0) -> 0 | GP78: =IF(BI78=4,ROUND(O78+X78+Y78+GK78,2)+GX78,0) -> 0 | GR78: 0 | GS78: 3 | GT78: 0 | GV78: =ROUND(GT78,2) -> 0 | GW78: 1 | GX78: =ROUND(GV78*GW78*I78,2) -> 0 | HA78: 0 | HB78: 0 | IK78: 0
A79: 17 | B79: 1 | C79: =ROW(SmtRes!A156) -> 156 | D79: =ROW(EtalonRes!A158) -> 158 | E79: 17 | F79: 10-01-035-03 | G79: Установка подоконных досок из ПВХ в каменных стенах толщиной свыше 0,51 м | H79: 100 м | I79: =ROUND((6+22+22+1.1)/100,9) -> 0.511 | J79: 0 | O79: =ROUND(CP79,2) -> 21736.14 | P79: =ROUND(CQ79*I79,2) -> 20944.95 | Q79: =ROUND(CR79*I79,2) -> 91.36 | R79: =ROUND(CS79*I79,2) -> 18.49 | S79: =ROUND(CT79*I79,2) -> 699.83 | T79: =ROUND(CU79*I79,2) -> 0 | U79: =CV79*I79 -> 12.563957 | V79: =CW79*I79 -> 0.2363375 | W79: =ROUND(CX79*I79,2) -> 0 | X79: =ROUND(CY79,2) -> 761.42 | Y79: =ROUND(CZ79,2) -> 387.89 | AA79: 27737228 | AB79: =ROUND((AC79+AD79+AF79),2) -> 6514.01 | AC79: =ROUND((ES79),2) -> 6276.9 | AD79: =ROUND(((((ET79*1.25))-((EU79*1.25)))+AE79),2) -> 27.38 | AE79: =ROUND(((EU79*1.25)),2) -> 5.54 | AF79: =ROUND(((EV79*1.15)),2) -> 209.73 | AG79: =ROUND((AP79),2) -> 0 | AH79: =((EW79*1.15)) -> 24.587 | AI79: =((EX79*1.25)) -> 0.4625 | AJ79: =ROUND((AS79),2) -> 0 | AK79: 6481.17 | AL79: 6276.9 | AM79: 21.9 | AN79: 4.43 | AO79: 182.37 | AP79: 0 | AQ79: 21.38 | AR79: 0.37 | AS79: 0 | AT79: 106 | AU79: 54 | AV79: 1 | AW79: 1 | AZ79: 6.53 | BA79: 6.53 | BB79: 6.53 | BC79: 6.53 | BH79: 0 | BI79: 1 | BJ79: ФЕР-2001, 10-01-035-03, приказ Минстроя России №1039/пр от 30.12.2016г. | BM79: 10001 | BN79: 0 | BP79: 0 | BQ79: 2 | BR79: 0 | BS79: 6.53 | BT79: 1 | BU79: 1 | BV79: 1 | BW79: 1 | BX79: 1 | BZ79: 118 | CA79: 63 | CF79: 0 | CG79: 0 | CM79: 0 | CN79: Поправка: МДС 81-35.2004, п.4.7 Наименование: Работы, выполняемые при реконструкции зданий и сооружений работы, аналогичные технологическим процессам в новом строительстве (в том числе возведение новых конструктивных элементов) стоимость которых определена по соответствующим сборникам ФЕР, кроме сборника № 46 «Работы при реконструкции зданий и сооружений» | CO79: 0 | CP79: =(P79+Q79+S79) -> 21736.14 | CQ79: =AC79*BC79 -> 40988.157 | CR79: =AD79*BB79 -> 178.7914 | CS79: =AE79*BS79 -> 36.1762 | CT79: =AF79*BA79 -> 1369.5369 | CU79: =AG79 -> 0 | CV79: =AH79 -> 24.587 | CW79: =AI79 -> 0.4625 | CX79: =AJ79 -> 0 | CY79: =(((S79+R79)*AT79)/100) -> 761.4192 | CZ79: =(((S79+R79)*AU79)/100) -> 387.8928 | DE79: )*1,25 | DF79: )*1,25 | DG79: )*1,15 | DI79: )*1,15 | DJ79: )*1,25 | DN79: 0 | DO79: 0 | DP79: 1 | DQ79: 1 | DU79: 1003 | DV79: 100 м | DW79: 100 м | DX79: 100 | EE79: 27029023 | EF79: 2 | EG79: Общестроительные работы | EH79: 0 | EJ79: 1 | EK79: 10001 | EL79: Деревянные конструкции | EM79: ФЕР-10 | EO79: Поправка: МДС 81-35.2004, п.4.7 | EQ79: 0 | ER79: 6481.17 | ES79: 6276.9 | ET79: 21.9 | EU79: 4.43 | EV79: 182.37 | EW79: 21.38 | EX79: 0.37 | EY79: 0 | FQ79: 0 | FR79: =ROUND(IF(AND(BH79=3,BI79=3),P79,0),2) -> 0 | FS79: 0 | FT79: *0,9 | FU79: *0,85 | FX79: 106.2 | FY79: 53.55 | GD79: 0 | GF79: -1968498593 | GG79: 1 | GH79: 1 | GI79: 4 | GJ79: 0 | GK79: =ROUND(R79*(S12)/100,2) -> 0 | GL79: =ROUND(IF(AND(BH79=3,BI79=3,FS79<>0),P79,0),2) -> 0 | GM79: =ROUND(O79+X79+Y79+GK79,2)+GX79 -> 22885.45 | GN79: =IF(OR(BI79=0,BI79=1),ROUND(O79+X79+Y79+GK79,2),0) -> 22885.45 | GO79: =IF(BI79=2,ROUND(O79+X79+Y79+GK79,2),0) -> 0 | GP79: =IF(BI79=4,ROUND(O79+X79+Y79+GK79,2)+GX79,0) -> 0 | GR79: 0 | GS79: 3 | GT79: 0 | GV79: =ROUND(GT79,2) -> 0 | GW79: 1 | GX79: =ROUND(GV79*GW79*I79,2) -> 0 | HA79: 0 | HB79: 0 | IK79: 0
A80: 18 | B80: 1 | C80: 145 | E80: 17,1 | F80: 11.3.03.01-0004 | G80: Доски подоконные ПВХ, шириной 250 мм | H80: м | I80: =I78*J80 -> 45.1 | J80: 88.258317 | O80: =ROUND(CP80,2) -> 1462.14 | P80: =ROUND(CQ80*I80,2) -> 1462.14 | Q80: =ROUND(CR80*I80,2) -> 0 | R80: =ROUND(CS80*I80,2) -> 0 | S80: =ROUND(CT80*I80,2) -> 0 | T80: =ROUND(CU80*I80,2) -> 0 | U80: =CV80*I80 -> 0 | V80: =CW80*I80 -> 0 | W80: =ROUND(CX80*I80,2) -> 0 | X80: =ROUND(CY80,2) -> 0 | Y80: =ROUND(CZ80,2) -> 0 | AA80: 27737227 | AB80: =ROUND((AC80+AD80+AF80),2) -> 32.42 | AC80: =ROUND((ES80),2) -> 32.42 | AD80: =ROUND((((ET80)-(EU80))+AE80),2) -> 0 | AE80: =ROUND((EU80),2) -> 0 | AF80: =ROUND((EV80),2) -> 0 | AG80: =ROUND((AP80),2) -> 0 | AH80: =(EW80) -> 0 | AI80: =(EX80) -> 0 | AJ80: =ROUND((AS80),2) -> 0 | AK80: 32.42 | AL80: 32.42 | AM80: 0 | AN80: 0 | AO80: 0 | AP80: 0 | AQ80: 0 | AR80: 0 | AS80: 0 | AT80: 106 | AU80: 54 | AV80: 1 | AW80: 1 | AZ80: 1 | BA80: 1 | BB80: 1 | BC80: 1 | BH80: 3 | BI80: 1 | BJ80: ФССЦ-2001, 11.3.03.01-0004, приказ Минстроя России №1039/пр от 30.12.2016г. | BM80: 10001 | BN80: 0 | BP80: 0 | BQ80: 2 | BR80: 0 | BS80: 1 | BT80: 1 | BU80: 1 | BV80: 1 | BW80: 1 | BX80: 1 | BZ80: 118 | CA80: 63 | CF80: 0 | CG80: 0 | CM80: 0 | CO80: 0 | CP80: =(P80+Q80+S80) -> 1462.14 | CQ80: =AC80*BC80 -> 32.42 | CR80: =AD80*BB80 -> 0 | CS80: =AE80*BS80 -> 0 | CT80: =AF80*BA80 -> 0 | CU80: =AG80 -> 0 | CV80: =AH80 -> 0 | CW80: =AI80 -> 0 | CX80: =AJ80 -> 0 | CY80: =(((S80+R80)*AT80)/100) -> 0 | CZ80: =(((S80+R80)*AU80)/100) -> 0 | DN80: 0 | DO80: 0 | DP80: 1 | DQ80: 1 | DU80: 1003 | DV80: м | DW80: м | DX80: 1 | EE80: 27029023 | EF80: 2 | EG80: Общестроительные работы | EH80: 0 | EJ80: 1 | EK80: 10001 | EL80: Деревянные конструкции | EM80: ФЕР-10 | EQ80: 0 | ER80: 32.42 | ES80: 32.42 | ET80: 0 | EU80: 0 | EV80: 0 | EW80: 0 | EX80: 0 | FQ80: 0 | FR80: =ROUND(IF(AND(BH80=3,BI80=3),P80,0),2) -> 0 | FS80: 0 | FT80: *0,9 | FU80: *0,85 | FX80: 106.2 | FY80: 53.55 | GD80: 0 | GF80: -504550248 | GG80: 2 | GH80: 1 | GI80: -2 | GJ80: 0 | GK80: =ROUND(R80*(R12)/100,2) -> 0 | GL80: =ROUND(IF(AND(BH80=3,BI80=3,FS80<>0),P80,0),2) -> 0 | GM80: =ROUND(O80+X80+Y80+GK80,2)+GX80 -> 1462.14 | GN80: =IF(OR(BI80=0,BI80=1),ROUND(O80+X80+Y80+GK80,2),0) -> 1462.14 | GO80: =IF(BI80=2,ROUND(O80+X80+Y80+GK80,2),0) -> 0 | GP80: =IF(BI80=4,ROUND(O80+X80+Y80+GK80,2)+GX80,0) -> 0 | GR80: 0 | GS80: 3 | GT80: 0 | GV80: =ROUND(GT80,2) -> 0 | GW80: 1 | GX80: =ROUND(GV80*GW80*I80,2) -> 0 | HA80: 0 | HB80: 0 | IK80: 0
A81: 18 | B81: 1 | C81: 153 | E81: 17,1 | F81: 11.3.03.01-0004 | G81: Доски подоконные ПВХ, шириной 250 мм | H81: м | I81: =I79*J81 -> 45.1 | J81: 88.258317 | O81: =ROUND(CP81,2) -> 9547.79 | P81: =ROUND(CQ81*I81,2) -> 9547.79 | Q81: =ROUND(CR81*I81,2) -> 0 | R81: =ROUND(CS81*I81,2) -> 0 | S81: =ROUND(CT81*I81,2) -> 0 | T81: =ROUND(CU81*I81,2) -> 0 | U81: =CV81*I81 -> 0 | V81: =CW81*I81 -> 0 | W81: =ROUND(CX81*I81,2) -> 0 | X81: =ROUND(CY81,2) -> 0 | Y81: =ROUND(CZ81,2) -> 0 | AA81: 27737228 | AB81: =ROUND((AC81+AD81+AF81),2) -> 32.42 | AC81: =ROUND((ES81),2) -> 32.42 | AD81: =ROUND((((ET81)-(EU81))+AE81),2) -> 0 | AE81: =ROUND((EU81),2) -> 0 | AF81: =ROUND((EV81),2) -> 0 | AG81: =ROUND((AP81),2) -> 0 | AH81: =(EW81) -> 0 | AI81: =(EX81) -> 0 | AJ81: =ROUND((AS81),2) -> 0 | AK81: 32.42 | AL81: 32.42 | AM81: 0 | AN81: 0 | AO81: 0 | AP81: 0 | AQ81: 0 | AR81: 0 | AS81: 0 | AT81: 106 | AU81: 54 | AV81: 1 | AW81: 1 | AZ81: 6.53 | BA81: 1 | BB81: 1 | BC81: 6.53 | BH81: 3 | BI81: 1 | BJ81: ФССЦ-2001, 11.3.03.01-0004, приказ Минстроя России №1039/пр от 30.12.2016г. | BM81: 10001 | BN81: 0 | BP81: 0 | BQ81: 2 | BR81: 0 | BS81: 1 | BT81: 1 | BU81: 1 | BV81: 1 | BW81: 1 | BX81: 1 | BZ81: 118 | CA81: 63 | CF81: 0 | CG81: 0 | CM81: 0 | CO81: 0 | CP81: =(P81+Q81+S81) -> 9547.79 | CQ81: =AC81*BC81 -> 211.7026 | CR81: =AD81*BB81 -> 0 | CS81: =AE81*BS81 -> 0 | CT81: =AF81*BA81 -> 0 | CU81: =AG81 -> 0 | CV81: =AH81 -> 0 | CW81: =AI81 -> 0 | CX81: =AJ81 -> 0 | CY81: =(((S81+R81)*AT81)/100) -> 0 | CZ81: =(((S81+R81)*AU81)/100) -> 0 | DN81: 0 | DO81: 0 | DP81: 1 | DQ81: 1 | DU81: 1003 | DV81: м | DW81: м | DX81: 1 | EE81: 27029023 | EF81: 2 | EG81: Общестроительные работы | EH81: 0 | EJ81: 1 | EK81: 10001 | EL81: Деревянные конструкции | EM81: ФЕР-10 | EQ81: 0 | ER81: 32.42 | ES81: 32.42 | ET81: 0 | EU81: 0 | EV81: 0 | EW81: 0 | EX81: 0 | FQ81: 0 | FR81: =ROUND(IF(AND(BH81=3,BI81=3),P81,0),2) -> 0 | FS81: 0 | FT81: *0,9 | FU81: *0,85 | FX81: 106.2 | FY81: 53.55 | GD81: 0 | GF81: -504550248 | GG81: 1 | GH81: 1 | GI81: 4 | GJ81: 0 | GK81: =ROUND(R81*(S12)/100,2) -> 0 | GL81: =ROUND(IF(AND(BH81=3,BI81=3,FS81<>0),P81,0),2) -> 0 | GM81: =ROUND(O81+X81+Y81+GK81,2)+GX81 -> 9547.79 | GN81: =IF(OR(BI81=0,BI81=1),ROUND(O81+X81+Y81+GK81,2),0) -> 9547.79 | GO81: =IF(BI81=2,ROUND(O81+X81+Y81+GK81,2),0) -> 0 | GP81: =IF(BI81=4,ROUND(O81+X81+Y81+GK81,2)+GX81,0) -> 0 | GR81: 0 | GS81: 3 | GT81: 0 | GV81: =ROUND(GT81,2) -> 0 | GW81: 1 | GX81: =ROUND(GV81*GW81*I81,2) -> 0 | HA81: 0 | HB81: 0 | IK81: 0
A82: 18 | B82: 1 | C82: 146 | E82: 17,2 | F82: 11.3.03.01-0010 | G82: Доски подоконные ПВХ, шириной 500 мм | H82: м | I82: =I78*J82 -> 6 | J82: 11.741683 | O82: =ROUND(CP82,2) -> 386.1 | P82: =ROUND(CQ82*I82,2) -> 386.1 | Q82: =ROUND(CR82*I82,2) -> 0 | R82: =ROUND(CS82*I82,2) -> 0 | S82: =ROUND(CT82*I82,2) -> 0 | T82: =ROUND(CU82*I82,2) -> 0 | U82: =CV82*I82 -> 0 | V82: =CW82*I82 -> 0 | W82: =ROUND(CX82*I82,2) -> 0 | X82: =ROUND(CY82,2) -> 0 | Y82: =ROUND(CZ82,2) -> 0 | AA82: 27737227 | AB82: =ROUND((AC82+AD82+AF82),2) -> 64.35 | AC82: =ROUND((ES82),2) -> 64.35 | AD82: =ROUND((((ET82)-(EU82))+AE82),2) -> 0 | AE82: =ROUND((EU82),2) -> 0 | AF82: =ROUND((EV82),2) -> 0 | AG82: =ROUND((AP82),2) -> 0 | AH82: =(EW82) -> 0 | AI82: =(EX82) -> 0 | AJ82: =ROUND((AS82),2) -> 0 | AK82: 64.35 | AL82: 64.35 | AM82: 0 | AN82: 0 | AO82: 0 | AP82: 0 | AQ82: 0 | AR82: 0 | AS82: 0 | AT82: 106 | AU82: 54 | AV82: 1 | AW82: 1 | AZ82: 1 | BA82: 1 | BB82: 1 | BC82: 1 | BH82: 3 | BI82: 1 | BJ82: ФССЦ-2001, 11.3.03.01-0010, приказ Минстроя России №1039/пр от 30.12.2016г. | BM82: 10001 | BN82: 0 | BP82: 0 | BQ82: 2 | BR82: 0 | BS82: 1 | BT82: 1 | BU82: 1 | BV82: 1 | BW82: 1 | BX82: 1 | BZ82: 118 | CA82: 63 | CF82: 0 | CG82: 0 | CM82: 0 | CO82: 0 | CP82: =(P82+Q82+S82) -> 386.1 | CQ82: =AC82*BC82 -> 64.35 | CR82: =AD82*BB82 -> 0 | CS82: =AE82*BS82 -> 0 | CT82: =AF82*BA82 -> 0 | CU82: =AG82 -> 0 | CV82: =AH82 -> 0 | CW82: =AI82 -> 0 | CX82: =AJ82 -> 0 | CY82: =(((S82+R82)*AT82)/100) -> 0 | CZ82: =(((S82+R82)*AU82)/100) -> 0 | DN82: 0 | DO82: 0 | DP82: 1 | DQ82: 1 | DU82: 1003 | DV82: м | DW82: м | DX82: 1 | EE82: 27029023 | EF82: 2 | EG82: Общестроительные работы | EH82: 0 | EJ82: 1 | EK82: 10001 | EL82: Деревянные конструкции | EM82: ФЕР-10 | EQ82: 0 | ER82: 64.35 | ES82: 64.35 | ET82: 0 | EU82: 0 | EV82: 0 | EW82: 0 | EX82: 0 | FQ82: 0 | FR82: =ROUND(IF(AND(BH82=3,BI82=3),P82,0),2) -> 0 | FS82: 0 | FT82: *0,9 | FU82: *0,85 | FX82: 106.2 | FY82: 53.55 | GD82: 0 | GF82: 1369221803 | GG82: 2 | GH82: 1 | GI82: -2 | GJ82: 0 | GK82: =ROUND(R82*(R12)/100,2) -> 0 | GL82: =ROUND(IF(AND(BH82=3,BI82=3,FS82<>0),P82,0),2) -> 0 | GM82: =ROUND(O82+X82+Y82+GK82,2)+GX82 -> 386.1 | GN82: =IF(OR(BI82=0,BI82=1),ROUND(O82+X82+Y82+GK82,2),0) -> 386.1 | GO82: =IF(BI82=2,ROUND(O82+X82+Y82+GK82,2),0) -> 0 | GP82: =IF(BI82=4,ROUND(O82+X82+Y82+GK82,2)+GX82,0) -> 0 | GR82: 0 | GS82: 3 | GT82: 0 | GV82: =ROUND(GT82,2) -> 0 | GW82: 1 | GX82: =ROUND(GV82*GW82*I82,2) -> 0 | HA82: 0 | HB82: 0 | IK82: 0
A83: 18 | B83: 1 | C83: 154 | E83: 17,2 | F83: 11.3.03.01-0010 | G83: Доски подоконные ПВХ, шириной 500 мм | H83: м | I83: =I79*J83 -> 6 | J83: 11.741683 | O83: =ROUND(CP83,2) -> 2521.23 | P83: =ROUND(CQ83*I83,2) -> 2521.23 | Q83: =ROUND(CR83*I83,2) -> 0 | R83: =ROUND(CS83*I83,2) -> 0 | S83: =ROUND(CT83*I83,2) -> 0 | T83: =ROUND(CU83*I83,2) -> 0 | U83: =CV83*I83 -> 0 | V83: =CW83*I83 -> 0 | W83: =ROUND(CX83*I83,2) -> 0 | X83: =ROUND(CY83,2) -> 0 | Y83: =ROUND(CZ83,2) -> 0 | AA83: 27737228 | AB83: =ROUND((AC83+AD83+AF83),2) -> 64.35 | AC83: =ROUND((ES83),2) -> 64.35 | AD83: =ROUND((((ET83)-(EU83))+AE83),2) -> 0 | AE83: =ROUND((EU83),2) -> 0 | AF83: =ROUND((EV83),2) -> 0 | AG83: =ROUND((AP83),2) -> 0 | AH83: =(EW83) -> 0 | AI83: =(EX83) -> 0 | AJ83: =ROUND((AS83),2) -> 0 | AK83: 64.35 | AL83: 64.35 | AM83: 0 | AN83: 0 | AO83: 0 | AP83: 0 | AQ83: 0 | AR83: 0 | AS83: 0 | AT83: 106 | AU83: 54 | AV83: 1 | AW83: 1 | AZ83: 6.53 | BA83: 1 | BB83: 1 | BC83: 6.53 | BH83: 3 | BI83: 1 | BJ83: ФССЦ-2001, 11.3.03.01-0010, приказ Минстроя России №1039/пр от 30.12.2016г. | BM83: 10001 | BN83: 0 | BP83: 0 | BQ83: 2 | BR83: 0 | BS83: 1 | BT83: 1 | BU83: 1 | BV83: 1 | BW83: 1 | BX83: 1 | BZ83: 118 | CA83: 63 | CF83: 0 | CG83: 0 | CM83: 0 | CO83: 0 | CP83: =(P83+Q83+S83) -> 2521.23 | CQ83: =AC83*BC83 -> 420.2055 | CR83: =AD83*BB83 -> 0 | CS83: =AE83*BS83 -> 0 | CT83: =AF83*BA83 -> 0 | CU83: =AG83 -> 0 | CV83: =AH83 -> 0 | CW83: =AI83 -> 0 | CX83: =AJ83 -> 0 | CY83: =(((S83+R83)*AT83)/100) -> 0 | CZ83: =(((S83+R83)*AU83)/100) -> 0 | DN83: 0 | DO83: 0 | DP83: 1 | DQ83: 1 | DU83: 1003 | DV83: м | DW83: м | DX83: 1 | EE83: 27029023 | EF83: 2 | EG83: Общестроительные работы | EH83: 0 | EJ83: 1 | EK83: 10001 | EL83: Деревянные конструкции | EM83: ФЕР-10 | EQ83: 0 | ER83: 64.35 | ES83: 64.35 | ET83: 0 | EU83: 0 | EV83: 0 | EW83: 0 | EX83: 0 | FQ83: 0 | FR83: =ROUND(IF(AND(BH83=3,BI83=3),P83,0),2) -> 0 | FS83: 0 | FT83: *0,9 | FU83: *0,85 | FX83: 106.2 | FY83: 53.55 | GD83: 0 | GF83: 1369221803 | GG83: 1 | GH83: 1 | GI83: 4 | GJ83: 0 | GK83: =ROUND(R83*(S12)/100,2) -> 0 | GL83: =ROUND(IF(AND(BH83=3,BI83=3,FS83<>0),P83,0),2) -> 0 | GM83: =ROUND(O83+X83+Y83+GK83,2)+GX83 -> 2521.23 | GN83: =IF(OR(BI83=0,BI83=1),ROUND(O83+X83+Y83+GK83,2),0) -> 2521.23 | GO83: =IF(BI83=2,ROUND(O83+X83+Y83+GK83,2),0) -> 0 | GP83: =IF(BI83=4,ROUND(O83+X83+Y83+GK83,2)+GX83,0) -> 0 | GR83: 0 | GS83: 3 | GT83: 0 | GV83: =ROUND(GT83,2) -> 0 | GW83: 1 | GX83: =ROUND(GV83*GW83*I83,2) -> 0 | HA83: 0 | HB83: 0 | IK83: 0
A84: 17 | B84: 1 | C84: =ROW(SmtRes!A164) -> 164 | D84: =ROW(EtalonRes!A166) -> 166 | E84: 18 | F84: 15-02-019-05 | G84: Сплошное выравнивание внутренних поверхностей (однослойное оштукатуривание) из сухих растворных смесей толщиной до 10 мм оконных и дверных откосов плоских | H84: 100 м2 | I84: =ROUND((2.64+13.2+13.2+1.1+4.1+3.82+1.26+2.38+2.36+4.54)/100,9) -> 0.486 | J84: 0 | O84: =ROUND(CP84,2) -> 414.24 | P84: =ROUND(CQ84*I84,2) -> 0.88 | Q84: =ROUND(CR84*I84,2) -> 14.47 | R84: =ROUND(CS84*I84,2) -> 8.82 | S84: =ROUND(CT84*I84,2) -> 398.89 | T84: =ROUND(CU84*I84,2) -> 0 | U84: =CV84*I84 -> 46.763163 | V84: =CW84*I84 -> 0.81405 | W84: =ROUND(CX84*I84,2) -> 0 | X84: =ROUND(CY84,2) -> 387.32 | Y84: =ROUND(CZ84,2) -> 191.62 | AA84: 27737227 | AB84: =ROUND((AC84+AD84+AF84),2) -> 852.36 | AC84: =ROUND((ES84),2) -> 1.81 | AD84: =ROUND(((((ET84*1.25))-((EU84*1.25)))+AE84),2) -> 29.78 | AE84: =ROUND(((EU84*1.25)),2) -> 18.14 | AF84: =ROUND(((EV84*1.15)),2) -> 820.77 | AG84: =ROUND((AP84),2) -> 0 | AH84: =((EW84*1.15)) -> 96.2205 | AI84: =((EX84*1.25)) -> 1.675 | AJ84: =ROUND((AS84),2) -> 0 | AK84: 739.34 | AL84: 1.81 | AM84: 23.82 | AN84: 14.51 | AO84: 713.71 | AP84: 0 | AQ84: 83.67 | AR84: 1.34 | AS84: 0 | AT84: 95 | AU84: 47 | AV84: 1 | AW84: 1 | AZ84: 1 | BA84: 1 | BB84: 1 | BC84: 1 | BH84: 0 | BI84: 1 | BJ84: ФЕР-2001, 15-02-019-05, приказ Минстроя России №1039/пр от 30.12.2016г. | BM84: 15001 | BN84: 0 | BP84: 0 | BQ84: 2 | BR84: 0 | BS84: 1 | BT84: 1 | BU84: 1 | BV84: 1 | BW84: 1 | BX84: 1 | BZ84: 105 | CA84: 55 | CF84: 0 | CG84: 0 | CM84: 0 | CN84: Поправка: МДС 81-35.2004, п.4.7 Наименование: Работы, выполняемые при реконструкции зданий и сооружений работы, аналогичные технологическим процессам в новом строительстве (в том числе возведение новых конструктивных элементов) стоимость которых определена по соответствующим сборникам ФЕР, кроме сборника № 46 «Работы при реконструкции зданий и сооружений» | CO84: 0 | CP84: =(P84+Q84+S84) -> 414.24 | CQ84: =AC84*BC84 -> 1.81 | CR84: =AD84*BB84 -> 29.78 | CS84: =AE84*BS84 -> 18.14 | CT84: =AF84*BA84 -> 820.77 | CU84: =AG84 -> 0 | CV84: =AH84 -> 96.2205 | CW84: =AI84 -> 1.675 | CX84: =AJ84 -> 0 | CY84: =(((S84+R84)*AT84)/100) -> 387.3245 | CZ84: =(((S84+R84)*AU84)/100) -> 191.6237 | DE84: )*1,25 | DF84: )*1,25 | DG84: )*1,15 | DI84: )*1,15 | DJ84: )*1,25 | DN84: 0 | DO84: 0 | DP84: 1 | DQ84: 1 | DU84: 1005 | DV84: 100 м2 | DW84: 100 м2 | DX84: 100 | EE84: 27029049 | EF84: 2 | EG84: Общестроительные работы | EH84: 0 | EJ84: 1 | EK84: 15001 | EL84: Отделочные работы | EM84: ФЕР-15 | EO84: Поправка: МДС 81-35.2004, п.4.7 | EQ84: 0 | ER84: 739.34 | ES84: 1.81 | ET84: 23.82 | EU84: 14.51 | EV84: 713.71 | EW84: 83.67 | EX84: 1.34 | EY84: 0 | FQ84: 0 | FR84: =ROUND(IF(AND(BH84=3,BI84=3),P84,0),2) -> 0 | FS84: 0 | FT84: *0,9 | FU84: *0,85 | FX84: 94.5 | FY84: 46.75 | GD84: 0 | GF84: -195782614 | GG84: 2 | GH84: 1 | GI84: -2 | GJ84: 0 | GK84: =ROUND(R84*(R12)/100,2) -> 0 | GL84: =ROUND(IF(AND(BH84=3,BI84=3,FS84<>0),P84,0),2) -> 0 | GM84: =ROUND(O84+X84+Y84+GK84,2)+GX84 -> 993.18 | GN84: =IF(OR(BI84=0,BI84=1),ROUND(O84+X84+Y84+GK84,2),0) -> 993.18 | GO84: =IF(BI84=2,ROUND(O84+X84+Y84+GK84,2),0) -> 0 | GP84: =IF(BI84=4,ROUND(O84+X84+Y84+GK84,2)+GX84,0) -> 0 | GR84: 0 | GS84: 3 | GT84: 0 | GV84: =ROUND(GT84,2) -> 0 | GW84: 1 | GX84: =ROUND(GV84*GW84*I84,2) -> 0 | HA84: 0 | HB84: 0 | IK84: 0
A85: 17 | B85: 1 | C85: =ROW(SmtRes!A172) -> 172 | D85: =ROW(EtalonRes!A174) -> 174 | E85: 18 | F85: 15-02-019-05 | G85: Сплошное выравнивание внутренних поверхностей (однослойное оштукатуривание) из сухих растворных смесей толщиной до 10 мм оконных и дверных откосов плоских | H85: 100 м2 | I85: =ROUND((2.64+13.2+13.2+1.1+4.1+3.82+1.26+2.38+2.36+4.54)/100,9) -> 0.486 | J85: 0 | O85: =ROUND(CP85,2) -> 2705.03 | P85: =ROUND(CQ85*I85,2) -> 5.74 | Q85: =ROUND(CR85*I85,2) -> 94.51 | R85: =ROUND(CS85*I85,2) -> 57.57 | S85: =ROUND(CT85*I85,2) -> 2604.78 | T85: =ROUND(CU85*I85,2) -> 0 | U85: =CV85*I85 -> 46.763163 | V85: =CW85*I85 -> 0.81405 | W85: =ROUND(CX85*I85,2) -> 0 | X85: =ROUND(CY85,2) -> 2529.23 | Y85: =ROUND(CZ85,2) -> 1251.3 | AA85: 27737228 | AB85: =ROUND((AC85+AD85+AF85),2) -> 852.36 | AC85: =ROUND((ES85),2) -> 1.81 | AD85: =ROUND(((((ET85*1.25))-((EU85*1.25)))+AE85),2) -> 29.78 | AE85: =ROUND(((EU85*1.25)),2) -> 18.14 | AF85: =ROUND(((EV85*1.15)),2) -> 820.77 | AG85: =ROUND((AP85),2) -> 0 | AH85: =((EW85*1.15)) -> 96.2205 | AI85: =((EX85*1.25)) -> 1.675 | AJ85: =ROUND((AS85),2) -> 0 | AK85: 739.34 | AL85: 1.81 | AM85: 23.82 | AN85: 14.51 | AO85: 713.71 | AP85: 0 | AQ85: 83.67 | AR85: 1.34 | AS85: 0 | AT85: 95 | AU85: 47 | AV85: 1 | AW85: 1 | AZ85: 6.53 | BA85: 6.53 | BB85: 6.53 | BC85: 6.53 | BH85: 0 | BI85: 1 | BJ85: ФЕР-2001, 15-02-019-05, приказ Минстроя России №1039/пр от 30.12.2016г. | BM85: 15001 | BN85: 0 | BP85: 0 | BQ85: 2 | BR85: 0 | BS85: 6.53 | BT85: 1 | BU85: 1 | BV85: 1 | BW85: 1 | BX85: 1 | BZ85: 105 | CA85: 55 | CF85: 0 | CG85: 0 | CM85: 0 | CN85: Поправка: МДС 81-35.2004, п.4.7 Наименование: Работы, выполняемые при реконструкции зданий и сооружений работы, аналогичные технологическим процессам в новом строительстве (в том числе возведение новых конструктивных элементов) стоимость которых определена по соответствующим сборникам ФЕР, кроме сборника № 46 «Работы при реконструкции зданий и сооружений» | CO85: 0 | CP85: =(P85+Q85+S85) -> 2705.03 | CQ85: =AC85*BC85 -> 11.8193 | CR85: =AD85*BB85 -> 194.4634 | CS85: =AE85*BS85 -> 118.4542 | CT85: =AF85*BA85 -> 5359.6281 | CU85: =AG85 -> 0 | CV85: =AH85 -> 96.2205 | CW85: =AI85 -> 1.675 | CX85: =AJ85 -> 0 | CY85: =(((S85+R85)*AT85)/100) -> 2529.2325 | CZ85: =(((S85+R85)*AU85)/100) -> 1251.3045 | DE85: )*1,25 | DF85: )*1,25 | DG85: )*1,15 | DI85: )*1,15 | DJ85: )*1,25 | DN85: 0 | DO85: 0 | DP85: 1 | DQ85: 1 | DU85: 1005 | DV85: 100 м2 | DW85: 100 м2 | DX85: 100 | EE85: 27029049 | EF85: 2 | EG85: Общестроительные работы | EH85: 0 | EJ85: 1 | EK85: 15001 | EL85: Отделочные работы | EM85: ФЕР-15 | EO85: Поправка: МДС 81-35.2004, п.4.7 | EQ85: 0 | ER85: 739.34 | ES85: 1.81 | ET85: 23.82 | EU85: 14.51 | EV85: 713.71 | EW85: 83.67 | EX85: 1.34 | EY85: 0 | FQ85: 0 | FR85: =ROUND(IF(AND(BH85=3,BI85=3),P85,0),2) -> 0 | FS85: 0 | FT85: *0,9 | FU85: *0,85 | FX85: 94.5 | FY85: 46.75 | GD85: 0 | GF85: -195782614 | GG85: 1 | GH85: 1 | GI85: 4 | GJ85: 0 | GK85: =ROUND(R85*(S12)/100,2) -> 0 | GL85: =ROUND(IF(AND(BH85=3,BI85=3,FS85<>0),P85,0),2) -> 0 | GM85: =ROUND(O85+X85+Y85+GK85,2)+GX85 -> 6485.56 | GN85: =IF(OR(BI85=0,BI85=1),ROUND(O85+X85+Y85+GK85,2),0) -> 6485.56 | GO85: =IF(BI85=2,ROUND(O85+X85+Y85+GK85,2),0) -> 0 | GP85: =IF(BI85=4,ROUND(O85+X85+Y85+GK85,2)+GX85,0) -> 0 | GR85: 0 | GS85: 3 | GT85: 0 | GV85: =ROUND(GT85,2) -> 0 | GW85: 1 | GX85: =ROUND(GV85*GW85*I85,2) -> 0 | HA85: 0 | HB85: 0 | IK85: 0
A86: 18 | B86: 1 | C86: 163 | E86: 18,1 | F86: 04.3.02.05-0002 | G86: Смесь штукатурная «Ротбанд», КНАУФ | H86: кг | I86: =I84*J86 -> 597.78 | J86: 1230 | O86: =ROUND(CP86,2) -> 1237.4 | P86: =ROUND(CQ86*I86,2) -> 1237.4 | Q86: =ROUND(CR86*I86,2) -> 0 | R86: =ROUND(CS86*I86,2) -> 0 | S86: =ROUND(CT86*I86,2) -> 0 | T86: =ROUND(CU86*I86,2) -> 0 | U86: =CV86*I86 -> 0 | V86: =CW86*I86 -> 0 | W86: =ROUND(CX86*I86,2) -> 0 | X86: =ROUND(CY86,2) -> 0 | Y86: =ROUND(CZ86,2) -> 0 | AA86: 27737227 | AB86: =ROUND((AC86+AD86+AF86),2) -> 2.07 | AC86: =ROUND((ES86),2) -> 2.07 | AD86: =ROUND((((ET86)-(EU86))+AE86),2) -> 0 | AE86: =ROUND((EU86),2) -> 0 | AF86: =ROUND((EV86),2) -> 0 | AG86: =ROUND((AP86),2) -> 0 | AH86: =(EW86) -> 0 | AI86: =(EX86) -> 0 | AJ86: =ROUND((AS86),2) -> 0 | AK86: 2.07 | AL86: 2.07 | AM86: 0 | AN86: 0 | AO86: 0 | AP86: 0 | AQ86: 0 | AR86: 0 | AS86: 0 | AT86: 95 | AU86: 47 | AV86: 1 | AW86: 1 | AZ86: 1 | BA86: 1 | BB86: 1 | BC86: 1 | BH86: 3 | BI86: 1 | BJ86: ФССЦ-2001, 04.3.02.05-0002, приказ Минстроя России №1039/пр от 30.12.2016г. | BM86: 15001 | BN86: 0 | BP86: 0 | BQ86: 2 | BR86: 0 | BS86: 1 | BT86: 1 | BU86: 1 | BV86: 1 | BW86: 1 | BX86: 1 | BZ86: 105 | CA86: 55 | CF86: 0 | CG86: 0 | CM86: 0 | CO86: 0 | CP86: =(P86+Q86+S86) -> 1237.4 | CQ86: =AC86*BC86 -> 2.07 | CR86: =AD86*BB86 -> 0 | CS86: =AE86*BS86 -> 0 | CT86: =AF86*BA86 -> 0 | CU86: =AG86 -> 0 | CV86: =AH86 -> 0 | CW86: =AI86 -> 0 | CX86: =AJ86 -> 0 | CY86: =(((S86+R86)*AT86)/100) -> 0 | CZ86: =(((S86+R86)*AU86)/100) -> 0 | DN86: 0 | DO86: 0 | DP86: 1 | DQ86: 1 | DU86: 1009 | DV86: кг | DW86: кг | DX86: 1 | EE86: 27029049 | EF86: 2 | EG86: Общестроительные работы | EH86: 0 | EJ86: 1 | EK86: 15001 | EL86: Отделочные работы | EM86: ФЕР-15 | EQ86: 0 | ER86: 2.07 | ES86: 2.07 | ET86: 0 | EU86: 0 | EV86: 0 | EW86: 0 | EX86: 0 | FQ86: 0 | FR86: =ROUND(IF(AND(BH86=3,BI86=3),P86,0),2) -> 0 | FS86: 0 | FT86: *0,9 | FU86: *0,85 | FX86: 94.5 | FY86: 46.75 | GD86: 0 | GF86: -60067644 | GG86: 2 | GH86: 1 | GI86: -2 | GJ86: 0 | GK86: =ROUND(R86*(R12)/100,2) -> 0 | GL86: =ROUND(IF(AND(BH86=3,BI86=3,FS86<>0),P86,0),2) -> 0 | GM86: =ROUND(O86+X86+Y86+GK86,2)+GX86 -> 1237.4 | GN86: =IF(OR(BI86=0,BI86=1),ROUND(O86+X86+Y86+GK86,2),0) -> 1237.4 | GO86: =IF(BI86=2,ROUND(O86+X86+Y86+GK86,2),0) -> 0 | GP86: =IF(BI86=4,ROUND(O86+X86+Y86+GK86,2)+GX86,0) -> 0 | GR86: 0 | GS86: 3 | GT86: 0 | GV86: =ROUND(GT86,2) -> 0 | GW86: 1 | GX86: =ROUND(GV86*GW86*I86,2) -> 0 | HA86: 0 | HB86: 0 | IK86: 0
A87: 18 | B87: 1 | C87: 171 | E87: 18,1 | F87: 04.3.02.05-0002 | G87: Смесь штукатурная «Ротбанд», КНАУФ | H87: кг | I87: =I85*J87 -> 597.78 | J87: 1230 | O87: =ROUND(CP87,2) -> 8080.25 | P87: =ROUND(CQ87*I87,2) -> 8080.25 | Q87: =ROUND(CR87*I87,2) -> 0 | R87: =ROUND(CS87*I87,2) -> 0 | S87: =ROUND(CT87*I87,2) -> 0 | T87: =ROUND(CU87*I87,2) -> 0 | U87: =CV87*I87 -> 0 | V87: =CW87*I87 -> 0 | W87: =ROUND(CX87*I87,2) -> 0 | X87: =ROUND(CY87,2) -> 0 | Y87: =ROUND(CZ87,2) -> 0 | AA87: 27737228 | AB87: =ROUND((AC87+AD87+AF87),2) -> 2.07 | AC87: =ROUND((ES87),2) -> 2.07 | AD87: =ROUND((((ET87)-(EU87))+AE87),2) -> 0 | AE87: =ROUND((EU87),2) -> 0 | AF87: =ROUND((EV87),2) -> 0 | AG87: =ROUND((AP87),2) -> 0 | AH87: =(EW87) -> 0 | AI87: =(EX87) -> 0 | AJ87: =ROUND((AS87),2) -> 0 | AK87: 2.07 | AL87: 2.07 | AM87: 0 | AN87: 0 | AO87: 0 | AP87: 0 | AQ87: 0 | AR87: 0 | AS87: 0 | AT87: 95 | AU87: 47 | AV87: 1 | AW87: 1 | AZ87: 6.53 | BA87: 1 | BB87: 1 | BC87: 6.53 | BH87: 3 | BI87: 1 | BJ87: ФССЦ-2001, 04.3.02.05-0002, приказ Минстроя России №1039/пр от 30.12.2016г. | BM87: 15001 | BN87: 0 | BP87: 0 | BQ87: 2 | BR87: 0 | BS87: 1 | BT87: 1 | BU87: 1 | BV87: 1 | BW87: 1 | BX87: 1 | BZ87: 105 | CA87: 55 | CF87: 0 | CG87: 0 | CM87: 0 | CO87: 0 | CP87: =(P87+Q87+S87) -> 8080.25 | CQ87: =AC87*BC87 -> 13.5171 | CR87: =AD87*BB87 -> 0 | CS87: =AE87*BS87 -> 0 | CT87: =AF87*BA87 -> 0 | CU87: =AG87 -> 0 | CV87: =AH87 -> 0 | CW87: =AI87 -> 0 | CX87: =AJ87 -> 0 | CY87: =(((S87+R87)*AT87)/100) -> 0 | CZ87: =(((S87+R87)*AU87)/100) -> 0 | DN87: 0 | DO87: 0 | DP87: 1 | DQ87: 1 | DU87: 1009 | DV87: кг | DW87: кг | DX87: 1 | EE87: 27029049 | EF87: 2 | EG87: Общестроительные работы | EH87: 0 | EJ87: 1 | EK87: 15001 | EL87: Отделочные работы | EM87: ФЕР-15 | EQ87: 0 | ER87: 2.07 | ES87: 2.07 | ET87: 0 | EU87: 0 | EV87: 0 | EW87: 0 | EX87: 0 | FQ87: 0 | FR87: =ROUND(IF(AND(BH87=3,BI87=3),P87,0),2) -> 0 | FS87: 0 | FT87: *0,9 | FU87: *0,85 | FX87: 94.5 | FY87: 46.75 | GD87: 0 | GF87: -60067644 | GG87: 1 | GH87: 1 | GI87: 4 | GJ87: 0 | GK87: =ROUND(R87*(S12)/100,2) -> 0 | GL87: =ROUND(IF(AND(BH87=3,BI87=3,FS87<>0),P87,0),2) -> 0 | GM87: =ROUND(O87+X87+Y87+GK87,2)+GX87 -> 8080.25 | GN87: =IF(OR(BI87=0,BI87=1),ROUND(O87+X87+Y87+GK87,2),0) -> 8080.25 | GO87: =IF(BI87=2,ROUND(O87+X87+Y87+GK87,2),0) -> 0 | GP87: =IF(BI87=4,ROUND(O87+X87+Y87+GK87,2)+GX87,0) -> 0 | GR87: 0 | GS87: 3 | GT87: 0 | GV87: =ROUND(GT87,2) -> 0 | GW87: 1 | GX87: =ROUND(GV87*GW87*I87,2) -> 0 | HA87: 0 | HB87: 0 | IK87: 0
A88: 18 | B88: 1 | C88: 164 | E88: 18,2 | F88: 14.3.01.01-0001 | G88: Грунтовка: «Бетоконтакт», КНАУФ | H88: кг | I88: =I84*J88 -> 9.72 | J88: 20 | O88: =ROUND(CP88,2) -> 146.67 | P88: =ROUND(CQ88*I88,2) -> 146.67 | Q88: =ROUND(CR88*I88,2) -> 0 | R88: =ROUND(CS88*I88,2) -> 0 | S88: =ROUND(CT88*I88,2) -> 0 | T88: =ROUND(CU88*I88,2) -> 0 | U88: =CV88*I88 -> 0 | V88: =CW88*I88 -> 0 | W88: =ROUND(CX88*I88,2) -> 0 | X88: =ROUND(CY88,2) -> 0 | Y88: =ROUND(CZ88,2) -> 0 | AA88: 27737227 | AB88: =ROUND((AC88+AD88+AF88),2) -> 15.09 | AC88: =ROUND((ES88),2) -> 15.09 | AD88: =ROUND((((ET88)-(EU88))+AE88),2) -> 0 | AE88: =ROUND((EU88),2) -> 0 | AF88: =ROUND((EV88),2) -> 0 | AG88: =ROUND((AP88),2) -> 0 | AH88: =(EW88) -> 0 | AI88: =(EX88) -> 0 | AJ88: =ROUND((AS88),2) -> 0 | AK88: 15.09 | AL88: 15.09 | AM88: 0 | AN88: 0 | AO88: 0 | AP88: 0 | AQ88: 0 | AR88: 0 | AS88: 0 | AT88: 95 | AU88: 47 | AV88: 1 | AW88: 1 | AZ88: 1 | BA88: 1 | BB88: 1 | BC88: 1 | BH88: 3 | BI88: 1 | BJ88: ФССЦ-2001, 14.3.01.01-0001, приказ Минстроя России №1039/пр от 30.12.2016г. | BM88: 15001 | BN88: 0 | BP88: 0 | BQ88: 2 | BR88: 0 | BS88: 1 | BT88: 1 | BU88: 1 | BV88: 1 | BW88: 1 | BX88: 1 | BZ88: 105 | CA88: 55 | CF88: 0 | CG88: 0 | CM88: 0 | CO88: 0 | CP88: =(P88+Q88+S88) -> 146.67 | CQ88: =AC88*BC88 -> 15.09 | CR88: =AD88*BB88 -> 0 | CS88: =AE88*BS88 -> 0 | CT88: =AF88*BA88 -> 0 | CU88: =AG88 -> 0 | CV88: =AH88 -> 0 | CW88: =AI88 -> 0 | CX88: =AJ88 -> 0 | CY88: =(((S88+R88)*AT88)/100) -> 0 | CZ88: =(((S88+R88)*AU88)/100) -> 0 | DN88: 0 | DO88: 0 | DP88: 1 | DQ88: 1 | DU88: 1009 | DV88: кг | DW88: кг | DX88: 1 | EE88: 27029049 | EF88: 2 | EG88: Общестроительные работы | EH88: 0 | EJ88: 1 | EK88: 15001 | EL88: Отделочные работы | EM88: ФЕР-15 | EQ88: 0 | ER88: 15.09 | ES88: 15.09 | ET88: 0 | EU88: 0 | EV88: 0 | EW88: 0 | EX88: 0 | FQ88: 0 | FR88: =ROUND(IF(AND(BH88=3,BI88=3),P88,0),2) -> 0 | FS88: 0 | FT88: *0,9 | FU88: *0,85 | FX88: 94.5 | FY88: 46.75 | GD88: 0 | GF88: 1453462043 | GG88: 2 | GH88: 1 | GI88: -2 | GJ88: 0 | GK88: =ROUND(R88*(R12)/100,2) -> 0 | GL88: =ROUND(IF(AND(BH88=3,BI88=3,FS88<>0),P88,0),2) -> 0 | GM88: =ROUND(O88+X88+Y88+GK88,2)+GX88 -> 146.67 | GN88: =IF(OR(BI88=0,BI88=1),ROUND(O88+X88+Y88+GK88,2),0) -> 146.67 | GO88: =IF(BI88=2,ROUND(O88+X88+Y88+GK88,2),0) -> 0 | GP88: =IF(BI88=4,ROUND(O88+X88+Y88+GK88,2)+GX88,0) -> 0 | GR88: 0 | GS88: 3 | GT88: 0 | GV88: =ROUND(GT88,2) -> 0 | GW88: 1 | GX88: =ROUND(GV88*GW88*I88,2) -> 0 | HA88: 0 | HB88: 0 | IK88: 0
A89: 18 | B89: 1 | C89: 172 | E89: 18,2 | F89: 14.3.01.01-0001 | G89: Грунтовка: «Бетоконтакт», КНАУФ | H89: кг | I89: =I85*J89 -> 9.72 | J89: 20 | O89: =ROUND(CP89,2) -> 957.79 | P89: =ROUND(CQ89*I89,2) -> 957.79 | Q89: =ROUND(CR89*I89,2) -> 0 | R89: =ROUND(CS89*I89,2) -> 0 | S89: =ROUND(CT89*I89,2) -> 0 | T89: =ROUND(CU89*I89,2) -> 0 | U89: =CV89*I89 -> 0 | V89: =CW89*I89 -> 0 | W89: =ROUND(CX89*I89,2) -> 0 | X89: =ROUND(CY89,2) -> 0 | Y89: =ROUND(CZ89,2) -> 0 | AA89: 27737228 | AB89: =ROUND((AC89+AD89+AF89),2) -> 15.09 | AC89: =ROUND((ES89),2) -> 15.09 | AD89: =ROUND((((ET89)-(EU89))+AE89),2) -> 0 | AE89: =ROUND((EU89),2) -> 0 | AF89: =ROUND((EV89),2) -> 0 | AG89: =ROUND((AP89),2) -> 0 | AH89: =(EW89) -> 0 | AI89: =(EX89) -> 0 | AJ89: =ROUND((AS89),2) -> 0 | AK89: 15.09 | AL89: 15.09 | AM89: 0 | AN89: 0 | AO89: 0 | AP89: 0 | AQ89: 0 | AR89: 0 | AS89: 0 | AT89: 95 | AU89: 47 | AV89: 1 | AW89: 1 | AZ89: 6.53 | BA89: 1 | BB89: 1 | BC89: 6.53 | BH89: 3 | BI89: 1 | BJ89: ФССЦ-2001, 14.3.01.01-0001, приказ Минстроя России №1039/пр от 30.12.2016г. | BM89: 15001 | BN89: 0 | BP89: 0 | BQ89: 2 | BR89: 0 | BS89: 1 | BT89: 1 | BU89: 1 | BV89: 1 | BW89: 1 | BX89: 1 | BZ89: 105 | CA89: 55 | CF89: 0 | CG89: 0 | CM89: 0 | CO89: 0 | CP89: =(P89+Q89+S89) -> 957.79 | CQ89: =AC89*BC89 -> 98.5377 | CR89: =AD89*BB89 -> 0 | CS89: =AE89*BS89 -> 0 | CT89: =AF89*BA89 -> 0 | CU89: =AG89 -> 0 | CV89: =AH89 -> 0 | CW89: =AI89 -> 0 | CX89: =AJ89 -> 0 | CY89: =(((S89+R89)*AT89)/100) -> 0 | CZ89: =(((S89+R89)*AU89)/100) -> 0 | DN89: 0 | DO89: 0 | DP89: 1 | DQ89: 1 | DU89: 1009 | DV89: кг | DW89: кг | DX89: 1 | EE89: 27029049 | EF89: 2 | EG89: Общестроительные работы | EH89: 0 | EJ89: 1 | EK89: 15001 | EL89: Отделочные работы | EM89: ФЕР-15 | EQ89: 0 | ER89: 15.09 | ES89: 15.09 | ET89: 0 | EU89: 0 | EV89: 0 | EW89: 0 | EX89: 0 | FQ89: 0 | FR89: =ROUND(IF(AND(BH89=3,BI89=3),P89,0),2) -> 0 | FS89: 0 | FT89: *0,9 | FU89: *0,85 | FX89: 94.5 | FY89: 46.75 | GD89: 0 | GF89: 1453462043 | GG89: 1 | GH89: 1 | GI89: 4 | GJ89: 0 | GK89: =ROUND(R89*(S12)/100,2) -> 0 | GL89: =ROUND(IF(AND(BH89=3,BI89=3,FS89<>0),P89,0),2) -> 0 | GM89: =ROUND(O89+X89+Y89+GK89,2)+GX89 -> 957.79 | GN89: =IF(OR(BI89=0,BI89=1),ROUND(O89+X89+Y89+GK89,2),0) -> 957.79 | GO89: =IF(BI89=2,ROUND(O89+X89+Y89+GK89,2),0) -> 0 | GP89: =IF(BI89=4,ROUND(O89+X89+Y89+GK89,2)+GX89,0) -> 0 | GR89: 0 | GS89: 3 | GT89: 0 | GV89: =ROUND(GT89,2) -> 0 | GW89: 1 | GX89: =ROUND(GV89*GW89*I89,2) -> 0 | HA89: 0 | HB89: 0 | IK89: 0
A90: 17 | B90: 1 | C90: =ROW(SmtRes!A181) -> 181 | D90: =ROW(EtalonRes!A183) -> 183 | E90: 19 | F90: 15-04-007-01 | G90: Окраска водно-дисперсионными акриловыми составами улучшенная по штукатурке стен | H90: 100 м2 | I90: =ROUND((2.64+13.2+13.2+1.1+4.1+3.82+1.26+2.38+2.36+4.54+59.1+39+18+21+39.06+180+175+14+43.4)/100,9) -> 6.3716 | J90: 0 | O90: =ROUND(CP90,2) -> 6966.64 | P90: =ROUND(CQ90*I90,2) -> 4094.14 | Q90: =ROUND(CR90*I90,2) -> 82.89 | R90: =ROUND(CS90*I90,2) -> 15.67 | S90: =ROUND(CT90*I90,2) -> 2789.61 | T90: =ROUND(CU90*I90,2) -> 0 | U90: =CV90*I90 -> 319.17893 | V90: =CW90*I90 -> 1.353965 | W90: =ROUND(CX90*I90,2) -> 0 | X90: =ROUND(CY90,2) -> 2665.02 | Y90: =ROUND(CZ90,2) -> 1318.48 | AA90: 27737227 | AB90: =ROUND((AC90+AD90+AF90),2) -> 1093.39 | AC90: =ROUND((ES90),2) -> 642.56 | AD90: =ROUND(((((ET90*1.25))-((EU90*1.25)))+AE90),2) -> 13.01 | AE90: =ROUND(((EU90*1.25)),2) -> 2.46 | AF90: =ROUND(((EV90*1.15)),2) -> 437.82 | AG90: =ROUND((AP90),2) -> 0 | AH90: =((EW90*1.15)) -> 50.094 | AI90: =((EX90*1.25)) -> 0.2125 | AJ90: =ROUND((AS90),2) -> 0 | AK90: 1033.68 | AL90: 642.56 | AM90: 10.41 | AN90: 1.97 | AO90: 380.71 | AP90: 0 | AQ90: 43.56 | AR90: 0.17 | AS90: 0 | AT90: 95 | AU90: 47 | AV90: 1 | AW90: 1 | AZ90: 1 | BA90: 1 | BB90: 1 | BC90: 1 | BH90: 0 | BI90: 1 | BJ90: ФЕР-2001, 15-04-007-01, приказ Минстроя России №1039/пр от 30.12.2016г. | BM90: 15001 | BN90: 0 | BP90: 0 | BQ90: 2 | BR90: 0 | BS90: 1 | BT90: 1 | BU90: 1 | BV90: 1 | BW90: 1 | BX90: 1 | BZ90: 105 | CA90: 55 | CF90: 0 | CG90: 0 | CM90: 0 | CN90: Поправка: МДС 81-35.2004, п.4.7 Наименование: Работы, выполняемые при реконструкции зданий и сооружений работы, аналогичные технологическим процессам в новом строительстве (в том числе возведение новых конструктивных элементов) стоимость которых определена по соответствующим сборникам ФЕР, кроме сборника № 46 «Работы при реконструкции зданий и сооружений» | CO90: 0 | CP90: =(P90+Q90+S90) -> 6966.64 | CQ90: =AC90*BC90 -> 642.56 | CR90: =AD90*BB90 -> 13.01 | CS90: =AE90*BS90 -> 2.46 | CT90: =AF90*BA90 -> 437.82 | CU90: =AG90 -> 0 | CV90: =AH90 -> 50.094 | CW90: =AI90 -> 0.2125 | CX90: =AJ90 -> 0 | CY90: =(((S90+R90)*AT90)/100) -> 2665.016 | CZ90: =(((S90+R90)*AU90)/100) -> 1318.4816 | DE90: )*1,25 | DF90: )*1,25 | DG90: )*1,15 | DI90: )*1,15 | DJ90: )*1,25 | DN90: 0 | DO90: 0 | DP90: 1 | DQ90: 1 | DU90: 1005 | DV90: 100 м2 | DW90: 100 м2 | DX90: 100 | EE90: 27029049 | EF90: 2 | EG90: Общестроительные работы | EH90: 0 | EJ90: 1 | EK90: 15001 | EL90: Отделочные работы | EM90: ФЕР-15 | EO90: Поправка: МДС 81-35.2004, п.4.7 | EQ90: 0 | ER90: 1033.68 | ES90: 642.56 | ET90: 10.41 | EU90: 1.97 | EV90: 380.71 | EW90: 43.56 | EX90: 0.17 | EY90: 0 | FQ90: 0 | FR90: =ROUND(IF(AND(BH90=3,BI90=3),P90,0),2) -> 0 | FS90: 0 | FT90: *0,9 | FU90: *0,85 | FX90: 94.5 | FY90: 46.75 | GD90: 0 | GF90: 325170472 | GG90: 2 | GH90: 1 | GI90: -2 | GJ90: 0 | GK90: =ROUND(R90*(R12)/100,2) -> 0 | GL90: =ROUND(IF(AND(BH90=3,BI90=3,FS90<>0),P90,0),2) -> 0 | GM90: =ROUND(O90+X90+Y90+GK90,2)+GX90 -> 10950.14 | GN90: =IF(OR(BI90=0,BI90=1),ROUND(O90+X90+Y90+GK90,2),0) -> 10950.14 | GO90: =IF(BI90=2,ROUND(O90+X90+Y90+GK90,2),0) -> 0 | GP90: =IF(BI90=4,ROUND(O90+X90+Y90+GK90,2)+GX90,0) -> 0 | GR90: 0 | GS90: 3 | GT90: 0 | GV90: =ROUND(GT90,2) -> 0 | GW90: 1 | GX90: =ROUND(GV90*GW90*I90,2) -> 0 | HA90: 0 | HB90: 0 | IK90: 0
A91: 17 | B91: 1 | C91: =ROW(SmtRes!A190) -> 190 | D91: =ROW(EtalonRes!A192) -> 192 | E91: 19 | F91: 15-04-007-01 | G91: Окраска водно-дисперсионными акриловыми составами улучшенная по штукатурке стен | H91: 100 м2 | I91: =ROUND((2.64+13.2+13.2+1.1+4.1+3.82+1.26+2.38+2.36+4.54+59.1+39+18+21+39.06+180+175+14+43.4)/100,9) -> 6.3716 | J91: 0 | O91: =ROUND(CP91,2) -> 45492.18 | P91: =ROUND(CQ91*I91,2) -> 26734.7 | Q91: =ROUND(CR91*I91,2) -> 541.3 | R91: =ROUND(CS91*I91,2) -> 102.35 | S91: =ROUND(CT91*I91,2) -> 18216.18 | T91: =ROUND(CU91*I91,2) -> 0 | U91: =CV91*I91 -> 319.17893 | V91: =CW91*I91 -> 1.353965 | W91: =ROUND(CX91*I91,2) -> 0 | X91: =ROUND(CY91,2) -> 17402.6 | Y91: =ROUND(CZ91,2) -> 8609.71 | AA91: 27737228 | AB91: =ROUND((AC91+AD91+AF91),2) -> 1093.39 | AC91: =ROUND((ES91),2) -> 642.56 | AD91: =ROUND(((((ET91*1.25))-((EU91*1.25)))+AE91),2) -> 13.01 | AE91: =ROUND(((EU91*1.25)),2) -> 2.46 | AF91: =ROUND(((EV91*1.15)),2) -> 437.82 | AG91: =ROUND((AP91),2) -> 0 | AH91: =((EW91*1.15)) -> 50.094 | AI91: =((EX91*1.25)) -> 0.2125 | AJ91: =ROUND((AS91),2) -> 0 | AK91: 1033.68 | AL91: 642.56 | AM91: 10.41 | AN91: 1.97 | AO91: 380.71 | AP91: 0 | AQ91: 43.56 | AR91: 0.17 | AS91: 0 | AT91: 95 | AU91: 47 | AV91: 1 | AW91: 1 | AZ91: 6.53 | BA91: 6.53 | BB91: 6.53 | BC91: 6.53 | BH91: 0 | BI91: 1 | BJ91: ФЕР-2001, 15-04-007-01, приказ Минстроя России №1039/пр от 30.12.2016г. | BM91: 15001 | BN91: 0 | BP91: 0 | BQ91: 2 | BR91: 0 | BS91: 6.53 | BT91: 1 | BU91: 1 | BV91: 1 | BW91: 1 | BX91: 1 | BZ91: 105 | CA91: 55 | CF91: 0 | CG91: 0 | CM91: 0 | CN91: Поправка: МДС 81-35.2004, п.4.7 Наименование: Работы, выполняемые при реконструкции зданий и сооружений работы, аналогичные технологическим процессам в новом строительстве (в том числе возведение новых конструктивных элементов) стоимость которых определена по соответствующим сборникам ФЕР, кроме сборника № 46 «Работы при реконструкции зданий и сооружений» | CO91: 0 | CP91: =(P91+Q91+S91) -> 45492.18 | CQ91: =AC91*BC91 -> 4195.9168 | CR91: =AD91*BB91 -> 84.9553 | CS91: =AE91*BS91 -> 16.0638 | CT91: =AF91*BA91 -> 2858.9646 | CU91: =AG91 -> 0 | CV91: =AH91 -> 50.094 | CW91: =AI91 -> 0.2125 | CX91: =AJ91 -> 0 | CY91: =(((S91+R91)*AT91)/100) -> 17402.603 | CZ91: =(((S91+R91)*AU91)/100) -> 8609.7091 | DE91: )*1,25 | DF91: )*1,25 | DG91: )*1,15 | DI91: )*1,15 | DJ91: )*1,25 | DN91: 0 | DO91: 0 | DP91: 1 | DQ91: 1 | DU91: 1005 | DV91: 100 м2 | DW91: 100 м2 | DX91: 100 | EE91: 27029049 | EF91: 2 | EG91: Общестроительные работы | EH91: 0 | EJ91: 1 | EK91: 15001 | EL91: Отделочные работы | EM91: ФЕР-15 | EO91: Поправка: МДС 81-35.2004, п.4.7 | EQ91: 0 | ER91: 1033.68 | ES91: 642.56 | ET91: 10.41 | EU91: 1.97 | EV91: 380.71 | EW91: 43.56 | EX91: 0.17 | EY91: 0 | FQ91: 0 | FR91: =ROUND(IF(AND(BH91=3,BI91=3),P91,0),2) -> 0 | FS91: 0 | FT91: *0,9 | FU91: *0,85 | FX91: 94.5 | FY91: 46.75 | GD91: 0 | GF91: 325170472 | GG91: 1 | GH91: 1 | GI91: 4 | GJ91: 0 | GK91: =ROUND(R91*(S12)/100,2) -> 0 | GL91: =ROUND(IF(AND(BH91=3,BI91=3,FS91<>0),P91,0),2) -> 0 | GM91: =ROUND(O91+X91+Y91+GK91,2)+GX91 -> 71504.49 | GN91: =IF(OR(BI91=0,BI91=1),ROUND(O91+X91+Y91+GK91,2),0) -> 71504.49 | GO91: =IF(BI91=2,ROUND(O91+X91+Y91+GK91,2),0) -> 0 | GP91: =IF(BI91=4,ROUND(O91+X91+Y91+GK91,2)+GX91,0) -> 0 | GR91: 0 | GS91: 3 | GT91: 0 | GV91: =ROUND(GT91,2) -> 0 | GW91: 1 | GX91: =ROUND(GV91*GW91*I91,2) -> 0 | HA91: 0 | HB91: 0 | IK91: 0
A92: 18 | B92: 1 | C92: 179 | E92: 19,1 | F92: 14.3.02.01-0015 | G92: Краска акриловая Alpina ULTRAWEISS, CAPAROL водно-дисперсионная | H92: т | I92: =I90*J92 -> 0.191148 | J92: 0.03 | O92: =ROUND(CP92,2) -> 2539.92 | P92: =ROUND(CQ92*I92,2) -> 2539.92 | Q92: =ROUND(CR92*I92,2) -> 0 | R92: =ROUND(CS92*I92,2) -> 0 | S92: =ROUND(CT92*I92,2) -> 0 | T92: =ROUND(CU92*I92,2) -> 0 | U92: =CV92*I92 -> 0 | V92: =CW92*I92 -> 0 | W92: =ROUND(CX92*I92,2) -> 0 | X92: =ROUND(CY92,2) -> 0 | Y92: =ROUND(CZ92,2) -> 0 | AA92: 27737227 | AB92: =ROUND((AC92+AD92+AF92),2) -> 13287.69 | AC92: =ROUND((ES92),2) -> 13287.69 | AD92: =ROUND((((ET92)-(EU92))+AE92),2) -> 0 | AE92: =ROUND((EU92),2) -> 0 | AF92: =ROUND((EV92),2) -> 0 | AG92: =ROUND((AP92),2) -> 0 | AH92: =(EW92) -> 0 | AI92: =(EX92) -> 0 | AJ92: =ROUND((AS92),2) -> 0 | AK92: 13287.69 | AL92: 13287.69 | AM92: 0 | AN92: 0 | AO92: 0 | AP92: 0 | AQ92: 0 | AR92: 0 | AS92: 0 | AT92: 95 | AU92: 47 | AV92: 1 | AW92: 1 | AZ92: 1 | BA92: 1 | BB92: 1 | BC92: 1 | BH92: 3 | BI92: 1 | BJ92: ФССЦ-2001, 14.3.02.01-0015, приказ Минстроя России №1039/пр от 30.12.2016г. | BM92: 15001 | BN92: 0 | BP92: 0 | BQ92: 2 | BR92: 0 | BS92: 1 | BT92: 1 | BU92: 1 | BV92: 1 | BW92: 1 | BX92: 1 | BZ92: 105 | CA92: 55 | CF92: 0 | CG92: 0 | CM92: 0 | CO92: 0 | CP92: =(P92+Q92+S92) -> 2539.92 | CQ92: =AC92*BC92 -> 13287.69 | CR92: =AD92*BB92 -> 0 | CS92: =AE92*BS92 -> 0 | CT92: =AF92*BA92 -> 0 | CU92: =AG92 -> 0 | CV92: =AH92 -> 0 | CW92: =AI92 -> 0 | CX92: =AJ92 -> 0 | CY92: =(((S92+R92)*AT92)/100) -> 0 | CZ92: =(((S92+R92)*AU92)/100) -> 0 | DN92: 0 | DO92: 0 | DP92: 1 | DQ92: 1 | DU92: 1009 | DV92: т | DW92: т | DX92: 1000 | EE92: 27029049 | EF92: 2 | EG92: Общестроительные работы | EH92: 0 | EJ92: 1 | EK92: 15001 | EL92: Отделочные работы | EM92: ФЕР-15 | EQ92: 0 | ER92: 13287.69 | ES92: 13287.69 | ET92: 0 | EU92: 0 | EV92: 0 | EW92: 0 | EX92: 0 | FQ92: 0 | FR92: =ROUND(IF(AND(BH92=3,BI92=3),P92,0),2) -> 0 | FS92: 0 | FT92: *0,9 | FU92: *0,85 | FX92: 94.5 | FY92: 46.75 | GD92: 0 | GF92: 1261407534 | GG92: 2 | GH92: 1 | GI92: -2 | GJ92: 0 | GK92: =ROUND(R92*(R12)/100,2) -> 0 | GL92: =ROUND(IF(AND(BH92=3,BI92=3,FS92<>0),P92,0),2) -> 0 | GM92: =ROUND(O92+X92+Y92+GK92,2)+GX92 -> 2539.92 | GN92: =IF(OR(BI92=0,BI92=1),ROUND(O92+X92+Y92+GK92,2),0) -> 2539.92 | GO92: =IF(BI92=2,ROUND(O92+X92+Y92+GK92,2),0) -> 0 | GP92: =IF(BI92=4,ROUND(O92+X92+Y92+GK92,2)+GX92,0) -> 0 | GR92: 0 | GS92: 3 | GT92: 0 | GV92: =ROUND(GT92,2) -> 0 | GW92: 1 | GX92: =ROUND(GV92*GW92*I92,2) -> 0 | HA92: 0 | HB92: 0 | IK92: 0
A93: 18 | B93: 1 | C93: 188 | E93: 19,1 | F93: 14.3.02.01-0015 | G93: Краска акриловая Alpina ULTRAWEISS, CAPAROL водно-дисперсионная | H93: т | I93: =I91*J93 -> 0.191148 | J93: 0.03 | O93: =ROUND(CP93,2) -> 16585.65 | P93: =ROUND(CQ93*I93,2) -> 16585.65 | Q93: =ROUND(CR93*I93,2) -> 0 | R93: =ROUND(CS93*I93,2) -> 0 | S93: =ROUND(CT93*I93,2) -> 0 | T93: =ROUND(CU93*I93,2) -> 0 | U93: =CV93*I93 -> 0 | V93: =CW93*I93 -> 0 | W93: =ROUND(CX93*I93,2) -> 0 | X93: =ROUND(CY93,2) -> 0 | Y93: =ROUND(CZ93,2) -> 0 | AA93: 27737228 | AB93: =ROUND((AC93+AD93+AF93),2) -> 13287.69 | AC93: =ROUND((ES93),2) -> 13287.69 | AD93: =ROUND((((ET93)-(EU93))+AE93),2) -> 0 | AE93: =ROUND((EU93),2) -> 0 | AF93: =ROUND((EV93),2) -> 0 | AG93: =ROUND((AP93),2) -> 0 | AH93: =(EW93) -> 0 | AI93: =(EX93) -> 0 | AJ93: =ROUND((AS93),2) -> 0 | AK93: 13287.69 | AL93: 13287.69 | AM93: 0 | AN93: 0 | AO93: 0 | AP93: 0 | AQ93: 0 | AR93: 0 | AS93: 0 | AT93: 95 | AU93: 47 | AV93: 1 | AW93: 1 | AZ93: 6.53 | BA93: 1 | BB93: 1 | BC93: 6.53 | BH93: 3 | BI93: 1 | BJ93: ФССЦ-2001, 14.3.02.01-0015, приказ Минстроя России №1039/пр от 30.12.2016г. | BM93: 15001 | BN93: 0 | BP93: 0 | BQ93: 2 | BR93: 0 | BS93: 1 | BT93: 1 | BU93: 1 | BV93: 1 | BW93: 1 | BX93: 1 | BZ93: 105 | CA93: 55 | CF93: 0 | CG93: 0 | CM93: 0 | CO93: 0 | CP93: =(P93+Q93+S93) -> 16585.65 | CQ93: =AC93*BC93 -> 86768.616 | CR93: =AD93*BB93 -> 0 | CS93: =AE93*BS93 -> 0 | CT93: =AF93*BA93 -> 0 | CU93: =AG93 -> 0 | CV93: =AH93 -> 0 | CW93: =AI93 -> 0 | CX93: =AJ93 -> 0 | CY93: =(((S93+R93)*AT93)/100) -> 0 | CZ93: =(((S93+R93)*AU93)/100) -> 0 | DN93: 0 | DO93: 0 | DP93: 1 | DQ93: 1 | DU93: 1009 | DV93: т | DW93: т | DX93: 1000 | EE93: 27029049 | EF93: 2 | EG93: Общестроительные работы | EH93: 0 | EJ93: 1 | EK93: 15001 | EL93: Отделочные работы | EM93: ФЕР-15 | EQ93: 0 | ER93: 13287.69 | ES93: 13287.69 | ET93: 0 | EU93: 0 | EV93: 0 | EW93: 0 | EX93: 0 | FQ93: 0 | FR93: =ROUND(IF(AND(BH93=3,BI93=3),P93,0),2) -> 0 | FS93: 0 | FT93: *0,9 | FU93: *0,85 | FX93: 94.5 | FY93: 46.75 | GD93: 0 | GF93: 1261407534 | GG93: 1 | GH93: 1 | GI93: 4 | GJ93: 0 | GK93: =ROUND(R93*(S12)/100,2) -> 0 | GL93: =ROUND(IF(AND(BH93=3,BI93=3,FS93<>0),P93,0),2) -> 0 | GM93: =ROUND(O93+X93+Y93+GK93,2)+GX93 -> 16585.65 | GN93: =IF(OR(BI93=0,BI93=1),ROUND(O93+X93+Y93+GK93,2),0) -> 16585.65 | GO93: =IF(BI93=2,ROUND(O93+X93+Y93+GK93,2),0) -> 0 | GP93: =IF(BI93=4,ROUND(O93+X93+Y93+GK93,2)+GX93,0) -> 0 | GR93: 0 | GS93: 3 | GT93: 0 | GV93: =ROUND(GT93,2) -> 0 | GW93: 1 | GX93: =ROUND(GV93*GW93*I93,2) -> 0 | HA93: 0 | HB93: 0 | IK93: 0
A94: 18 | B94: 1 | C94: 180 | E94: 19,2 | F94: 14.4.01.02-0023 | G94: Грунтовка акриловая CAPASOL, CAPAROL | H94: л | I94: =I90*J94 -> 91.11388 | J94: 14.3 | O94: =ROUND(CP94,2) -> 2794.46 | P94: =ROUND(CQ94*I94,2) -> 2794.46 | Q94: =ROUND(CR94*I94,2) -> 0 | R94: =ROUND(CS94*I94,2) -> 0 | S94: =ROUND(CT94*I94,2) -> 0 | T94: =ROUND(CU94*I94,2) -> 0 | U94: =CV94*I94 -> 0 | V94: =CW94*I94 -> 0 | W94: =ROUND(CX94*I94,2) -> 0 | X94: =ROUND(CY94,2) -> 0 | Y94: =ROUND(CZ94,2) -> 0 | AA94: 27737227 | AB94: =ROUND((AC94+AD94+AF94),2) -> 30.67 | AC94: =ROUND((ES94),2) -> 30.67 | AD94: =ROUND((((ET94)-(EU94))+AE94),2) -> 0 | AE94: =ROUND((EU94),2) -> 0 | AF94: =ROUND((EV94),2) -> 0 | AG94: =ROUND((AP94),2) -> 0 | AH94: =(EW94) -> 0 | AI94: =(EX94) -> 0 | AJ94: =ROUND((AS94),2) -> 0 | AK94: 30.67 | AL94: 30.67 | AM94: 0 | AN94: 0 | AO94: 0 | AP94: 0 | AQ94: 0 | AR94: 0 | AS94: 0 | AT94: 95 | AU94: 47 | AV94: 1 | AW94: 1 | AZ94: 1 | BA94: 1 | BB94: 1 | BC94: 1 | BH94: 3 | BI94: 1 | BJ94: ФССЦ-2001, 14.4.01.02-0023, приказ Минстроя России №1039/пр от 30.12.2016г. | BM94: 15001 | BN94: 0 | BP94: 0 | BQ94: 2 | BR94: 0 | BS94: 1 | BT94: 1 | BU94: 1 | BV94: 1 | BW94: 1 | BX94: 1 | BZ94: 105 | CA94: 55 | CF94: 0 | CG94: 0 | CM94: 0 | CO94: 0 | CP94: =(P94+Q94+S94) -> 2794.46 | CQ94: =AC94*BC94 -> 30.67 | CR94: =AD94*BB94 -> 0 | CS94: =AE94*BS94 -> 0 | CT94: =AF94*BA94 -> 0 | CU94: =AG94 -> 0 | CV94: =AH94 -> 0 | CW94: =AI94 -> 0 | CX94: =AJ94 -> 0 | CY94: =(((S94+R94)*AT94)/100) -> 0 | CZ94: =(((S94+R94)*AU94)/100) -> 0 | DN94: 0 | DO94: 0 | DP94: 1 | DQ94: 1 | DU94: 1002 | DV94: л | DW94: л | DX94: 1 | EE94: 27029049 | EF94: 2 | EG94: Общестроительные работы | EH94: 0 | EJ94: 1 | EK94: 15001 | EL94: Отделочные работы | EM94: ФЕР-15 | EQ94: 0 | ER94: 30.67 | ES94: 30.67 | ET94: 0 | EU94: 0 | EV94: 0 | EW94: 0 | EX94: 0 | FQ94: 0 | FR94: =ROUND(IF(AND(BH94=3,BI94=3),P94,0),2) -> 0 | FS94: 0 | FT94: *0,9 | FU94: *0,85 | FX94: 94.5 | FY94: 46.75 | GD94: 0 | GF94: -511336025 | GG94: 2 | GH94: 1 | GI94: -2 | GJ94: 0 | GK94: =ROUND(R94*(R12)/100,2) -> 0 | GL94: =ROUND(IF(AND(BH94=3,BI94=3,FS94<>0),P94,0),2) -> 0 | GM94: =ROUND(O94+X94+Y94+GK94,2)+GX94 -> 2794.46 | GN94: =IF(OR(BI94=0,BI94=1),ROUND(O94+X94+Y94+GK94,2),0) -> 2794.46 | GO94: =IF(BI94=2,ROUND(O94+X94+Y94+GK94,2),0) -> 0 | GP94: =IF(BI94=4,ROUND(O94+X94+Y94+GK94,2)+GX94,0) -> 0 | GR94: 0 | GS94: 3 | GT94: 0 | GV94: =ROUND(GT94,2) -> 0 | GW94: 1 | GX94: =ROUND(GV94*GW94*I94,2) -> 0 | HA94: 0 | HB94: 0 | IK94: 0
